Workbook
Name Affordable_area: #REF!
Name AHIB: #REF!
Name AHIB_Credits: #REF!
Name Attached_range: #REF!
Name Capital_grant: #REF!
Name Capital_revenue: #REF!
Name Car_bays: #REF!
Name Cash_Interest_Rate: #REF!
Name Commercial_area: #REF!
Name Commercial_outcome: #REF!
Name Commercial_rental_revenue: #REF!
Name Commercial_sale_revenue: #REF!
Name Construction_cost: #REF!
Name Construction_Cost_Loading: #REF!
Name cost_index: #REF!
Name cost_index_rate: #REF!
Name cra: #REF!
Name DA_rate: #REF!
Name deposit: #REF!
Name Detached_range: #REF!
Name devel_interest_lever: #REF!
Name devel_interest_rate: #REF!
Name Devel_Time: #REF!
Name Development_type_SI: #REF!
Name DevelopmentType: #REF!
Name Dwellings_affordable_rental: #REF!
Name Dwellings_est: #REF!
Name Dwellings_market_rentals: #REF!
Name Dwellings_total: #REF!
Name four_bed: #REF!
Name Infrastructure_contribution: #REF!
Name Infrastructure_contribution_rate: #REF!
Name Land_cost: #REF!
Name Land_equity: #REF!
Name Land_equity_percent: #REF!
Name Land_tax: #REF!
Name Land_Tax_Rate: #REF!
Name Loan_Term: #REF!
Name Low_Rise_range: #REF!
Name Market_area: #REF!
Name Market_Land_Value: #REF!
Name Market_rental: #REF!
Name Market_rental_revenue: #REF!
Name Market_rental_share: #REF!
Name Market_sale_revenue: #REF!
Name Market_sale_share: #REF!
Name Market_sales: #REF!
Name Market_Values: #REF!
Name max_repayment: #REF!
Name new_devel_interest: #REF!
Name new_op_interest: #REF!
Name NHFIC_full_debt: #REF!
Name NHFIC_with_AHIB: #REF!
Name NRAS_CHP: #REF!
Name NRAS_length: #REF!
Name NRAS_Sale: #REF!
Name NRAS_type: #REF!
Name NRAS_value: #REF!
Name one_bed: #REF!
Name op_interest_lever: #REF!

Sheet Frontpage
B3: Version 1.1 (February 2025)
B8: SIGMAH (Social Infrastructure and Green Measures for Affordable Housing) aims to provide social and affordable housing developers
B9: with estimates of the wider social, economic and environmental benefits that social and affordable
B10: housing can provide. The calculator consists of three components:
B12: 1. A social and affordable (tenure) specific module that estimates of public sector cost offsets, tenant financial benefits and tenant wellbeing benefits. The current version contains the beta-version of this component.
B13: 2. An environmental and local amenities component that estimates access to transport and local amenities, CO2 sequestration, monetary equivalents of greenhouse gas reduction, health and tenant financial benefits from the provision of green infrastructure components.
B14: The current version contains the beta-version of this component.
B15: 3. A carbon footprint module that aims to provide estimates of embodied CO2 footprint from new construction and GHG and tenant financial benefits from better building standards. The current version contains the beta-version of this component.
B18: INSTRUCTIONS
B19: This calculator will allow you to estimate the wider social, economic and environmental benefits associated with new S&A-Housing development. In all instances, except homelessness, the counterfactual outcomes considered is private rental tenancy.
B21: Cells that are coloured in | E21: GREEN | F21: are currently adjustable. Enter relevant information about housing, tenants, amenities, green space and building materials in these.
B22: Cells that are coloured in | E22: PEACH | F22: will appear, dissapear or contain notifications and information depending on other settings in the calculator.
B25: All cells exepct those coloured in | F25: GREEN | G25: are intended to be locked to avoid inadvertedly changing calculations/methods.
P26: SIGMAH was funded by:

Sheet Green+Social Interface
C2: HOUSING DEVELOPMENT DETAILS
C4: SPECIALISED TENANT SERVICES (CHOICE-BASED CHARACTERISTICS)
E5: Affordable | F5: Social | H5: Wrap-around homelessness service | J5: Select | N5: Turnover rate | O5: Per cent
C6: Homeless: long-term (12+ months), rough sleep | H6: Wrap-around provided homeless (long-term) | J6: No | N6: Turnover rate | O6: 0.07
C7: Homeless: other | H7: Wrap-around provided homeless (other) | J7: No
C8: Homeless: long-term (12+ months), rough sleep (dis.)
C9: Homeless: other (disability)
C10: Homeless: presenting with Domestic Violence | H10: Properties for people with disability | J10: Number | N10: Vacancy rate | O10: Per cent | S10: Development size | U10: In sqm
C11: Allocations to individuals exiting prison | H11: In good condition for people with disability | N11: Vacancy rate | O11: 0.025 | S11: Total sqm of development site
C12: =IF(AND(SUM(E6:E11)>SUM(D18:D22,I18:I22),SUM(F6:F11)>SUM(O18:O22,T18:T22)),"Note: number of specialised tenant allocations exceeds available number of dwellings in both affordable and social housing",IF(AND(SUM(E6:E11)>SUM(D18:D22,I18:I22),SUM(F6:F11)<=SUM(O18:O22,T18:T22)),"Note: number of specialised tenant allocations exceeds available number of dwellings in affordable housing",IF(AND(SUM(E6:E11)<=SUM(D18:D22,I18:I22),SUM(F6:F11)>SUM(O18:O22,T18:T22)),"Note: number of specialised tenant allocations exceeds available number of dwellings in social housing","")))
C15: DEVELOPMENT DESIGN (PROBABILISTIC-BASED CHARACTERISTICS)
C16: Affordable housing | H16: Affordable housing | N16: Social housing | S16: Social housing
C17: Houses/semi-detached/townhouses | D17: Number of dwellings | E17: Average size (sqm) | F17: One parent allocations | H17: Apartment style | I17: Number of dwellings | J17: Average size (sqm) | K17: Balcony, patio or garden | L17: One parent allocations | N17: Houses/semi-detached/townhouses | O17: Number of dwellings | P17: Average size (sqm) | Q17: One parent allocations | S17: Apartment style | T17: Number of dwellings | U17: Average size (sqm) | V17: Balcony, patio or garden | W17: One parent allocations
C18: 1-bed | E18: 50 | H18: Studio | J18: 14 | N18: 1-bed | P18: 50 | S18: Studio | U18: 35
C19: 2-bed | E19: 75 | H19: 1-bed | J19: 50 | N19: 2-bed | P19: 75 | S19: 1-bed | U19: 50
C20: 3-bed | E20: 85 | H20: 2-bed | J20: 75 | N20: 3-bed | P20: 85 | S20: 2-bed | U20: 75
C21: 4-bed | E21: 95 | H21: 3-bed | J21: 85 | N21: 4-bed | P21: 95 | S21: 3-bed | U21: 85
C22: 5-bed | E22: 105 | H22: 4-bed | J22: 95 | N22: 5-bed | P22: 105 | S22: 4-bed | U22: 95
C24: Energy ratings affordable house/semi-detached/townhouses | H24: Energy ratings affordable apartment style | N24: Energy ratings social house/semi-detached/townhouses | S24: Energy ratings social apartment style
C25: NatHERS | D25: 6 | H25: NatHERS | I25: 6 | N25: NatHERS | O25: 6 | S25: NatHERS | T25: 6
C26: Energy Star Rating (Cooling) | D26: 3 | H26: Energy Star Rating (Cooling) | I26: 3 | N26: Energy Star Rating (Cooling) | O26: 3 | S26: Energy Star Rating (Cooling) | T26: 3
C27: Energy Star Rating (Heating) | D27: 3 | H27: Energy Star Rating (Heating) | I27: 3 | N27: Energy Star Rating (Heating) | O27: 3 | S27: Energy Star Rating (Heating) | T27: 3
C30: MARKET DETAILS
C33: User providing rental data? | H33: Time value of money
C34: Using own rental information | D34: No | H34: Discount rate | I34: 0.07
C35: =IF(D34="Yes","Is rental data based on market valuations?","") | D35: No | H35: Consumer price inflation | I35: 0
C37: Representative market | H37: First year of operation
C38: State | D38: NSW | H38: Base year of calculation | I38: 2023
C39: Significant Urban Area | D39: Sydney
H40: Affordability rent discount
C41: =IF(IFERROR(VLOOKUP(D39,INDIRECT(D38&"[Table]"),1,FALSE),"FALSE")="FALSE","NOTE: Selected SUA not found in selected state/territory","") | H41: % of market rent | I41: 0.7499
C43: RENTAL INFORMATION
C44: Representative market rents
C45: Detached/semi-detached/townhouses | D45: =IF($D$34="Yes","User","Not Used") -> Not Used | E45: Calculator | H45: Apartment style flats | I45: =IF($D$34="Yes","User","Not Used") -> Not Used | J45: Calculator
C46: 1-bed | E46: =ROUND(IF($D$34="Yes",D46,VLOOKUP($D$39,'Look-ups_2'!$B$4:$AB$113,7,FALSE)),0) -> 276 | H46: Studio | J46: =ROUND(IF($D$34="Yes",I46,VLOOKUP($D$39,'Look-ups_2'!$B$4:$AB$113,13,FALSE)),0) -> 280
C47: 2-bed | E47: =ROUND(IF($D$34="Yes",D47,VLOOKUP($D$39,'Look-ups_2'!$B$4:$AB$113,8,FALSE)),0) -> 398 | H47: 1-bed | J47: =ROUND(IF($D$34="Yes",I47,VLOOKUP($D$39,'Look-ups_2'!$B$4:$AB$113,14,FALSE)),0) -> 377
C48: 3-bed | E48: =ROUND(IF($D$34="Yes",D48,VLOOKUP($D$39,'Look-ups_2'!$B$4:$AB$113,9,FALSE)),0) -> 486 | H48: 2-bed | J48: =ROUND(IF($D$34="Yes",I48,VLOOKUP($D$39,'Look-ups_2'!$B$4:$AB$113,15,FALSE)),0) -> 404
C49: 4-bed | E49: =ROUND(IF($D$34="Yes",D49,VLOOKUP($D$39,'Look-ups_2'!$B$4:$AB$113,10,FALSE)),0) -> 619 | H49: 3-bed | J49: =ROUND(IF($D$34="Yes",I49,VLOOKUP($D$39,'Look-ups_2'!$B$4:$AB$113,16,FALSE)),0) -> 528
C50: 5-bed | E50: =ROUND(IF($D$34="Yes",D50,VLOOKUP($D$39,'Look-ups_2'!$B$4:$AB$113,11,FALSE)),0) -> 746 | H50: 4-bed | J50: =ROUND(IF($D$34="Yes",I50,VLOOKUP($D$39,'Look-ups_2'!$B$4:$AB$113,17,FALSE)),0) -> 593
C58: ENVIRONMENTAL & LOCAL AMENITY DETAILS
N59: ACCESS TO TRANSPORTATION OPTIONS
C60: PRE-DEVELOPMENT GREEN LANDSCAPING CHARACTERISTICS | F60: Sqm | N60: Houses/semi-detached/townhouses | U60: Number | Y60: MEMO ITEMS FOR CALCULATION
C61: Green space - open and canopied (total sqm) | N61: Number of houses with access to train, tram or light rail within 800 meters | Y61: EU ETS Carbon Price in EUR
C62: ---Canopy covered green space, sqm | Y62: 12-month average EU carbon price | Z62: 89
N63: Apartment style properties | U63: Number
N64: Number of apartment properties with access to active transport options within 400 meters | Y64: Australian-EU currency exchange rate
N65: Number of apartment properties with access to train, tram or light rail within 800 meters | Y65: 12-month average exchange rate | Z65: 1.489
C66: POST-DEVELOPMENT LANDSCAPE CHARACTERISTICS
C67: Type of landscaping | I67: Average size (sqm) | J67: Number | N67: ACCESS TO GREEN LANDSCAPING OPTIONS | Y67: Extreme temperature days
C68: Green space (small) - open and canopied (300m2 to 1,499m2) | N68: Houses/semi-detached/townhouses | U68: Number | Y68: Number of days over 30 degrees | Z68: 30
C69: --- Canopy coverage of small green spaces, sqm | J69: =IF($I$69>($I$68*$J$68), "Error","Ok") -> Ok | N69: Number of houses with access to large park within within 400 meters (5 min walk)
C70: Green space (medium) - open and canopied (1,500m2 to 4,999m2) | Y70: Electricity price
C71: --- Canopy coverage of medium green spaces, sqm | J71: =IF($I$71>($I$70*$J$70), "Error","Ok") -> Ok | N71: Apartment style properties | U71: Number | Y71: Price per kwh, $ | Z71: 0.32
C72: Green space (large) - open and canopied (5,000m2 to 50,000m2) | N72: Number of apartments with access to medium size park within within 200 meters (2-3 min walk)
C73: --- Canopy coverage of large green spaces, sqm | J73: =IF($I$73>($I$72*$J$72), "Error","Ok") -> Ok | N73: Number of apartments with access to large size park within within 400 meters (5 min walk)
C74: Canopy provided along walkways and open spaces (excluding small, medium & large green space), sqm
C75: Other open green space such as flower beds or grassed areas (not canopied), sqm | N75: All properties combined
C76: Extensive green roofs | N76: Approximate number of people within 1-400 meters of green space

Sheet Summary graphs

Sheet Summary benefits
J1: Average per dwell, per annum (40) | K1: Average per annum (40) | L1: Total over 40 years | M1: Yr 1 | N1: Yr 2 | O1: Yr 3 | P1: Yr 4 | Q1: Yr 5 | R1: Yr 6 | S1: Yr 7 | T1: Yr 8 | U1: Yr 9 | V1: Yr 10 | W1: Yr 11 | X1: Yr 12 | Y1: Yr 13 | Z1: Yr 14 | AA1: Yr 15 | AB1: Yr 16 | AC1: Yr 17 | AD1: Yr 18 | AE1: Yr 19 | AF1: Yr 20 | AG1: Yr 21 | AH1: Yr 22 | AI1: Yr 23 | AJ1: Yr 24 | AK1: Yr 25 | AL1: Yr 26 | AM1: Yr 27 | AN1: Yr 28 | AO1: Yr 29 | AP1: Yr 30 | AQ1: Yr 31 | AR1: Yr 32 | AS1: Yr 33 | AT1: Yr 34 | AU1: Yr 35 | AV1: Yr 36 | AW1: Yr 37 | AX1: Yr 38 | AY1: Yr 39 | AZ1: Yr 40
B2: MONETISED BENEFITS HOUSING DEVELOPMENT INPUTS
B3: Total public benefit ($) | D3: Public | J3: =IF(AND(K3>0,'Social Infrastructure'!$B$85>0),K3/'Social Infrastructure'!$B$85,0) -> 0 | K3: =AVERAGE(M3:AZ3) -> 0 | L3: =SUM(M3:AZ3) -> 0 | M3: ='Social Infrastructure'!N47 -> 0 | N3: ='Social Infrastructure'!O47 -> 0 | O3: ='Social Infrastructure'!P47 -> 0 | P3: ='Social Infrastructure'!Q47 -> 0 | Q3: ='Social Infrastructure'!R47 -> 0 | R3: ='Social Infrastructure'!S47 -> 0 | S3: ='Social Infrastructure'!T47 -> 0 | T3: ='Social Infrastructure'!U47 -> 0 | ... AZ3: ='Social Infrastructure'!BA47 -> 0
B4: Total private benefit ($) | D4: Private | J4: =IF(AND(K4>0, 'Social Infrastructure'!$B$85>0),K4/'Social Infrastructure'!$B$85,0) -> 0 | K4: =AVERAGE(M4:AZ4) -> 0 | L4: =SUM(M4:AZ4) -> 0 | M4: ='Social Infrastructure'!N48 -> 0 | N4: ='Social Infrastructure'!O48 -> 0 | O4: ='Social Infrastructure'!P48 -> 0 | P4: ='Social Infrastructure'!Q48 -> 0 | Q4: ='Social Infrastructure'!R48 -> 0 | R4: ='Social Infrastructure'!S48 -> 0 | S4: ='Social Infrastructure'!T48 -> 0 | T4: ='Social Infrastructure'!U48 -> 0 | ... AZ4: ='Social Infrastructure'!BA48 -> 0
B5: Total private benefit, WTP + wellbeing($) | D5: Private | J5: =IF(AND(K5>0, 'Social Infrastructure'!$B$85>0),K5/'Social Infrastructure'!$B$85,0) -> 0 | K5: =AVERAGE(M5:AZ5) -> 0 | L5: =SUM(M5:AZ5) -> 0 | M5: ='Social Infrastructure'!N64+'Green Infrastructure'!M15 -> 0 | N5: ='Social Infrastructure'!O64+'Green Infrastructure'!N15 -> 0 | O5: ='Social Infrastructure'!P64+'Green Infrastructure'!O15 -> 0 | P5: ='Social Infrastructure'!Q64+'Green Infrastructure'!P15 -> 0 | Q5: ='Social Infrastructure'!R64+'Green Infrastructure'!Q15 -> 0 | R5: ='Social Infrastructure'!S64+'Green Infrastructure'!R15 -> 0 | S5: ='Social Infrastructure'!T64+'Green Infrastructure'!S15 -> 0 | T5: ='Social Infrastructure'!U64+'Green Infrastructure'!T15 -> 0 | ... AZ5: ='Social Infrastructure'!BA64+'Green Infrastructure'!AZ15 -> 0
B6: Total housing development benefits ($) | D6: Combined | J6: =IF(AND(K6>0, 'Social Infrastructure'!$B$85>0),K6/'Social Infrastructure'!$B$85,0) -> 0 | K6: =AVERAGE(M6:AZ6) -> 0 | L6: =SUM(M6:AZ6) -> 0 | M6: =M3+M5 -> 0 | N6: =N3+N5 -> 0 | O6: =O3+O5 -> 0 | P6: =P3+P5 -> 0 | Q6: =Q3+Q5 -> 0 | R6: =R3+R5 -> 0 | S6: =S3+S5 -> 0 | T6: =T3+T5 -> 0 | ... AZ6: =AZ3+AZ5 -> 0
B7: NPV Total public benefit ($) | D7: Public | J7: =IF(AND(K7>0, 'Social Infrastructure'!$B$85>0),K7/'Social Infrastructure'!$B$85,0) -> 0 | K7: =L7/40 -> 0 | L7: =NPV('Social Infrastructure'!$C$79,M3:AZ3) -> 0
B8: NPV Total private benefit ($) | D8: Private | J8: =IF(AND(K8>0, 'Social Infrastructure'!$B$85>0),K8/'Social Infrastructure'!$B$85,0) -> 0 | K8: =L8/40 -> 0 | L8: =NPV('Social Infrastructure'!$C$79,M4:AZ4) -> 0
B9: NPV Total private benefit, WTP + wellbeing ($) | D9: Private | J9: =IF(AND(K9>0, 'Social Infrastructure'!$B$85>0),K9/'Social Infrastructure'!$B$85,0) -> 0 | K9: =L9/40 -> 0 | L9: =NPV('Social Infrastructure'!$C$79,M5:AZ5) -> 0
B10: NPV Total housing development benefits ($) | D10: Combined | J10: =IF(AND(K10>0, 'Social Infrastructure'!$B$85>0),K10/'Social Infrastructure'!$B$85,0) -> 0 | K10: =L10/40 -> 0 | L10: =NPV('Social Infrastructure'!$C$79,M6:AZ6) -> 0
B12: MONETISED BENEFITS ENVIRONMENTAL AND LOCAL AMENITIES INPUTS
B13: Green infrastructure GHG sequestration & health from canopy cover
B14: GHG sequestration (CO2) benefit (tons) | D14: Public | J14: =IFERROR(K14/'Social Infrastructure'!$B$85,0) -> 0 | K14: =AVERAGE(M14:AZ14) -> 0 | L14: =SUM(M14:AZ14) -> 0 | M14: ='Green Infrastructure'!M42 -> 0 | N14: ='Green Infrastructure'!N42 -> 0 | O14: ='Green Infrastructure'!O42 -> 0 | P14: ='Green Infrastructure'!P42 -> 0 | Q14: ='Green Infrastructure'!Q42 -> 0 | R14: ='Green Infrastructure'!R42 -> 0 | S14: ='Green Infrastructure'!S42 -> 0 | T14: ='Green Infrastructure'!T42 -> 0 | ... AZ14: ='Green Infrastructure'!AZ42 -> 0
B15: GHG sequestration social value ($) | D15: Public | J15: =IFERROR(K15/'Social Infrastructure'!$B$85,0) -> 0 | K15: =AVERAGE(M15:AZ15) -> 0 | L15: =SUM(M15:AZ15) -> 0 | M15: ='Green Infrastructure'!M44 -> 0 | N15: ='Green Infrastructure'!N44 -> 0 | O15: ='Green Infrastructure'!O44 -> 0 | P15: ='Green Infrastructure'!P44 -> 0 | Q15: ='Green Infrastructure'!Q44 -> 0 | R15: ='Green Infrastructure'!R44 -> 0 | S15: ='Green Infrastructure'!S44 -> 0 | T15: ='Green Infrastructure'!T44 -> 0 | ... AZ15: ='Green Infrastructure'!AZ44 -> 0
B16: Clean air benefit from green infrastructure ($) | D16: Public | J16: =IFERROR(K16/'Social Infrastructure'!$B$85,0) -> 0 | K16: =AVERAGE(M16:AZ16) -> 0 | L16: =SUM(M16:AZ16) -> 0 | M16: ='Green Infrastructure'!M49 -> 0 | N16: ='Green Infrastructure'!N49 -> 0 | O16: ='Green Infrastructure'!O49 -> 0 | P16: ='Green Infrastructure'!P49 -> 0 | Q16: ='Green Infrastructure'!Q49 -> 0 | R16: ='Green Infrastructure'!R49 -> 0 | S16: ='Green Infrastructure'!S49 -> 0 | T16: ='Green Infrastructure'!T49 -> 0 | ... AZ16: ='Green Infrastructure'!AZ49 -> 0
B18: Green infrastructure and urban cooling
B19: GHG reduction from green infrastructure cooling (CO2 tons) | D19: Public | J19: =IFERROR(K19/'Social Infrastructure'!$B$85,0) -> 0 | K19: =AVERAGE(M19:AZ19) -> 0 | L19: =SUM(M19:AZ19) -> 0 | M19: ='Green Infrastructure'!M43 -> 0 | N19: ='Green Infrastructure'!N43 -> 0 | O19: ='Green Infrastructure'!O43 -> 0 | P19: ='Green Infrastructure'!P43 -> 0 | Q19: ='Green Infrastructure'!Q43 -> 0 | R19: ='Green Infrastructure'!R43 -> 0 | S19: ='Green Infrastructure'!S43 -> 0 | T19: ='Green Infrastructure'!T43 -> 0 | ... AZ19: ='Green Infrastructure'!AZ43 -> 0
B20: GHG reduction from green infrastructure cooling ($) | D20: Public | J20: =IFERROR(K20/'Social Infrastructure'!$B$85,0) -> 0 | K20: =AVERAGE(M20:AZ20) -> 0 | L20: =SUM(M20:AZ20) -> 0 | M20: ='Green Infrastructure'!M45 -> 0 | N20: ='Green Infrastructure'!N45 -> 0 | O20: ='Green Infrastructure'!O45 -> 0 | P20: ='Green Infrastructure'!P45 -> 0 | Q20: ='Green Infrastructure'!Q45 -> 0 | R20: ='Green Infrastructure'!R45 -> 0 | S20: ='Green Infrastructure'!S45 -> 0 | T20: ='Green Infrastructure'!T45 -> 0 | ... AZ20: ='Green Infrastructure'!AZ45 -> 0
B21: Health benefit from green infrastructure cooling ($) | D21: Public | J21: =IFERROR(K21/'Social Infrastructure'!$B$85,0) -> 0 | K21: =AVERAGE(M21:AZ21) -> 0 | L21: =SUM(M21:AZ21) -> 0 | M21: ='Green Infrastructure'!M48 -> 0 | N21: ='Green Infrastructure'!N48 -> 0 | O21: ='Green Infrastructure'!O48 -> 0 | P21: ='Green Infrastructure'!P48 -> 0 | Q21: ='Green Infrastructure'!Q48 -> 0 | R21: ='Green Infrastructure'!R48 -> 0 | S21: ='Green Infrastructure'!S48 -> 0 | T21: ='Green Infrastructure'!T48 -> 0 | ... AZ21: ='Green Infrastructure'!AZ48 -> 0
B22: Combined CO2 abatement and health from canopy cover and urban cooling
B23: GHG reduction from green infrastructure cooling and sequestration (CO2 tons) | D23: Public | J23: =IFERROR(K23/'Social Infrastructure'!$B$85,0) -> 0 | K23: =AVERAGE(M23:AZ23) -> 0 | L23: =SUM(M23:AZ23) -> 0 | M23: =M14+M19 -> 0 | N23: =N14+N19 -> 0 | O23: =O14+O19 -> 0 | P23: =P14+P19 -> 0 | Q23: =Q14+Q19 -> 0 | R23: =R14+R19 -> 0 | S23: =S14+S19 -> 0 | T23: =T14+T19 -> 0 | ... AZ23: =AZ14+AZ19 -> 0
B24: GHG reduction from green infrastructure cooling and sequestration ($) | D24: Public | J24: =IFERROR(K24/'Social Infrastructure'!$B$85,0) -> 0 | K24: =AVERAGE(M24:AZ24) -> 0 | L24: =SUM(M24:AZ24) -> 0 | M24: =M15+M20 -> 0 | N24: =N15+N20 -> 0 | O24: =O15+O20 -> 0 | P24: =P15+P20 -> 0 | Q24: =Q15+Q20 -> 0 | R24: =R15+R20 -> 0 | S24: =S15+S20 -> 0 | T24: =T15+T20 -> 0 | ... AZ24: =AZ15+AZ20 -> 0
B25: Health and clean air benefits ($) | D25: Public | J25: =IFERROR(K25/'Social Infrastructure'!$B$85,0) -> 0 | K25: =AVERAGE(M25:AZ25) -> 0 | L25: =SUM(M25:AZ25) -> 0 | M25: =M21+M16 -> 0 | N25: =N21+N16 -> 0 | O25: =O21+O16 -> 0 | P25: =P21+P16 -> 0 | Q25: =Q21+Q16 -> 0 | R25: =R21+R16 -> 0 | S25: =S21+S16 -> 0 | T25: =T21+T16 -> 0 | ... AZ25: =AZ21+AZ16 -> 0
B26: Total environmental and local amenity inputs ($) | J26: =IFERROR(K26/'Social Infrastructure'!$B$85,0) -> 0 | K26: =AVERAGE(M26:AZ26) -> 0 | L26: =SUM(M26:AZ26) -> 0 | M26: =M24+M25 -> 0 | N26: =N24+N25 -> 0 | O26: =O24+O25 -> 0 | P26: =P24+P25 -> 0 | Q26: =Q24+Q25 -> 0 | R26: =R24+R25 -> 0 | S26: =S24+S25 -> 0 | T26: =T24+T25 -> 0 | ... AZ26: =AZ24+AZ25 -> 0
B28: NET PRESENT VALUE canopy cover & GHG sequestration
B29: NPV GHG sequestration ($) | D29: Public | J29: =IFERROR(K29/'Social Infrastructure'!$B$85,0) -> 0 | K29: =L29/40 -> 0 | L29: =NPV('Social Infrastructure'!$C$79,M15:AZ15) -> 0
B31: NET PRESENT VALUE GHG sequestration, cooling and health
B32: NPV GHG reduction from green infrastructure cooling and sequestration ($) | D32: Public | J32: =IFERROR(K32/'Social Infrastructure'!$B$85,0) -> 0 | K32: =L32/40 -> 0 | L32: =NPV('Social Infrastructure'!$C$79,M24:AZ24) -> 0
B33: NPV Urban cooling health benefit ($) | D33: Public | J33: =IFERROR(K33/'Social Infrastructure'!$B$85,0) -> 0 | K33: =L33/40 -> 0 | L33: =NPV('Social Infrastructure'!$C$79,M21:AZ21) -> 0
B34: NPV Clean air benefit ($) | D34: Public | J34: =IFERROR(K34/'Social Infrastructure'!$B$85,0) -> 0 | K34: =L34/40 -> 0 | L34: =NPV('Social Infrastructure'!$C$79,M16:AZ16) -> 0
B35: NPV Total environmental and energy benefit ($) | D35: Public | J35: =IFERROR(K35/'Social Infrastructure'!$B$85,0) -> 0 | K35: =L35/40 -> 0 | L35: =NPV('Social Infrastructure'!$C$79,M26:AZ26) -> 0
B37: Combined housing development, environmental and local amenity inputs ($) | D37: Combined | J37: =IFERROR(K37/'Social Infrastructure'!$B$85,0) -> 0 | K37: =AVERAGE(M37:AZ37) -> 0 | L37: =SUM(M37:AZ37) -> 0 | M37: =M6+M26 -> 0 | N37: =N6+N26 -> 0 | O37: =O6+O26 -> 0 | P37: =P6+P26 -> 0 | Q37: =Q6+Q26 -> 0 | R37: =R6+R26 -> 0 | S37: =S6+S26 -> 0 | T37: =T6+T26 -> 0 | ... AZ37: =AZ6+AZ26 -> 0
B38: NPV combined housing development, envionrmental and local amenity inputs ($) | D38: Combined | J38: =IFERROR(K38/'Social Infrastructure'!$B$85,0) -> 0 | K38: =L38/40 -> 0 | L38: =NPV('Social Infrastructure'!$C$79,M37:AZ37) -> 0
B40: COMBINED COST OF LIVING RELIEF, NOMINAL ($)
B41: Combined energy expenditure reduction ($) | D41: Private | J41: =IFERROR(K41/'Social Infrastructure'!$B$85,) -> 0 | K41: =AVERAGE(M41:AZ41) -> 0 | L41: =SUM(M41:AZ41) -> 0 | M41: =IF('Green Infrastructure'!M47>0,'Energy and carbon'!M63,'Energy and carbon'!M27) -> 0 | N41: =IF('Green Infrastructure'!N47>0,'Energy and carbon'!N63,'Energy and carbon'!N27) -> 0 | O41: =IF('Green Infrastructure'!O47>0,'Energy and carbon'!O63,'Energy and carbon'!O27) -> 0 | P41: =IF('Green Infrastructure'!P47>0,'Energy and carbon'!P63,'Energy and carbon'!P27) -> 0 | Q41: =IF('Green Infrastructure'!Q47>0,'Energy and carbon'!Q63,'Energy and carbon'!Q27) -> 0 | R41: =IF('Green Infrastructure'!R47>0,'Energy and carbon'!R63,'Energy and carbon'!R27) -> 0 | S41: =IF('Green Infrastructure'!S47>0,'Energy and carbon'!S63,'Energy and carbon'!S27) -> 0 | T41: =IF('Green Infrastructure'!T47>0,'Energy and carbon'!T63,'Energy and carbon'!T27) -> 0 | ... AZ41: =IF('Green Infrastructure'!AZ47>0,'Energy and carbon'!AZ63,'Energy and carbon'!AZ27) -> 0
B42: Nominal rental reduction ($) | D42: Private | J42: =IFERROR(K42/'Social Infrastructure'!$B$85,) -> 0 | K42: =AVERAGE(M42:AZ42) -> 0 | L42: =SUM(M42:AZ42) -> 0 | M42: ='Social Infrastructure'!$X$98 -> 0 | N42: =M42*(1+'Green+Social Interface'!$I$35) -> 0 | O42: =N42*(1+'Green+Social Interface'!$I$35) -> 0 | P42: =O42*(1+'Green+Social Interface'!$I$35) -> 0 | Q42: =P42*(1+'Green+Social Interface'!$I$35) -> 0 | R42: =Q42*(1+'Green+Social Interface'!$I$35) -> 0 | S42: =R42*(1+'Green+Social Interface'!$I$35) -> 0 | T42: =S42*(1+'Green+Social Interface'!$I$35) -> 0 | U42: =T42*(1+'Green+Social Interface'!$I$35) -> 0 | ... AZ42: =AY42*(1+'Green+Social Interface'!$I$35) -> 0
B43: Combined cost of living relief, nominal ($) | D43: Private | J43: =IFERROR(K43/'Social Infrastructure'!$B$85,0) -> 0 | K43: =AVERAGE(M43:AZ43) -> 0 | L43: =SUM(M43:AZ43) -> 0 | M43: =M41+M42 -> 0 | N43: =N41+N42 -> 0 | O43: =O41+O42 -> 0 | P43: =P41+P42 -> 0 | Q43: =Q41+Q42 -> 0 | R43: =R41+R42 -> 0 | S43: =S41+S42 -> 0 | T43: =T41+T42 -> 0 | ... AZ43: =AZ41+AZ42 -> 0
B44: NPV Energy expenditure ($) | D44: Private | J44: =IFERROR(K44/'Social Infrastructure'!$B$85,) -> 0 | K44: =L44/40 -> 0 | L44: =NPV('Social Infrastructure'!$C$79,M41:AZ41) -> 0
B45: NPV Combined cost of living relief, nominal ($) | D45: Privte | J45: =IFERROR(K45/'Social Infrastructure'!$B$85,0) -> 0 | K45: =L45/40 -> 0 | L45: =NPV('Social Infrastructure'!$C$79,M43:AZ43) -> 0

Sheet Social Infrastructure
B1: Housing Infrastructure Funding
B2: Wider social and economic benefits | M2: 15
F3: Inflation adjusted to base year | H3: Year | I3: 0 | N3: 1 | O3: 2 | P3: 3 | Q3: 4 | R3: 5 | S3: 6 | T3: 7 | U3: 8 | V3: 9 | W3: 10 | X3: 11 | Y3: 12 | Z3: 13 | AA3: 14 | AB3: 15 | AC3: 16 | AD3: 17 | AE3: 18 | AF3: 19 | AG3: 20 | AH3: 21 | AI3: 22 | AJ3: 23 | AK3: 24 | AL3: 25 | AM3: 26 | AN3: 27 | AO3: 28 | AP3: 29 | AQ3: 30 | AR3: 31 | AS3: 32 | AT3: 33 | AU3: 34 | AV3: 35 | AW3: 36 | AX3: 37 | AY3: 38 | AZ3: 39 | BA3: 40
B4: Category | C4: Tenant | D4: Beneficiary | E4: Benefit p.p | F4: Benefit p.p | G4: Impact ratio | H4: Number of HH | I4: Turnover or vacancy | K4: Average per dwell, 40 years | L4: Average 40 years | M4: Total | N4: Yr 1 | O4: Yr 2 | P4: Yr 3 | Q4: Yr 4 | R4: Yr 5 | S4: Yr 6 | T4: Yr 7 | U4: Yr 8 | V4: Yr 9 | W4: Yr 10 | X4: Yr 11 | Y4: Yr 12 | Z4: Yr 13 | AA4: Yr 14 | AB4: Yr 15 | AC4: Yr 16 | AD4: Yr 17 | AE4: Yr 18 | AF4: Yr 19 | AG4: Yr 20 | AH4: Yr 21 | AI4: Yr 22 | AJ4: Yr 23 | AK4: Yr 24 | AL4: Yr 25 | AM4: Yr 26 | AN4: Yr 27 | AO4: Yr 28 | AP4: Yr 29 | AQ4: Yr 30 | AR4: Yr 31 | AS4: Yr 32 | AT4: Yr 33 | AU4: Yr 34 | AV4: Yr 35 | AW4: Yr 36 | AX4: Yr 37 | AY4: Yr 38 | AZ4: Yr 39 | BA4: Yr 40
B5: Cash benefits
B6: Housing | C6: Flatau et al homelessness to social hse, net/no program | D6: Public | E6: 1585.08 | F6: =E6*VLOOKUP('Green+Social Interface'!$I$38,'Look-ups'!$A$15:$B$43,2,0) -> 1696.0356 | G6: 0.5 | I6: ='Green+Social Interface'!$O$6 -> 0.07 | K6: =IF(AND(L6>0,$B$85>0),L6/$B$85,0) -> 0 | L6: =AVERAGE(N6:BA6) -> 0 | M6: =SUM(N6:BA6) -> 0 | N6: =H6*G6*E6 -> 0 | O6: =N6*(1+'Green+Social Interface'!$I$35) -> 0 | P6: =O6*(1+'Green+Social Interface'!$I$35) -> 0 | Q6: =P6*(1+'Green+Social Interface'!$I$35) -> 0 | R6: =Q6*(1+'Green+Social Interface'!$I$35) -> 0 | S6: =R6*(1+'Green+Social Interface'!$I$35) -> 0 | T6: =S6*(1+'Green+Social Interface'!$I$35) -> 0 | U6: =T6*(1+'Green+Social Interface'!$I$35) -> 0 | V6: =U6*(1+'Green+Social Interface'!$I$35) -> 0 | ... BA6: =AZ6*(1+'Green+Social Interface'!$I$35) -> 0
C7: ASVB homlessness to social hse | D7: Public | E7: 12370 | F7: =E7*VLOOKUP('Green+Social Interface'!$I$38,'Look-ups'!$A$15:$B$43,2,0) -> 13235.9 | G7: 0.8 | H7: ='Green+Social Interface'!$E$6+'Green+Social Interface'!$F$6 -> 0 | I7: ='Green+Social Interface'!$O$6 -> 0.07 | K7: =IF(AND(L7>0,$B$85>0),L7/$B$85,0) -> 0 | L7: =AVERAGE(N7:BA7) -> 0 | M7: =SUM(N7:BA7) -> 0 | N7: =IF('Green+Social Interface'!$J$6="Yes",'Social Infrastructure'!F7*'Social Infrastructure'!G7*'Social Infrastructure'!H7,'Social Infrastructure'!F6*'Social Infrastructure'!G6*'Social Infrastructure'!H7) -> 0 | O7: =N7*(1+'Green+Social Interface'!$I$35) -> 0 | P7: =O7*(1+'Green+Social Interface'!$I$35) -> 0 | Q7: =P7*(1+'Green+Social Interface'!$I$35) -> 0 | R7: =Q7*(1+'Green+Social Interface'!$I$35) -> 0 | S7: =R7*(1+'Green+Social Interface'!$I$35) -> 0 | T7: =S7*(1+'Green+Social Interface'!$I$35) -> 0 | U7: =T7*(1+'Green+Social Interface'!$I$35) -> 0 | V7: =U7*(1+'Green+Social Interface'!$I$35) -> 0 | ... BA7: =AZ7*(1+'Green+Social Interface'!$I$35) -> 0
C8: ASVB temporary to social | D8: Public | E8: 5700 | F8: =E8*VLOOKUP('Green+Social Interface'!$I$38,'Look-ups'!$A$15:$B$43,2,0) -> 6099 | G8: 0.8 | H8: ='Green+Social Interface'!$E$7+'Green+Social Interface'!$F$7 -> 0 | I8: ='Green+Social Interface'!$O$6 -> 0.07 | K8: =IF(AND(L8>0,$B$85>0),L8/$B$85,0) -> 0 | L8: =AVERAGE(N8:BA8) -> 0 | M8: =SUM(N8:BA8) -> 0 | N8: =IF('Green+Social Interface'!$J$7="Yes",'Social Infrastructure'!F8*'Social Infrastructure'!G8*'Social Infrastructure'!H8,'Social Infrastructure'!$F$6*'Social Infrastructure'!$G$6*'Social Infrastructure'!H8) -> 0 | O8: =N8*(1+'Green+Social Interface'!$I$35) -> 0 | P8: =O8*(1+'Green+Social Interface'!$I$35) -> 0 | Q8: =P8*(1+'Green+Social Interface'!$I$35) -> 0 | R8: =Q8*(1+'Green+Social Interface'!$I$35) -> 0 | S8: =R8*(1+'Green+Social Interface'!$I$35) -> 0 | T8: =S8*(1+'Green+Social Interface'!$I$35) -> 0 | U8: =T8*(1+'Green+Social Interface'!$I$35) -> 0 | V8: =U8*(1+'Green+Social Interface'!$I$35) -> 0 | ... BA8: =AZ8*(1+'Green+Social Interface'!$I$35) -> 0
C9: ASVB disability homlessness to social | D9: Public | E9: 4722 | F9: =E9*VLOOKUP('Green+Social Interface'!$I$38,'Look-ups'!$A$15:$B$43,2,0) -> 5052.54 | G9: 0.8 | H9: ='Green+Social Interface'!$E$8+'Green+Social Interface'!$F$8 -> 0 | I9: ='Green+Social Interface'!$O$6 -> 0.07 | K9: =IF(AND(L9>0,$B$85>0),L9/$B$85,0) -> 0 | L9: =AVERAGE(N9:BA9) -> 0 | M9: =SUM(N9:BA9) -> 0 | N9: =IF('Green+Social Interface'!J6="Yes",'Social Infrastructure'!F9*'Social Infrastructure'!G9*'Social Infrastructure'!H9,'Social Infrastructure'!$F$6*'Social Infrastructure'!$G$6*'Social Infrastructure'!H9) -> 0 | O9: =N9*(1+'Green+Social Interface'!$I$35) -> 0 | P9: =O9*(1+'Green+Social Interface'!$I$35) -> 0 | Q9: =P9*(1+'Green+Social Interface'!$I$35) -> 0 | R9: =Q9*(1+'Green+Social Interface'!$I$35) -> 0 | S9: =R9*(1+'Green+Social Interface'!$I$35) -> 0 | T9: =S9*(1+'Green+Social Interface'!$I$35) -> 0 | U9: =T9*(1+'Green+Social Interface'!$I$35) -> 0 | V9: =U9*(1+'Green+Social Interface'!$I$35) -> 0 | ... BA9: =AZ9*(1+'Green+Social Interface'!$I$35) -> 0
C10: ASVB disability temporary to social | D10: Public | E10: 1914 | F10: =E10*VLOOKUP('Green+Social Interface'!$I$38,'Look-ups'!$A$15:$B$43,2,0) -> 2047.98 | G10: 0.8 | H10: ='Green+Social Interface'!$E$9+'Green+Social Interface'!$F$9 -> 0 | I10: ='Green+Social Interface'!$O$6 -> 0.07 | K10: =IF(AND(L10>0,$B$85>0),L10/$B$85,0) -> 0 | L10: =AVERAGE(N10:BA10) -> 0 | M10: =SUM(N10:BA10) -> 0 | N10: =IF('Green+Social Interface'!J7="Yes",'Social Infrastructure'!F10*'Social Infrastructure'!G10*'Social Infrastructure'!H10,'Social Infrastructure'!$F$10*'Social Infrastructure'!$G$6*'Social Infrastructure'!H10) -> 0 | O10: =N10*(1+'Green+Social Interface'!$I$35) -> 0 | P10: =O10*(1+'Green+Social Interface'!$I$35) -> 0 | Q10: =P10*(1+'Green+Social Interface'!$I$35) -> 0 | R10: =Q10*(1+'Green+Social Interface'!$I$35) -> 0 | S10: =R10*(1+'Green+Social Interface'!$I$35) -> 0 | T10: =S10*(1+'Green+Social Interface'!$I$35) -> 0 | U10: =T10*(1+'Green+Social Interface'!$I$35) -> 0 | V10: =U10*(1+'Green+Social Interface'!$I$35) -> 0 | ... BA10: =AZ10*(1+'Green+Social Interface'!$I$35) -> 0
C11: Prison release | D11: Public | E11: -3360 | F11: =E11*VLOOKUP('Green+Social Interface'!$I$38,'Look-ups'!$A$15:$B$43,2,0) -> -3595.2 | G11: 1 | H11: ='Green+Social Interface'!$E$11++'Green+Social Interface'!$F$11 -> 0 | I11: ='Green+Social Interface'!$O$6 -> 0.07 | K11: =IF(AND(L11>0,$B$85>0),L11/$B$85,0) -> 0 | L11: =AVERAGE(N11:BA11) -> 0 | M11: =SUM(N11:BA11) -> 0 | N11: =H11*G11*F11 -> 0 | O11: =IF(O$3<5,N11*(1+$Q$107)+($G11*$H11*2340)*VLOOKUP('Green+Social Interface'!$I$38,'Look-ups'!$A$15:$B$43,2,0)*(1-$I11)^(O$3-1)*(1+$Q$107)^(O$3-1),N11*(1+$Q$107)) -> 0 | P11: =IF(P$3<5,O11*(1+$Q$107)+($G11*$H11*2340)*VLOOKUP('Green+Social Interface'!$I$38,'Look-ups'!$A$15:$B$43,2,0)*(1-$I11)^(P$3-1)*(1+$Q$107)^(P$3-1),O11*(1+$Q$107)) -> 0 | Q11: =IF(Q$3<5,P11*(1+$Q$107)+($G11*$H11*2340)*VLOOKUP('Green+Social Interface'!$I$38,'Look-ups'!$A$15:$B$43,2,0)*(1-$I11)^(Q$3-1)*(1+$Q$107)^(Q$3-1),P11*(1+$Q$107)) -> 0 | R11: =IF(R$3<5,Q11*(1+$Q$107)+($G11*$H11*2340)*VLOOKUP('Green+Social Interface'!$I$38,'Look-ups'!$A$15:$B$43,2,0)*(1-$I11)^(R$3-1)*(1+$Q$107)^(R$3-1),Q11*(1+$Q$107)) -> 0 | S11: =IF(S$3<5,R11*(1+$Q$107)+($G11*$H11*2340)*VLOOKUP('Green+Social Interface'!$I$38,'Look-ups'!$A$15:$B$43,2,0)*(1-$I11)^(S$3-1)*(1+$Q$107)^(S$3-1),R11*(1+$Q$107)) -> 0 | T11: =IF(T$3<5,S11*(1+$Q$107)+($G11*$H11*2340)*VLOOKUP('Green+Social Interface'!$I$38,'Look-ups'!$A$15:$B$43,2,0)*(1-$I11)^(T$3-1)*(1+$Q$107)^(T$3-1),S11*(1+$Q$107)) -> 0 | U11: =IF(U$3<5,T11*(1+$Q$107)+($G11*$H11*2340)*VLOOKUP('Green+Social Interface'!$I$38,'Look-ups'!$A$15:$B$43,2,0)*(1-$I11)^(U$3-1)*(1+$Q$107)^(U$3-1),T11*(1+$Q$107)) -> 0 | V11: =IF(V$3<5,U11*(1+$Q$107)+($G11*$H11*2340)*VLOOKUP('Green+Social Interface'!$I$38,'Look-ups'!$A$15:$B$43,2,0)*(1-$I11)^(V$3-1)*(1+$Q$107)^(V$3-1),U11*(1+$Q$107)) -> 0 | ... BA11: =IF(BA$3<5,AZ11*(1+$Q$107)+($G11*$H11*2340)*VLOOKUP('Green+Social Interface'!$I$38,'Look-ups'!$A$15:$B$43,2,0)*(1-$I11)^(BA$3-1)*(1+$Q$107)^(BA$3-1),AZ11*(1+$Q$107)) -> 0
B12: Household finances | C12: Affordable rent | I12: ='Green+Social Interface'!$O$6 -> 0.07
A13: Aff | B13: Apartment style | C13: Studio | D13: Private | E13: =IF('Green+Social Interface'!I18>0,(0.535*(Q87-(Q87*$Q$103))*52)-(0.375*(Q87-(Q87*$Q$103))*52),0) -> 0 | F13: =E13*VLOOKUP('Green+Social Interface'!$I$38,'Look-ups'!$A$15:$B$43,2,0) -> 0 | G13: 1 | H13: =IF(H143>0,'Green+Social Interface'!$I$18*(1-($H$137/$H$143)),0) -> 0 | I13: =1-('Green+Social Interface'!$O$11) -> 0.975 | K13: =IF(AND(L13>0,$B$85>0),L13/$B$85,0) -> 0 | L13: =AVERAGE(N13:BA13) -> 0 | M13: =SUM(N13:BA13) -> 0 | N13: =H13*G13*F13*I13 -> 0 | O13: =N13*(1+'Green+Social Interface'!$I$35) -> 0 | P13: =O13*(1+'Green+Social Interface'!$I$35) -> 0 | Q13: =P13*(1+'Green+Social Interface'!$I$35) -> 0 | R13: =Q13*(1+'Green+Social Interface'!$I$35) -> 0 | S13: =R13*(1+'Green+Social Interface'!$I$35) -> 0 | T13: =S13*(1+'Green+Social Interface'!$I$35) -> 0 | U13: =T13*(1+'Green+Social Interface'!$I$35) -> 0 | V13: =U13*(1+'Green+Social Interface'!$I$35) -> 0 | ... BA13: =AZ13*(1+'Green+Social Interface'!$I$35) -> 0
C14: 1-bed | D14: Private | E14: =IF('Green+Social Interface'!I19>0,(0.535*(Q88-(Q88*$Q$103))*52)-(0.375*(Q88-(Q88*$Q$103))*52),0) -> 0 | F14: =E14*VLOOKUP('Green+Social Interface'!$I$38,'Look-ups'!$A$15:$B$43,2,0) -> 0 | G14: 1 | H14: =IF(H143>0,'Green+Social Interface'!$I$19*(1-($H$137/$H$143)),0) -> 0 | I14: =1-('Green+Social Interface'!$O$11) -> 0.975 | K14: =IF(AND(L14>0,$B$85>0),L14/$B$85,0) -> 0 | L14: =AVERAGE(N14:BA14) -> 0 | M14: =SUM(N14:BA14) -> 0 | N14: =H14*G14*F14*I14 -> 0 | O14: =N14*(1+'Green+Social Interface'!$I$35) -> 0 | P14: =O14*(1+'Green+Social Interface'!$I$35) -> 0 | Q14: =P14*(1+'Green+Social Interface'!$I$35) -> 0 | R14: =Q14*(1+'Green+Social Interface'!$I$35) -> 0 | S14: =R14*(1+'Green+Social Interface'!$I$35) -> 0 | T14: =S14*(1+'Green+Social Interface'!$I$35) -> 0 | U14: =T14*(1+'Green+Social Interface'!$I$35) -> 0 | V14: =U14*(1+'Green+Social Interface'!$I$35) -> 0 | ... BA14: =AZ14*(1+'Green+Social Interface'!$I$35) -> 0
C15: 2-bed | D15: Private | E15: =IF('Green+Social Interface'!I20>0,(0.535*(Q89-(Q89*$Q$103))*52)-(0.375*(Q89-(Q89*$Q$103))*52),0) -> 0 | F15: =E15*VLOOKUP('Green+Social Interface'!$I$38,'Look-ups'!$A$15:$B$43,2,0) -> 0 | G15: 1 | H15: =IF(H143>0,'Green+Social Interface'!$I$20*(1-($H$137/$H$143)),0) -> 0 | I15: =1-('Green+Social Interface'!$O$11) -> 0.975 | K15: =IF(AND(L15>0,$B$85>0),L15/$B$85,0) -> 0 | L15: =AVERAGE(N15:BA15) -> 0 | M15: =SUM(N15:BA15) -> 0 | N15: =H15*G15*F15*I15 -> 0 | O15: =N15*(1+'Green+Social Interface'!$I$35) -> 0 | P15: =O15*(1+'Green+Social Interface'!$I$35) -> 0 | Q15: =P15*(1+'Green+Social Interface'!$I$35) -> 0 | R15: =Q15*(1+'Green+Social Interface'!$I$35) -> 0 | S15: =R15*(1+'Green+Social Interface'!$I$35) -> 0 | T15: =S15*(1+'Green+Social Interface'!$I$35) -> 0 | U15: =T15*(1+'Green+Social Interface'!$I$35) -> 0 | V15: =U15*(1+'Green+Social Interface'!$I$35) -> 0 | ... BA15: =AZ15*(1+'Green+Social Interface'!$I$35) -> 0
C16: 3-bed | D16: Private | E16: =IF('Green+Social Interface'!I21>0,(0.535*(Q90-(Q90*$Q$103))*52)-(0.375*(Q90-(Q90*$Q$103))*52),0) -> 0 | F16: =E16*VLOOKUP('Green+Social Interface'!$I$38,'Look-ups'!$A$15:$B$43,2,0) -> 0 | G16: 1 | H16: =IF(H143>0,'Green+Social Interface'!$I$21*(1-($H$137/$H$143)),0) -> 0 | I16: =1-('Green+Social Interface'!$O$11) -> 0.975 | K16: =IF(AND(L16>0,$B$85>0),L16/$B$85,0) -> 0 | L16: =AVERAGE(N16:BA16) -> 0 | M16: =SUM(N16:BA16) -> 0 | N16: =H16*G16*F16*I16 -> 0 | O16: =N16*(1+'Green+Social Interface'!$I$35) -> 0 | P16: =O16*(1+'Green+Social Interface'!$I$35) -> 0 | Q16: =P16*(1+'Green+Social Interface'!$I$35) -> 0 | R16: =Q16*(1+'Green+Social Interface'!$I$35) -> 0 | S16: =R16*(1+'Green+Social Interface'!$I$35) -> 0 | T16: =S16*(1+'Green+Social Interface'!$I$35) -> 0 | U16: =T16*(1+'Green+Social Interface'!$I$35) -> 0 | V16: =U16*(1+'Green+Social Interface'!$I$35) -> 0 | ... BA16: =AZ16*(1+'Green+Social Interface'!$I$35) -> 0
C17: 4-bed | D17: Private | E17: =IF('Green+Social Interface'!I22>0,(0.535*(Q91-(Q91*$Q$103))*52)-(0.375*(Q91-(Q91*$Q$103))*52),0) -> 0 | F17: =E17*VLOOKUP('Green+Social Interface'!$I$38,'Look-ups'!$A$15:$B$43,2,0) -> 0 | G17: 1 | H17: =IF(H143>0,'Green+Social Interface'!$I$22*(1-($H$137/$H$143)),0) -> 0 | I17: =1-('Green+Social Interface'!$O$11) -> 0.975 | K17: =IF(AND(L17>0,$B$85>0),L17/$B$85,0) -> 0 | L17: =AVERAGE(N17:BA17) -> 0 | M17: =SUM(N17:BA17) -> 0 | N17: =H17*G17*F17*I17 -> 0 | O17: =N17*(1+'Green+Social Interface'!$I$35) -> 0 | P17: =O17*(1+'Green+Social Interface'!$I$35) -> 0 | Q17: =P17*(1+'Green+Social Interface'!$I$35) -> 0 | R17: =Q17*(1+'Green+Social Interface'!$I$35) -> 0 | S17: =R17*(1+'Green+Social Interface'!$I$35) -> 0 | T17: =S17*(1+'Green+Social Interface'!$I$35) -> 0 | U17: =T17*(1+'Green+Social Interface'!$I$35) -> 0 | V17: =U17*(1+'Green+Social Interface'!$I$35) -> 0 | ... BA17: =AZ17*(1+'Green+Social Interface'!$I$35) -> 0
A18: Aff | B18: House | C18: 1-bed | D18: Private | E18: =IF('Green+Social Interface'!D18>0,(0.535*(Q93-(Q93*$Q$103))*52)-(0.375*(Q93-(Q93*$Q$103))*52),0) -> 0 | F18: =E18*VLOOKUP('Green+Social Interface'!$I$38,'Look-ups'!$A$15:$B$43,2,0) -> 0 | G18: 1 | H18: =IF(H143>0,'Green+Social Interface'!$D$18*(1-($H$137/$H$143)),0) -> 0 | I18: =1-('Green+Social Interface'!$O$11) -> 0.975 | K18: =IF(AND(L18>0,$B$85>0),L18/$B$85,0) -> 0 | L18: =AVERAGE(N18:BA18) -> 0 | M18: =SUM(N18:BA18) -> 0 | N18: =H18*G18*F18*I18 -> 0 | O18: =N18*(1+'Green+Social Interface'!$I$35) -> 0 | P18: =O18*(1+'Green+Social Interface'!$I$35) -> 0 | Q18: =P18*(1+'Green+Social Interface'!$I$35) -> 0 | R18: =Q18*(1+'Green+Social Interface'!$I$35) -> 0 | S18: =R18*(1+'Green+Social Interface'!$I$35) -> 0 | T18: =S18*(1+'Green+Social Interface'!$I$35) -> 0 | U18: =T18*(1+'Green+Social Interface'!$I$35) -> 0 | V18: =U18*(1+'Green+Social Interface'!$I$35) -> 0 | ... BA18: =AZ18*(1+'Green+Social Interface'!$I$35) -> 0 | BB18: *
C19: 2-bed | D19: Private | E19: =IF('Green+Social Interface'!D19>0,(0.535*(Q94-(Q94*$Q$103))*52)-(0.375*(Q94-(Q94*$Q$103))*52),0) -> 0 | F19: =E19*VLOOKUP('Green+Social Interface'!$I$38,'Look-ups'!$A$15:$B$43,2,0) -> 0 | G19: 1 | H19: =IF(H143>0,'Green+Social Interface'!$D$19*(1-($H$137/$H$143)),0) -> 0 | I19: =1-('Green+Social Interface'!$O$11) -> 0.975 | K19: =IF(AND(L19>0,$B$85>0),L19/$B$85,0) -> 0 | L19: =AVERAGE(N19:BA19) -> 0 | M19: =SUM(N19:BA19) -> 0 | N19: =H19*G19*F19*I19 -> 0 | O19: =N19*(1+'Green+Social Interface'!$I$35) -> 0 | P19: =O19*(1+'Green+Social Interface'!$I$35) -> 0 | Q19: =P19*(1+'Green+Social Interface'!$I$35) -> 0 | R19: =Q19*(1+'Green+Social Interface'!$I$35) -> 0 | S19: =R19*(1+'Green+Social Interface'!$I$35) -> 0 | T19: =S19*(1+'Green+Social Interface'!$I$35) -> 0 | U19: =T19*(1+'Green+Social Interface'!$I$35) -> 0 | V19: =U19*(1+'Green+Social Interface'!$I$35) -> 0 | ... BA19: =AZ19*(1+'Green+Social Interface'!$I$35) -> 0
C20: 3-bed | D20: Private | E20: =IF('Green+Social Interface'!D20>0,(0.535*(Q95-(Q95*$Q$103))*52)-(0.375*(Q95-(Q95*$Q$103))*52),0) -> 0 | F20: =E20*VLOOKUP('Green+Social Interface'!$I$38,'Look-ups'!$A$15:$B$43,2,0) -> 0 | G20: 1 | H20: =IF(H143>0,'Green+Social Interface'!$D$20*(1-($H$137/$H$143)),0) -> 0 | I20: =1-('Green+Social Interface'!$O$11) -> 0.975 | K20: =IF(AND(L20>0,$B$85>0),L20/$B$85,0) -> 0 | L20: =AVERAGE(N20:BA20) -> 0 | M20: =SUM(N20:BA20) -> 0 | N20: =H20*G20*F20*I20 -> 0 | O20: =N20*(1+'Green+Social Interface'!$I$35) -> 0 | P20: =O20*(1+'Green+Social Interface'!$I$35) -> 0 | Q20: =P20*(1+'Green+Social Interface'!$I$35) -> 0 | R20: =Q20*(1+'Green+Social Interface'!$I$35) -> 0 | S20: =R20*(1+'Green+Social Interface'!$I$35) -> 0 | T20: =S20*(1+'Green+Social Interface'!$I$35) -> 0 | U20: =T20*(1+'Green+Social Interface'!$I$35) -> 0 | V20: =U20*(1+'Green+Social Interface'!$I$35) -> 0 | ... BA20: =AZ20*(1+'Green+Social Interface'!$I$35) -> 0
C21: 4-bed | D21: Private | E21: =IF('Green+Social Interface'!D21>0,(0.535*(Q96-(Q96*$Q$103))*52)-(0.375*(Q96-(Q96*$Q$103))*52),0) -> 0 | F21: =E21*VLOOKUP('Green+Social Interface'!$I$38,'Look-ups'!$A$15:$B$43,2,0) -> 0 | G21: 1 | H21: =IF(H143>0,'Green+Social Interface'!$D$21*(1-($H$137/$H$143)),0) -> 0 | I21: =1-('Green+Social Interface'!$O$11) -> 0.975 | K21: =IF(AND(L21>0,$B$85>0),L21/$B$85,0) -> 0 | L21: =AVERAGE(N21:BA21) -> 0 | M21: =SUM(N21:BA21) -> 0 | N21: =H21*G21*F21*I21 -> 0 | O21: =N21*(1+'Green+Social Interface'!$I$35) -> 0 | P21: =O21*(1+'Green+Social Interface'!$I$35) -> 0 | Q21: =P21*(1+'Green+Social Interface'!$I$35) -> 0 | R21: =Q21*(1+'Green+Social Interface'!$I$35) -> 0 | S21: =R21*(1+'Green+Social Interface'!$I$35) -> 0 | T21: =S21*(1+'Green+Social Interface'!$I$35) -> 0 | U21: =T21*(1+'Green+Social Interface'!$I$35) -> 0 | V21: =U21*(1+'Green+Social Interface'!$I$35) -> 0 | ... BA21: =AZ21*(1+'Green+Social Interface'!$I$35) -> 0
C22: 5-bed | D22: Private | E22: =IF('Green+Social Interface'!D22>0,(0.535*(Q97-(Q97*$Q$103))*52)-(0.375*(Q97-(Q97*$Q$103))*52),0) -> 0 | F22: =E22*VLOOKUP('Green+Social Interface'!$I$38,'Look-ups'!$A$15:$B$43,2,0) -> 0 | G22: 1 | H22: =IF(H143>0,'Green+Social Interface'!$D$22*(1-($H$137/$H$143)),0) -> 0 | I22: =1-('Green+Social Interface'!$O$11) -> 0.975 | K22: =IF(AND(L22>0,$B$85>0),L22/$B$85,0) -> 0 | L22: =AVERAGE(N22:BA22) -> 0 | M22: =SUM(N22:BA22) -> 0 | N22: =H22*G22*F22*I22 -> 0 | O22: =N22*(1+'Green+Social Interface'!$I$35) -> 0 | P22: =O22*(1+'Green+Social Interface'!$I$35) -> 0 | Q22: =P22*(1+'Green+Social Interface'!$I$35) -> 0 | R22: =Q22*(1+'Green+Social Interface'!$I$35) -> 0 | S22: =R22*(1+'Green+Social Interface'!$I$35) -> 0 | T22: =S22*(1+'Green+Social Interface'!$I$35) -> 0 | U22: =T22*(1+'Green+Social Interface'!$I$35) -> 0 | V22: =U22*(1+'Green+Social Interface'!$I$35) -> 0 | ... BA22: =AZ22*(1+'Green+Social Interface'!$I$35) -> 0
A23: Social | B23: Apartment style | C23: Studio | D23: Private | E23: =IF('Green+Social Interface'!T18>0,(0.535*(Q87-(S87))*52)-(0.375*(Q87-(S87))*52),0) -> 0 | F23: =E23*VLOOKUP('Green+Social Interface'!$I$38,'Look-ups'!$A$15:$B$43,2,0) -> 0 | G23: 0.3 | H23: =IF(H142>0,'Green+Social Interface'!$T$18*(1-($H$136/$H$142)),0) -> 0 | I23: =1-('Green+Social Interface'!$O$11) -> 0.975 | K23: =IF(AND(L23>0,$B$85>0),L23/$B$85,0) -> 0 | L23: =AVERAGE(N23:BA23) -> 0 | M23: =SUM(N23:BA23) -> 0 | N23: =H23*G23*F23*I23 -> 0 | O23: =N23*(1+'Green+Social Interface'!$I$35) -> 0 | P23: =O23*(1+'Green+Social Interface'!$I$35) -> 0 | Q23: =P23*(1+'Green+Social Interface'!$I$35) -> 0 | R23: =Q23*(1+'Green+Social Interface'!$I$35) -> 0 | S23: =R23*(1+'Green+Social Interface'!$I$35) -> 0 | T23: =S23*(1+'Green+Social Interface'!$I$35) -> 0 | U23: =T23*(1+'Green+Social Interface'!$I$35) -> 0 | V23: =U23*(1+'Green+Social Interface'!$I$35) -> 0 | ... BA23: =AZ23*(1+'Green+Social Interface'!$I$35) -> 0
C24: 1-bed | D24: Private | E24: =IF('Green+Social Interface'!T19>0,(0.535*(Q88-(S88))*52)-(0.375*(Q88-(S88))*52),0) -> 0 | F24: =E24*VLOOKUP('Green+Social Interface'!$I$38,'Look-ups'!$A$15:$B$43,2,0) -> 0 | G24: 0.3 | H24: =IF(H142>0,'Green+Social Interface'!$T$19*(1-($H$136/$H$142)),0) -> 0 | I24: =1-('Green+Social Interface'!$O$11) -> 0.975 | K24: =IF(AND(L24>0,$B$85>0),L24/$B$85,0) -> 0 | L24: =AVERAGE(N24:BA24) -> 0 | M24: =SUM(N24:BA24) -> 0 | N24: =H24*G24*F24*I24 -> 0 | O24: =N24*(1+'Green+Social Interface'!$I$35) -> 0 | P24: =O24*(1+'Green+Social Interface'!$I$35) -> 0 | Q24: =P24*(1+'Green+Social Interface'!$I$35) -> 0 | R24: =Q24*(1+'Green+Social Interface'!$I$35) -> 0 | S24: =R24*(1+'Green+Social Interface'!$I$35) -> 0 | T24: =S24*(1+'Green+Social Interface'!$I$35) -> 0 | U24: =T24*(1+'Green+Social Interface'!$I$35) -> 0 | V24: =U24*(1+'Green+Social Interface'!$I$35) -> 0 | ... BA24: =AZ24*(1+'Green+Social Interface'!$I$35) -> 0
C25: 2-bed | D25: Private | E25: =IF('Green+Social Interface'!T20>0,(0.535*(Q89-(S89))*52)-(0.375*(Q89-(S89))*52),0) -> 0 | F25: =E25*VLOOKUP('Green+Social Interface'!$I$38,'Look-ups'!$A$15:$B$43,2,0) -> 0 | G25: 0.3 | H25: =IF(H142>0,'Green+Social Interface'!$T$20*(1-($H$136/$H$142)),0) -> 0 | I25: =1-('Green+Social Interface'!$O$11) -> 0.975 | K25: =IF(AND(L25>0,$B$85>0),L25/$B$85,0) -> 0 | L25: =AVERAGE(N25:BA25) -> 0 | M25: =SUM(N25:BA25) -> 0 | N25: =H25*G25*F25*I25 -> 0 | O25: =N25*(1+'Green+Social Interface'!$I$35) -> 0 | P25: =O25*(1+'Green+Social Interface'!$I$35) -> 0 | Q25: =P25*(1+'Green+Social Interface'!$I$35) -> 0 | R25: =Q25*(1+'Green+Social Interface'!$I$35) -> 0 | S25: =R25*(1+'Green+Social Interface'!$I$35) -> 0 | T25: =S25*(1+'Green+Social Interface'!$I$35) -> 0 | U25: =T25*(1+'Green+Social Interface'!$I$35) -> 0 | V25: =U25*(1+'Green+Social Interface'!$I$35) -> 0 | ... BA25: =AZ25*(1+'Green+Social Interface'!$I$35) -> 0
C26: 3-bed | D26: Private | E26: =IF('Green+Social Interface'!T21>0,(0.535*(Q90-(S90))*52)-(0.375*(Q90-(S90))*52),0) -> 0 | F26: =E26*VLOOKUP('Green+Social Interface'!$I$38,'Look-ups'!$A$15:$B$43,2,0) -> 0 | G26: 0.3 | H26: =IF(H142>0,'Green+Social Interface'!$T$21*(1-($H$136/$H$142)),0) -> 0 | I26: =1-('Green+Social Interface'!$O$11) -> 0.975 | K26: =IF(AND(L26>0,$B$85>0),L26/$B$85,0) -> 0 | L26: =AVERAGE(N26:BA26) -> 0 | M26: =SUM(N26:BA26) -> 0 | N26: =H26*G26*F26*I26 -> 0 | O26: =N26*(1+'Green+Social Interface'!$I$35) -> 0 | P26: =O26*(1+'Green+Social Interface'!$I$35) -> 0 | Q26: =P26*(1+'Green+Social Interface'!$I$35) -> 0 | R26: =Q26*(1+'Green+Social Interface'!$I$35) -> 0 | S26: =R26*(1+'Green+Social Interface'!$I$35) -> 0 | T26: =S26*(1+'Green+Social Interface'!$I$35) -> 0 | U26: =T26*(1+'Green+Social Interface'!$I$35) -> 0 | V26: =U26*(1+'Green+Social Interface'!$I$35) -> 0 | ... BA26: =AZ26*(1+'Green+Social Interface'!$I$35) -> 0
C27: 4-bed | D27: Private | E27: =IF('Green+Social Interface'!T22>0,(0.535*(Q91-(S91))*52)-(0.375*(Q91-(S91))*52),0) -> 0 | F27: =E27*VLOOKUP('Green+Social Interface'!$I$38,'Look-ups'!$A$15:$B$43,2,0) -> 0 | G27: 0.3 | H27: =IF(H142>0,'Green+Social Interface'!$T$22*(1-($H$136/$H$142)),0) -> 0 | I27: =1-('Green+Social Interface'!$O$11) -> 0.975 | K27: =IF(AND(L27>0,$B$85>0),L27/$B$85,0) -> 0 | L27: =AVERAGE(N27:BA27) -> 0 | M27: =SUM(N27:BA27) -> 0 | N27: =H27*G27*F27*I27 -> 0 | O27: =N27*(1+'Green+Social Interface'!$I$35) -> 0 | P27: =O27*(1+'Green+Social Interface'!$I$35) -> 0 | Q27: =P27*(1+'Green+Social Interface'!$I$35) -> 0 | R27: =Q27*(1+'Green+Social Interface'!$I$35) -> 0 | S27: =R27*(1+'Green+Social Interface'!$I$35) -> 0 | T27: =S27*(1+'Green+Social Interface'!$I$35) -> 0 | U27: =T27*(1+'Green+Social Interface'!$I$35) -> 0 | V27: =U27*(1+'Green+Social Interface'!$I$35) -> 0 | ... BA27: =AZ27*(1+'Green+Social Interface'!$I$35) -> 0
A28: Social | B28: House | C28: 1-bed | D28: Private | E28: =IF('Green+Social Interface'!O18>0,(0.535*(Q93-(S93))*52)-(0.375*(Q93-(S93))*52),0) -> 0 | F28: =E28*VLOOKUP('Green+Social Interface'!$I$38,'Look-ups'!$A$15:$B$43,2,0) -> 0 | G28: 0.3 | H28: =IF(H142>0,'Green+Social Interface'!$O$18*(1-($H$136/$H$142)),0) -> 0 | I28: =1-('Green+Social Interface'!$O$11) -> 0.975 | K28: =IF(AND(L28>0,$B$85>0),L28/$B$85,0) -> 0 | L28: =AVERAGE(N28:BA28) -> 0 | M28: =SUM(N28:BA28) -> 0 | N28: =H28*G28*F28*I28 -> 0 | O28: =N28*(1+'Green+Social Interface'!$I$35) -> 0 | P28: =O28*(1+'Green+Social Interface'!$I$35) -> 0 | Q28: =P28*(1+'Green+Social Interface'!$I$35) -> 0 | R28: =Q28*(1+'Green+Social Interface'!$I$35) -> 0 | S28: =R28*(1+'Green+Social Interface'!$I$35) -> 0 | T28: =S28*(1+'Green+Social Interface'!$I$35) -> 0 | U28: =T28*(1+'Green+Social Interface'!$I$35) -> 0 | V28: =U28*(1+'Green+Social Interface'!$I$35) -> 0 | ... BA28: =AZ28*(1+'Green+Social Interface'!$I$35) -> 0
C29: 2-bed | D29: Private | E29: =IF('Green+Social Interface'!O19>0,(0.535*(Q94-(S94))*52)-(0.375*(Q94-(S94))*52),0) -> 0 | F29: =E29*VLOOKUP('Green+Social Interface'!$I$38,'Look-ups'!$A$15:$B$43,2,0) -> 0 | G29: 0.3 | H29: =IF(H142>0,'Green+Social Interface'!$O$19*(1-($H$136/$H$142)),0) -> 0 | I29: =1-('Green+Social Interface'!$O$11) -> 0.975 | K29: =IF(AND(L29>0,$B$85>0),L29/$B$85,0) -> 0 | L29: =AVERAGE(N29:BA29) -> 0 | M29: =SUM(N29:BA29) -> 0 | N29: =H29*G29*F29*I29 -> 0 | O29: =N29*(1+'Green+Social Interface'!$I$35) -> 0 | P29: =O29*(1+'Green+Social Interface'!$I$35) -> 0 | Q29: =P29*(1+'Green+Social Interface'!$I$35) -> 0 | R29: =Q29*(1+'Green+Social Interface'!$I$35) -> 0 | S29: =R29*(1+'Green+Social Interface'!$I$35) -> 0 | T29: =S29*(1+'Green+Social Interface'!$I$35) -> 0 | U29: =T29*(1+'Green+Social Interface'!$I$35) -> 0 | V29: =U29*(1+'Green+Social Interface'!$I$35) -> 0 | ... BA29: =AZ29*(1+'Green+Social Interface'!$I$35) -> 0
C30: 3-bed | D30: Private | E30: =IF('Green+Social Interface'!O20>0,(0.535*(Q95-(S95))*52)-(0.375*(Q95-(S95))*52),0) -> 0 | F30: =E30*VLOOKUP('Green+Social Interface'!$I$38,'Look-ups'!$A$15:$B$43,2,0) -> 0 | G30: 0.3 | H30: =IF(H142>0,'Green+Social Interface'!$O$20*(1-($H$136/$H$142)),0) -> 0 | I30: =1-('Green+Social Interface'!$O$11) -> 0.975 | K30: =IF(AND(L30>0,$B$85>0),L30/$B$85,0) -> 0 | L30: =AVERAGE(N30:BA30) -> 0 | M30: =SUM(N30:BA30) -> 0 | N30: =H30*G30*F30*I30 -> 0 | O30: =N30*(1+'Green+Social Interface'!$I$35) -> 0 | P30: =O30*(1+'Green+Social Interface'!$I$35) -> 0 | Q30: =P30*(1+'Green+Social Interface'!$I$35) -> 0 | R30: =Q30*(1+'Green+Social Interface'!$I$35) -> 0 | S30: =R30*(1+'Green+Social Interface'!$I$35) -> 0 | T30: =S30*(1+'Green+Social Interface'!$I$35) -> 0 | U30: =T30*(1+'Green+Social Interface'!$I$35) -> 0 | V30: =U30*(1+'Green+Social Interface'!$I$35) -> 0 | ... BA30: =AZ30*(1+'Green+Social Interface'!$I$35) -> 0
C31: 4-bed | D31: Private | E31: =IF('Green+Social Interface'!O21>0,(0.535*(Q96-(S96))*52)-(0.375*(Q96-(S96))*52),0) -> 0 | F31: =E31*VLOOKUP('Green+Social Interface'!$I$38,'Look-ups'!$A$15:$B$43,2,0) -> 0 | G31: 0.3 | H31: =IF(H142>0,'Green+Social Interface'!$O$21*(1-($H$136/$H$142)),0) -> 0 | I31: =1-('Green+Social Interface'!$O$11) -> 0.975 | K31: =IF(AND(L31>0,$B$85>0),L31/$B$85,0) -> 0 | L31: =AVERAGE(N31:BA31) -> 0 | M31: =SUM(N31:BA31) -> 0 | N31: =H31*G31*F31*I31 -> 0 | O31: =N31*(1+'Green+Social Interface'!$I$35) -> 0 | P31: =O31*(1+'Green+Social Interface'!$I$35) -> 0 | Q31: =P31*(1+'Green+Social Interface'!$I$35) -> 0 | R31: =Q31*(1+'Green+Social Interface'!$I$35) -> 0 | S31: =R31*(1+'Green+Social Interface'!$I$35) -> 0 | T31: =S31*(1+'Green+Social Interface'!$I$35) -> 0 | U31: =T31*(1+'Green+Social Interface'!$I$35) -> 0 | V31: =U31*(1+'Green+Social Interface'!$I$35) -> 0 | ... BA31: =AZ31*(1+'Green+Social Interface'!$I$35) -> 0
C32: 5-bed | D32: Private | E32: =IF('Green+Social Interface'!O22>0,(0.535*(Q97-(S97))*52)-(0.375*(Q97-(S97))*52),0) -> 0 | F32: =E32*VLOOKUP('Green+Social Interface'!$I$38,'Look-ups'!$A$15:$B$43,2,0) -> 0 | G32: 0.3 | H32: =IF(H142>0,'Green+Social Interface'!$O$22*(1-($H$136/$H$142)),0) -> 0 | I32: =1-('Green+Social Interface'!$O$11) -> 0.975 | K32: =IF(AND(L32>0,$B$85>0),L32/$B$85,0) -> 0 | L32: =AVERAGE(N32:BA32) -> 0 | M32: =SUM(N32:BA32) -> 0 | N32: =H32*G32*F32*I32 -> 0 | O32: =N32*(1+'Green+Social Interface'!$I$35) -> 0 | P32: =O32*(1+'Green+Social Interface'!$I$35) -> 0 | Q32: =P32*(1+'Green+Social Interface'!$I$35) -> 0 | R32: =Q32*(1+'Green+Social Interface'!$I$35) -> 0 | S32: =R32*(1+'Green+Social Interface'!$I$35) -> 0 | T32: =S32*(1+'Green+Social Interface'!$I$35) -> 0 | U32: =T32*(1+'Green+Social Interface'!$I$35) -> 0 | V32: =U32*(1+'Green+Social Interface'!$I$35) -> 0 | ... BA32: =AZ32*(1+'Green+Social Interface'!$I$35) -> 0
B35: Sum rental benefit affordable housing | D35: Private | K35: =IF(AND(L35>0,$B$85>0),L35/$B$85,0) -> 0 | L35: =AVERAGE(N35:BA35) -> 0 | M35: =SUM(N35:BA35) -> 0 | N35: =SUM(N13:N22) -> 0 | O35: =SUM(O13:O22) -> 0 | P35: =SUM(P13:P22) -> 0 | Q35: =SUM(Q13:Q22) -> 0 | R35: =SUM(R13:R22) -> 0 | S35: =SUM(S13:S22) -> 0 | T35: =SUM(T13:T22) -> 0 | U35: =SUM(U13:U22) -> 0 | ... BA35: =SUM(BA13:BA22) -> 0
B36: Sum rental benefit social housing | D36: Private | K36: =IF(AND(L36>0,$B$85>0),L36/$B$85,0) -> 0 | L36: =AVERAGE(N36:BA36) -> 0 | M36: =SUM(N36:BA36) -> 0 | N36: =SUM(N23:N32) -> 0 | O36: =SUM(O23:O32) -> 0 | P36: =SUM(P23:P32) -> 0 | Q36: =SUM(Q23:Q32) -> 0 | R36: =SUM(R23:R32) -> 0 | S36: =SUM(S23:S32) -> 0 | T36: =SUM(T23:T32) -> 0 | U36: =SUM(U23:U32) -> 0 | ... BA36: =SUM(BA23:BA32) -> 0
C37: ASVB make ends meet | D37: Public | E37: 277 | F37: =E37*VLOOKUP('Green+Social Interface'!$I$38,'Look-ups'!$A$15:$B$43,2,0) -> 296.39 | G37: 0.25 | H37: =B$85 -> 0 | I37: ='Green+Social Interface'!$O$6 -> 0.07 | K37: =IF(AND(L37>0,$B$85>0),L37/$B$85,0) -> 0 | L37: =AVERAGE(N37:BA37) -> 0 | M37: =SUM(N37:BA37) -> 0 | N37: =H37*G37*F37 -> 0 | O37: =N37*(1+'Green+Social Interface'!$I$35) -> 0 | P37: =O37*(1+'Green+Social Interface'!$I$35) -> 0 | Q37: =P37*(1+'Green+Social Interface'!$I$35) -> 0 | R37: =Q37*(1+'Green+Social Interface'!$I$35) -> 0 | S37: =R37*(1+'Green+Social Interface'!$I$35) -> 0 | T37: =S37*(1+'Green+Social Interface'!$I$35) -> 0 | U37: =T37*(1+'Green+Social Interface'!$I$35) -> 0 | V37: =U37*(1+'Green+Social Interface'!$I$35) -> 0 | ... BA37: =AZ37*(1+'Green+Social Interface'!$I$35) -> 0
C38: Complete Yr 12 | D38: Private | E38: 3430 | F38: =E38*VLOOKUP('Green+Social Interface'!$I$38,'Look-ups'!$A$15:$B$43,2,0) -> 3670.1 | G38: 0.05 | H38: =H$135 -> 0 | I38: ='Green+Social Interface'!$O$6 -> 0.07 | K38: =IF(AND(L38>0,$B$85>0),L38/$B$85,0) -> 0 | L38: =AVERAGE(N38:BA38) -> 0 | M38: =SUM(N38:BA38) -> 0 | N38: =H38*G38*F38 -> 0 | O38: =N38*(1+'Green+Social Interface'!$I$35) -> 0 | P38: =O38*(1+'Green+Social Interface'!$I$35) -> 0 | Q38: =P38*(1+'Green+Social Interface'!$I$35) -> 0 | R38: =Q38*(1+'Green+Social Interface'!$I$35) -> 0 | S38: =R38*(1+'Green+Social Interface'!$I$35) -> 0 | T38: =S38*(1+'Green+Social Interface'!$I$35) -> 0 | U38: =T38*(1+'Green+Social Interface'!$I$35) -> 0 | V38: =U38*(1+'Green+Social Interface'!$I$35) -> 0 | ... BA38: =AZ38*(1+'Green+Social Interface'!$I$35) -> 0
B39: Health and DV | C39: Pers spend severe depression | D39: Private | E39: 0 | F39: =E39*VLOOKUP('Green+Social Interface'!$I$38,'Look-ups'!$A$15:$B$43,2,0) -> 0 | G39: 0.04 | H39: =(0.5*H$138)+(0.3*H$139) -> 0 | I39: ='Green+Social Interface'!$O$6 -> 0.07 | K39: =IF(AND(L39>0,$B$85>0),L39/$B$85,0) -> 0 | L39: =AVERAGE(N39:BA39) -> 0 | M39: =SUM(N39:BA39) -> 0 | N39: =H39*G39*F39 -> 0 | O39: =N39*(1+'Green+Social Interface'!$I$35) -> 0 | P39: =O39*(1+'Green+Social Interface'!$I$35) -> 0 | Q39: =P39*(1+'Green+Social Interface'!$I$35) -> 0 | R39: =Q39*(1+'Green+Social Interface'!$I$35) -> 0 | S39: =R39*(1+'Green+Social Interface'!$I$35) -> 0 | T39: =S39*(1+'Green+Social Interface'!$I$35) -> 0 | U39: =T39*(1+'Green+Social Interface'!$I$35) -> 0 | V39: =U39*(1+'Green+Social Interface'!$I$35) -> 0 | ... BA39: =AZ39*(1+'Green+Social Interface'!$I$35) -> 0
C40: Pers spent other depression | D40: Private | E40: 5225 | F40: =E40*VLOOKUP('Green+Social Interface'!$I$38,'Look-ups'!$A$15:$B$43,2,0) -> 5590.75 | G40: 0.06 | H40: =(0.5*H$138)+(0.3*H$139) -> 0 | I40: ='Green+Social Interface'!$O$6 -> 0.07 | K40: =IF(AND(L40>0,$B$85>0),L40/$B$85,0) -> 0 | L40: =AVERAGE(N40:BA40) -> 0 | M40: =SUM(N40:BA40) -> 0 | N40: =H40*G40*F40 -> 0 | O40: =N40*(1+'Green+Social Interface'!$I$35) -> 0 | P40: =O40*(1+'Green+Social Interface'!$I$35) -> 0 | Q40: =P40*(1+'Green+Social Interface'!$I$35) -> 0 | R40: =Q40*(1+'Green+Social Interface'!$I$35) -> 0 | S40: =R40*(1+'Green+Social Interface'!$I$35) -> 0 | T40: =S40*(1+'Green+Social Interface'!$I$35) -> 0 | U40: =T40*(1+'Green+Social Interface'!$I$35) -> 0 | V40: =U40*(1+'Green+Social Interface'!$I$35) -> 0 | ... BA40: =AZ40*(1+'Green+Social Interface'!$I$35) -> 0 | BB40: *
C41: Public spend severe depression | D41: Public | E41: 0 | F41: =E41*VLOOKUP('Green+Social Interface'!$I$38,'Look-ups'!$A$15:$B$43,2,0) -> 0 | G41: 0.04 | H41: =(0.5*H$138)+(0.3*H$139) -> 0 | I41: ='Green+Social Interface'!$O$6 -> 0.07 | K41: =IF(AND(L41>0,$B$85>0),L41/$B$85,0) -> 0 | L41: =AVERAGE(N41:BA41) -> 0 | M41: =SUM(N41:BA41) -> 0 | N41: =H41*G41*F41 -> 0 | O41: =N41*(1+'Green+Social Interface'!$I$35) -> 0 | P41: =O41*(1+'Green+Social Interface'!$I$35) -> 0 | Q41: =P41*(1+'Green+Social Interface'!$I$35) -> 0 | R41: =Q41*(1+'Green+Social Interface'!$I$35) -> 0 | S41: =R41*(1+'Green+Social Interface'!$I$35) -> 0 | T41: =S41*(1+'Green+Social Interface'!$I$35) -> 0 | U41: =T41*(1+'Green+Social Interface'!$I$35) -> 0 | V41: =U41*(1+'Green+Social Interface'!$I$35) -> 0 | ... BA41: =AZ41*(1+'Green+Social Interface'!$I$35) -> 0
C42: Public spend other depression | D42: Public | E42: 1371 | F42: =E42*VLOOKUP('Green+Social Interface'!$I$38,'Look-ups'!$A$15:$B$43,2,0) -> 1466.97 | G42: 0.06 | H42: =(0.5*H$138)+(0.3*H$139) -> 0 | I42: ='Green+Social Interface'!$O$6 -> 0.07 | K42: =IF(AND(L42>0,$B$85>0),L42/$B$85,0) -> 0 | L42: =AVERAGE(N42:BA42) -> 0 | M42: =SUM(N42:BA42) -> 0 | N42: =H42*G42*F42 -> 0 | O42: =N42*(1+'Green+Social Interface'!$I$35) -> 0 | P42: =O42*(1+'Green+Social Interface'!$I$35) -> 0 | Q42: =P42*(1+'Green+Social Interface'!$I$35) -> 0 | R42: =Q42*(1+'Green+Social Interface'!$I$35) -> 0 | S42: =R42*(1+'Green+Social Interface'!$I$35) -> 0 | T42: =S42*(1+'Green+Social Interface'!$I$35) -> 0 | U42: =T42*(1+'Green+Social Interface'!$I$35) -> 0 | V42: =U42*(1+'Green+Social Interface'!$I$35) -> 0 | ... BA42: =AZ42*(1+'Green+Social Interface'!$I$35) -> 0
C43: Domestic violence (one off: disability adj life yrs) | D43: Public | E43: 13554 | F43: =E43*VLOOKUP('Green+Social Interface'!$I$38,'Look-ups'!$A$15:$B$43,2,0) -> 14502.78 | G43: 1 | H43: ='Green+Social Interface'!$E$10+'Green+Social Interface'!$F$10 -> 0 | I43: ='Green+Social Interface'!$O$6 -> 0.07 | K43: =IF(AND($L$43>0,$B$85>0),$L$43/$B$85,0) -> 0 | L43: =AVERAGE(N43:BA43) -> 0 | M43: =SUM(N43:BA43) -> 0 | N43: =H43*G43*F43 -> 0 | O43: =N43*(1+'Green+Social Interface'!$I$35)*I43 -> 0 | P43: =O43*(1+'Green+Social Interface'!$I$35) -> 0 | Q43: =P43*(1+'Green+Social Interface'!$I$35) -> 0 | R43: =Q43*(1+'Green+Social Interface'!$I$35) -> 0 | S43: =R43*(1+'Green+Social Interface'!$I$35) -> 0 | T43: =S43*(1+'Green+Social Interface'!$I$35) -> 0 | U43: =T43*(1+'Green+Social Interface'!$I$35) -> 0 | V43: =U43*(1+'Green+Social Interface'!$I$35) -> 0 | W43: =V43*(1+'Green+Social Interface'!$I$35) -> 0 | ... BA43: =AZ43*(1+'Green+Social Interface'!$I$35) -> 0
C44: Domestic Violence (annual: health) | D44: Public | E44: 530 | F44: =E44*VLOOKUP('Green+Social Interface'!$I$38,'Look-ups'!$A$15:$B$43,2,0) -> 567.1 | G44: 1 | H44: ='Green+Social Interface'!$E$10+'Green+Social Interface'!$F$10 -> 0 | I44: 0.08 | K44: =IF(AND($L$43>0,$B$85>0),$L$43/$B$85,0) -> 0 | L44: =AVERAGE(N44:BA44) -> 0 | M44: =SUM(N44:BA44) -> 0 | N44: =H44*G44*F44 -> 0 | O44: =N44*(1+'Green+Social Interface'!$I$35) -> 0 | P44: =O44*(1+'Green+Social Interface'!$I$35) -> 0 | Q44: =P44*(1+'Green+Social Interface'!$I$35) -> 0 | R44: =Q44*(1+'Green+Social Interface'!$I$35) -> 0 | S44: =R44*(1+'Green+Social Interface'!$I$35) -> 0 | T44: =S44*(1+'Green+Social Interface'!$I$35) -> 0 | U44: =T44*(1+'Green+Social Interface'!$I$35) -> 0 | V44: =U44*(1+'Green+Social Interface'!$I$35) -> 0 | ... BA44: =AZ44*(1+'Green+Social Interface'!$I$35) -> 0
C45: ASVB Overcrowding relief | D45: Public | E45: 38 | F45: =E45*VLOOKUP('Green+Social Interface'!$I$38,'Look-ups'!$A$15:$B$43,2,0) -> 40.66 | G45: 1 | H45: =H$141 -> 0 | I45: ='Green+Social Interface'!$O$6 -> 0.07 | K45: =IF(AND(L45>0,$B$85>0),L45/$B$85,0) -> 0 | L45: =AVERAGE(N45:BA45) -> 0 | M45: =SUM(N45:BA45) -> 0 | N45: =H45*G45*F45 -> 0 | O45: =N45*(1+'Green+Social Interface'!$I$35) -> 0 | P45: =O45*(1+'Green+Social Interface'!$I$35) -> 0 | Q45: =P45*(1+'Green+Social Interface'!$I$35) -> 0 | R45: =Q45*(1+'Green+Social Interface'!$I$35) -> 0 | S45: =R45*(1+'Green+Social Interface'!$I$35) -> 0 | T45: =S45*(1+'Green+Social Interface'!$I$35) -> 0 | U45: =T45*(1+'Green+Social Interface'!$I$35) -> 0 | V45: =U45*(1+'Green+Social Interface'!$I$35) -> 0 | ... BA45: =AZ45*(1+'Green+Social Interface'!$I$35) -> 0
B46: Total monetary | D46: Combined | K46: =IF(AND(L46>0,$B$85>0),L46/$B$85,0) -> 0 | L46: =AVERAGE(N46:BA46) -> 0 | M46: =SUM(N46:BA46) -> 0 | N46: =SUM(N6:N11,N35:N45) -> 0 | O46: =SUM(O6:O11,O35:O45) -> 0 | P46: =SUM(P6:P11,P35:P45) -> 0 | Q46: =SUM(Q6:Q11,Q35:Q45) -> 0 | R46: =SUM(R6:R11,R35:R45) -> 0 | S46: =SUM(S6:S11,S35:S45) -> 0 | T46: =SUM(T6:T11,T35:T45) -> 0 | U46: =SUM(U6:U11,U35:U45) -> 0 | ... BA46: =SUM(BA6:BA11,BA35:BA45) -> 0
B47: Total sub | D47: Public | K47: =IF(AND(L47<>0,$B$85>0),L47/$B$85,0) -> 0 | L47: =AVERAGE(N47:BA47) -> 0 | M47: =SUM(N47:BA47) -> 0 | N47: =N6+N7+N8+N11+N37+N41+N42+N44+N45+N9+N10+N43 -> 0 | O47: =O6+O7+O8+O11+O37+O41+O42+O44+O45+O9+O10+O43 -> 0 | P47: =P6+P7+P8+P11+P37+P41+P42+P44+P45+P9+P10+P43 -> 0 | Q47: =Q6+Q7+Q8+Q11+Q37+Q41+Q42+Q44+Q45+Q9+Q10+Q43 -> 0 | R47: =R6+R7+R8+R11+R37+R41+R42+R44+R45+R9+R10+R43 -> 0 | S47: =S6+S7+S8+S11+S37+S41+S42+S44+S45+S9+S10+S43 -> 0 | T47: =T6+T7+T8+T11+T37+T41+T42+T44+T45+T9+T10+T43 -> 0 | U47: =U6+U7+U8+U11+U37+U41+U42+U44+U45+U9+U10+U43 -> 0 | ... BA47: =BA6+BA7+BA8+BA11+BA37+BA41+BA42+BA44+BA45+BA9+BA10+BA43 -> 0
B48: Total sub | D48: Private | K48: =IF(AND(L48<>0,$B$85>0),L48/$B$85,0) -> 0 | L48: =AVERAGE(N48:BA48) -> 0 | M48: =SUM(N48:BA48) -> 0 | N48: =SUM(N35:N36,N38:N39,N40) -> 0 | O48: =SUM(O35:O36,O38:O39,O40) -> 0 | P48: =SUM(P35:P36,P38:P39,P40) -> 0 | Q48: =SUM(Q35:Q36,Q38:Q39,Q40) -> 0 | R48: =SUM(R35:R36,R38:R39,R40) -> 0 | S48: =SUM(S35:S36,S38:S39,S40) -> 0 | T48: =SUM(T35:T36,T38:T39,T40) -> 0 | U48: =SUM(U35:U36,U38:U39,U40) -> 0 | ... BA48: =SUM(BA35:BA36,BA38:BA39,BA40) -> 0
B49: Wellbeing benefits
C50: ASVB (WV) homelessness to social hse | D50: Private | E50: 21767 | F50: =E50*VLOOKUP('Green+Social Interface'!$I$38,'Look-ups'!$A$15:$B$43,2,0) -> 23290.69 | G50: 0.5 | H50: =H6 -> 0 | I50: ='Green+Social Interface'!$O$6 -> 0.07 | K50: =IF(AND(L50>0,$B$85>0),L50/$B$85,0) -> 0 | L50: =AVERAGE(N50:BA50) -> 0 | M50: =SUM(N50:BA50) -> 0 | N50: =H50*G50*F50 -> 0 | O50: =N50*(1+'Green+Social Interface'!$I$35)*I50 -> 0 | P50: =O50*(1+'Green+Social Interface'!$I$35) -> 0 | Q50: =P50*(1+'Green+Social Interface'!$I$35) -> 0 | R50: =Q50*(1+'Green+Social Interface'!$I$35) -> 0 | S50: =R50*(1+'Green+Social Interface'!$I$35) -> 0 | T50: =S50*(1+'Green+Social Interface'!$I$35) -> 0 | U50: =T50*(1+'Green+Social Interface'!$I$35) -> 0 | V50: =U50*(1+'Green+Social Interface'!$I$35) -> 0 | W50: =V50*(1+'Green+Social Interface'!$I$35) -> 0 | ... BA50: =AZ50*(1+'Green+Social Interface'!$I$35) -> 0
C51: ASVB (WV) homelessness to social hse | D51: Private | E51: 21767 | F51: =E51*VLOOKUP('Green+Social Interface'!$I$38,'Look-ups'!$A$15:$B$43,2,0) -> 23290.69 | G51: 0.8 | H51: =H7 -> 0 | I51: ='Green+Social Interface'!$O$6 -> 0.07 | K51: =IF(AND(L51>0,$B$85>0),L51/$B$85,0) -> 0 | L51: =AVERAGE(N51:BA51) -> 0 | M51: =SUM(N51:BA51) -> 0 | N51: =IF('Green+Social Interface'!$J$6="Yes",'Social Infrastructure'!F51*'Social Infrastructure'!G51*'Social Infrastructure'!H51,'Social Infrastructure'!F51*'Social Infrastructure'!$G$50*'Social Infrastructure'!H51) -> 0 | O51: =N51*(1+'Green+Social Interface'!$I$35)*I51 -> 0 | P51: =O51*(1+'Green+Social Interface'!$I$35) -> 0 | Q51: =P51*(1+'Green+Social Interface'!$I$35) -> 0 | R51: =Q51*(1+'Green+Social Interface'!$I$35) -> 0 | S51: =R51*(1+'Green+Social Interface'!$I$35) -> 0 | T51: =S51*(1+'Green+Social Interface'!$I$35) -> 0 | U51: =T51*(1+'Green+Social Interface'!$I$35) -> 0 | V51: =U51*(1+'Green+Social Interface'!$I$35) -> 0 | W51: =V51*(1+'Green+Social Interface'!$I$35) -> 0 | ... BA51: =AZ51*(1+'Green+Social Interface'!$I$35) -> 0
C52: ASVB (WV) temporary to social | D52: Private | E52: 11417 | F52: =E52*VLOOKUP('Green+Social Interface'!$I$38,'Look-ups'!$A$15:$B$43,2,0) -> 12216.19 | G52: 0.8 | H52: =H8 -> 0 | I52: ='Green+Social Interface'!$O$6 -> 0.07 | K52: =IF(AND(L52>0,$B$85>0),L52/$B$85,0) -> 0 | L52: =AVERAGE(N52:BA52) -> 0 | M52: =SUM(N52:BA52) -> 0 | N52: =IF('Green+Social Interface'!$J$7="Yes",'Social Infrastructure'!F52*'Social Infrastructure'!G52*'Social Infrastructure'!H52,'Social Infrastructure'!F52*'Social Infrastructure'!$G$50*'Social Infrastructure'!H52) -> 0 | O52: =N52*(1+'Green+Social Interface'!$I$35)*I52 -> 0 | P52: =O52*(1+'Green+Social Interface'!$I$35) -> 0 | Q52: =P52*(1+'Green+Social Interface'!$I$35) -> 0 | R52: =Q52*(1+'Green+Social Interface'!$I$35) -> 0 | S52: =R52*(1+'Green+Social Interface'!$I$35) -> 0 | T52: =S52*(1+'Green+Social Interface'!$I$35) -> 0 | U52: =T52*(1+'Green+Social Interface'!$I$35) -> 0 | V52: =U52*(1+'Green+Social Interface'!$I$35) -> 0 | W52: =V52*(1+'Green+Social Interface'!$I$35) -> 0 | ... BA52: =AZ52*(1+'Green+Social Interface'!$I$35) -> 0
C53: ASVB disability homlessness to social | D53: Private | E53: 23929 | F53: =E53*VLOOKUP('Green+Social Interface'!$I$38,'Look-ups'!$A$15:$B$43,2,0) -> 25604.03 | G53: 0.8 | H53: =H9 -> 0 | I53: ='Green+Social Interface'!$O$6 -> 0.07 | K53: =IF(AND(L53>0,$B$85>0),L53/$B$85,0) -> 0 | L53: =AVERAGE(N53:BA53) -> 0 | M53: =SUM(N53:BA53) -> 0 | N53: =IF('Green+Social Interface'!$J$6="Yes",'Social Infrastructure'!F53*'Social Infrastructure'!G53*'Social Infrastructure'!H53,'Social Infrastructure'!F53*'Social Infrastructure'!$G$50*'Social Infrastructure'!H53) -> 0 | O53: =N53*(1+'Green+Social Interface'!$I$35)*I53 -> 0 | P53: =O53*(1+'Green+Social Interface'!$I$35) -> 0 | Q53: =P53*(1+'Green+Social Interface'!$I$35) -> 0 | R53: =Q53*(1+'Green+Social Interface'!$I$35) -> 0 | S53: =R53*(1+'Green+Social Interface'!$I$35) -> 0 | T53: =S53*(1+'Green+Social Interface'!$I$35) -> 0 | U53: =T53*(1+'Green+Social Interface'!$I$35) -> 0 | V53: =U53*(1+'Green+Social Interface'!$I$35) -> 0 | W53: =V53*(1+'Green+Social Interface'!$I$35) -> 0 | ... BA53: =AZ53*(1+'Green+Social Interface'!$I$35) -> 0
C54: ASVB disability temporary to social | D54: Private | E54: 8089 | F54: =E54*VLOOKUP('Green+Social Interface'!$I$38,'Look-ups'!$A$15:$B$43,2,0) -> 8655.23 | G54: 0.8 | H54: =H10 -> 0 | I54: ='Green+Social Interface'!$O$6 -> 0.07 | K54: =IF(AND(L54>0,$B$85>0),L54/$B$85,0) -> 0 | L54: =AVERAGE(N54:BA54) -> 0 | M54: =SUM(N54:BA54) -> 0 | N54: =IF('Green+Social Interface'!$J$7="Yes",'Social Infrastructure'!F54*'Social Infrastructure'!G54*'Social Infrastructure'!H54,'Social Infrastructure'!F54*'Social Infrastructure'!$G$50*'Social Infrastructure'!H54) -> 0 | O54: =N54*(1+'Green+Social Interface'!$I$35)*I54 -> 0 | P54: =O54*(1+'Green+Social Interface'!$I$35) -> 0 | Q54: =P54*(1+'Green+Social Interface'!$I$35) -> 0 | R54: =Q54*(1+'Green+Social Interface'!$I$35) -> 0 | S54: =R54*(1+'Green+Social Interface'!$I$35) -> 0 | T54: =S54*(1+'Green+Social Interface'!$I$35) -> 0 | U54: =T54*(1+'Green+Social Interface'!$I$35) -> 0 | V54: =U54*(1+'Green+Social Interface'!$I$35) -> 0 | W54: =V54*(1+'Green+Social Interface'!$I$35) -> 0 | ... BA54: =AZ54*(1+'Green+Social Interface'!$I$35) -> 0
C55: ASVB (public sec) temporary to secure | D55: Private | E55: 7655 | F55: =E55*VLOOKUP('Green+Social Interface'!$I$38,'Look-ups'!$A$15:$B$43,2,0) -> 8190.85 | G55: 0.5 | H55: =H11 -> 0 | I55: ='Green+Social Interface'!$O$6 -> 0.07 | K55: =IF(AND(L55>0,$B$85>0),L55/$B$85,0) -> 0 | L55: =AVERAGE(N55:BA55) -> 0 | M55: =SUM(N55:BA55) -> 0 | N55: =H55*G55*F55 -> 0 | O55: =N55*(1+'Green+Social Interface'!$I$35)*I55 -> 0 | P55: =O55*(1+'Green+Social Interface'!$I$35) -> 0 | Q55: =P55*(1+'Green+Social Interface'!$I$35) -> 0 | R55: =Q55*(1+'Green+Social Interface'!$I$35) -> 0 | S55: =R55*(1+'Green+Social Interface'!$I$35) -> 0 | T55: =S55*(1+'Green+Social Interface'!$I$35) -> 0 | U55: =T55*(1+'Green+Social Interface'!$I$35) -> 0 | V55: =U55*(1+'Green+Social Interface'!$I$35) -> 0 | W55: =V55*(1+'Green+Social Interface'!$I$35) -> 0 | ... BA55: =AZ55*(1+'Green+Social Interface'!$I$35) -> 0
C56: ASVB in good condition for disability | D56: Private | E56: 8301 | F56: =E56*VLOOKUP('Green+Social Interface'!$I$38,'Look-ups'!$A$15:$B$43,2,0) -> 8882.07 | G56: 1 | H56: ='Green+Social Interface'!J11 -> 0 | I56: ='Green+Social Interface'!$O$6 -> 0.07 | K56: =IF(AND(L56>0,$B$85>0),L56/$B$85,0) -> 0 | L56: =AVERAGE(N56:BA56) -> 0 | M56: =SUM(N56:BA56) -> 0 | N56: =H56*G56*F56 -> 0 | O56: =N56*(1+'Green+Social Interface'!$I$35)*I56 -> 0 | P56: =O56*(1+'Green+Social Interface'!$I$35) -> 0 | Q56: =P56*(1+'Green+Social Interface'!$I$35) -> 0 | R56: =Q56*(1+'Green+Social Interface'!$I$35) -> 0 | S56: =R56*(1+'Green+Social Interface'!$I$35) -> 0 | T56: =S56*(1+'Green+Social Interface'!$I$35) -> 0 | U56: =T56*(1+'Green+Social Interface'!$I$35) -> 0 | V56: =U56*(1+'Green+Social Interface'!$I$35) -> 0 | W56: =V56*(1+'Green+Social Interface'!$I$35) -> 0 | ... BA56: =AZ56*(1+'Green+Social Interface'!$I$35) -> 0
C57: ASVB make ends meet | D57: Private | E57: 4487 | F57: =E57*VLOOKUP('Green+Social Interface'!$I$38,'Look-ups'!$A$15:$B$43,2,0) -> 4801.09 | G57: 0.25 | H57: =B85 -> 0 | I57: ='Green+Social Interface'!$O$6 -> 0.07 | K57: =IF(AND(L57>0,$B$85>0),L57/$B$85,0) -> 0 | L57: =AVERAGE(N57:BA57) -> 0 | M57: =SUM(N57:BA57) -> 0 | N57: =H57*G57*F57 -> 0 | O57: =N57*(1+'Green+Social Interface'!$I$35)*I57 -> 0 | P57: =O57*(1+'Green+Social Interface'!$I$35) -> 0 | Q57: =P57*(1+'Green+Social Interface'!$I$35) -> 0 | R57: =Q57*(1+'Green+Social Interface'!$I$35) -> 0 | S57: =R57*(1+'Green+Social Interface'!$I$35) -> 0 | T57: =S57*(1+'Green+Social Interface'!$I$35) -> 0 | U57: =T57*(1+'Green+Social Interface'!$I$35) -> 0 | V57: =U57*(1+'Green+Social Interface'!$I$35) -> 0 | W57: =V57*(1+'Green+Social Interface'!$I$35) -> 0 | ... BA57: =AZ57*(1+'Green+Social Interface'!$I$35) -> 0
C58: ASVB (WV) Completed Yr12 | D58: Private | E58: 2363 | F58: =E58*VLOOKUP('Green+Social Interface'!$I$38,'Look-ups'!$A$15:$B$43,2,0) -> 2528.41 | G58: 0.05 | H58: =H38 -> 0 | I58: ='Green+Social Interface'!$O$6 -> 0.07 | K58: =IF(AND(L58>0,$B$85>0),L58/$B$85,0) -> 0 | L58: =AVERAGE(N58:BA58) -> 0 | M58: =SUM(N58:BA58) -> 0 | N58: =H58*G58*F58 -> 0 | O58: =N58*(1+'Green+Social Interface'!$I$35)*I58 -> 0 | P58: =O58*(1+'Green+Social Interface'!$I$35) -> 0 | Q58: =P58*(1+'Green+Social Interface'!$I$35) -> 0 | R58: =Q58*(1+'Green+Social Interface'!$I$35) -> 0 | S58: =R58*(1+'Green+Social Interface'!$I$35) -> 0 | T58: =S58*(1+'Green+Social Interface'!$I$35) -> 0 | U58: =T58*(1+'Green+Social Interface'!$I$35) -> 0 | V58: =U58*(1+'Green+Social Interface'!$I$35) -> 0 | W58: =V58*(1+'Green+Social Interface'!$I$35) -> 0 | ... BA58: =AZ58*(1+'Green+Social Interface'!$I$35) -> 0
C59: ASVB (WV) Anxiety relief | D59: Private | E59: 11825 | F59: =E59*VLOOKUP('Green+Social Interface'!$I$38,'Look-ups'!$A$15:$B$43,2,0) -> 12652.75 | G59: 0.06 | H59: =H40 -> 0 | I59: ='Green+Social Interface'!$O$6 -> 0.07 | K59: =IF(AND(L59>0,$B$85>0),L59/$B$85,0) -> 0 | L59: =AVERAGE(N59:BA59) -> 0 | M59: =SUM(N59:BA59) -> 0 | N59: =H59*G59*F59 -> 0 | O59: =N59*(1+'Green+Social Interface'!$I$35)*I59 -> 0 | P59: =O59*(1+'Green+Social Interface'!$I$35) -> 0 | Q59: =P59*(1+'Green+Social Interface'!$I$35) -> 0 | R59: =Q59*(1+'Green+Social Interface'!$I$35) -> 0 | S59: =R59*(1+'Green+Social Interface'!$I$35) -> 0 | T59: =S59*(1+'Green+Social Interface'!$I$35) -> 0 | U59: =T59*(1+'Green+Social Interface'!$I$35) -> 0 | V59: =U59*(1+'Green+Social Interface'!$I$35) -> 0 | W59: =V59*(1+'Green+Social Interface'!$I$35) -> 0 | ... BA59: =AZ59*(1+'Green+Social Interface'!$I$35) -> 0
C60: ASVB (WV) Overcrowding relief | D60: Private | E60: 3070 | F60: =E60*VLOOKUP('Green+Social Interface'!$I$38,'Look-ups'!$A$15:$B$43,2,0) -> 3284.9 | G60: 1 | H60: =H45 -> 0 | I60: ='Green+Social Interface'!$O$6 -> 0.07 | K60: =IF(AND(L60>0,$B$85>0),L60/$B$85,0) -> 0 | L60: =AVERAGE(N60:BA60) -> 0 | M60: =SUM(N60:BA60) -> 0 | N60: =H60*G60*F60 -> 0 | O60: =N60*(1+'Green+Social Interface'!$I$35)*I60 -> 0 | P60: =O60*(1+'Green+Social Interface'!$I$35) -> 0 | Q60: =P60*(1+'Green+Social Interface'!$I$35) -> 0 | R60: =Q60*(1+'Green+Social Interface'!$I$35) -> 0 | S60: =R60*(1+'Green+Social Interface'!$I$35) -> 0 | T60: =S60*(1+'Green+Social Interface'!$I$35) -> 0 | U60: =T60*(1+'Green+Social Interface'!$I$35) -> 0 | V60: =U60*(1+'Green+Social Interface'!$I$35) -> 0 | W60: =V60*(1+'Green+Social Interface'!$I$35) -> 0 | ... BA60: =AZ60*(1+'Green+Social Interface'!$I$35) -> 0
C61: ASVB (WV) Parental stress | D61: Private | E61: 7672 | F61: =E61*VLOOKUP('Green+Social Interface'!$I$38,'Look-ups'!$A$15:$B$43,2,0) -> 8209.04 | G61: 0.06 | H61: =(0.5*H$138)+(0.3*H$139) -> 0 | I61: ='Green+Social Interface'!$O$6 -> 0.07 | K61: =IF(AND(L61>0,$B$85>0),L61/$B$85,0) -> 0 | L61: =AVERAGE(N61:BA61) -> 0 | M61: =SUM(N61:BA61) -> 0 | N61: =H61*G61*F61 -> 0 | O61: =N61*(1+'Green+Social Interface'!$I$35)*I61 -> 0 | P61: =O61*(1+'Green+Social Interface'!$I$35) -> 0 | Q61: =P61*(1+'Green+Social Interface'!$I$35) -> 0 | R61: =Q61*(1+'Green+Social Interface'!$I$35) -> 0 | S61: =R61*(1+'Green+Social Interface'!$I$35) -> 0 | T61: =S61*(1+'Green+Social Interface'!$I$35) -> 0 | U61: =T61*(1+'Green+Social Interface'!$I$35) -> 0 | V61: =U61*(1+'Green+Social Interface'!$I$35) -> 0 | W61: =V61*(1+'Green+Social Interface'!$I$35) -> 0 | ... BA61: =AZ61*(1+'Green+Social Interface'!$I$35) -> 0
B62: Total wellbeing | K62: =IF(AND(L62>0,$B$85>0),L62/$B$85,0) -> 0 | L62: =AVERAGE(N62:BA62) -> 0 | M62: =SUM(N62:BA62) -> 0 | N62: =SUM(N50:N61) -> 0 | O62: =SUM(O50:O61) -> 0 | P62: =SUM(P50:P61) -> 0 | Q62: =SUM(Q50:Q61) -> 0 | R62: =SUM(R50:R61) -> 0 | S62: =SUM(S50:S61) -> 0 | T62: =SUM(T50:T61) -> 0 | U62: =SUM(U50:U61) -> 0 | ... BA62: =SUM(BA50:BA61) -> 0
K63: =IF(AND(L63>0,$B$85>0),L63/$B$85,0) -> 0
B64: Total wellbeing+private cash | D64: Private | K64: =IF(AND(L64>0,$B$85>0),L64/$B$85,0) -> 0 | L64: =AVERAGE(N64:BA64) -> 0 | M64: =M62+M48 -> 0 | N64: =N62+N48 -> 0 | O64: =O62+O48 -> 0 | P64: =P62+P48 -> 0 | Q64: =Q62+Q48 -> 0 | R64: =R62+R48 -> 0 | S64: =S62+S48 -> 0 | T64: =T62+T48 -> 0 | ... BA64: =BA62+BA48 -> 0
B65: Total monetary and wellbeing | K65: =IF(AND(L65>0,$B$85>0),L65/$B$85,0) -> 0 | L65: =AVERAGE(N65:BA65) -> 0 | M65: =SUM(N65:BA65) -> 0 | N65: =N62+N46 -> 0 | O65: =O62+O46 -> 0 | P65: =P62+P46 -> 0 | Q65: =Q62+Q46 -> 0 | R65: =R62+R46 -> 0 | S65: =S62+S46 -> 0 | T65: =T62+T46 -> 0 | U65: =U62+U46 -> 0 | ... BA65: =BA62+BA46 -> 0
B67: NPV | C67: Monetary | D67: Combined | M67: =NPV($C$79,N46:BA46) -> 0
C68: Public monetary | D68: Public | M68: =NPV($C$79,N47:BA47) -> 0
C69: Private monetary | D69: Private | M69: =NPV($C$79,N48:BA48) -> 0
C70: Private wellbeing monetary | D70: Private | M70: =NPV($C$79,N62:BA62) -> 0
C71: Private monetary and wellbeing monetary | D71: Private | M71: =NPV($C$79,N64:BA64) -> 0
C72: Total monetary and wellbeing monetary | D72: Combined | M72: =NPV($C$79,N65:BA65) -> 0
B78: Memo items
B79: Discount rate | C79: =(1+'Green+Social Interface'!$I$34)*(1+'Green+Social Interface'!$I$35)-1 -> 0.07
C84: Test for property count
B85: =SUM(E87,D88:E88,D90:E90,D92:E92,D94:E94,D96,E98,D103:E103,D112:E112,D117:E117,D122:E122,D127) -> 0 | C85: =B85=SUM('Green+Social Interface'!D18:D22,'Green+Social Interface'!I18:I22,'Green+Social Interface'!O18:O22,'Green+Social Interface'!T18:T22) -> TRUE | O85: Market Context Apartments | Q85: Rent
C86: Type | D86: Houses # | E86: Apartments # | F86: Houses # | G86: Apartments # | H86: Sum | O86: Dwelling Type | Q86: $/dwelling/week | R86: Number affordable | S86: Social housing rent per week | T86: Nominal saving social housing rent | U86: Effective market discount | V86: Number social | W86: Nominal rental saving affordable dwellings | X86: Nominal rental saving social housing dwelling
B87: Affordable | C87: Studio # | E87: ='Green+Social Interface'!$I$18 -> 0 | F87: =$D$87 -> 0 | G87: =$E$87 -> 0 | H87: =F87+G87 -> 0 | N87: Apartments | O87: Studio | Q87: ='Green+Social Interface'!J46 -> 280 | R87: ='Green+Social Interface'!$I$18 -> 0 | S87: =(VLOOKUP('Green+Social Interface'!$D$39,'Look-ups_2'!$B$4:$AB$113,18,FALSE)*'Look-ups_2'!$S$115)+(VLOOKUP('Green+Social Interface'!$D$39,'Look-ups_2'!$B$4:$AB$113,23,FALSE)*'Look-ups_2'!$X$115) -> 154.08 | T87: =Q87-S87 -> 125.92 | U87: =T87/Q87 -> 0.44971429 | V87: ='Green+Social Interface'!$T$18 -> 0 | W87: =((100%-$Q$103)*(Q87*R87))*52.1429 -> 0 | X87: =(T87*V87)*52.1429 -> 0
B88: Affordable | C88: 1-bed # | D88: ='Green+Social Interface'!$D$18 -> 0 | E88: ='Green+Social Interface'!$I$19 -> 0 | F88: =$D$88 -> 0 | G88: =$E$88 -> 0 | H88: =F88+G88 -> 0 | N88: Apartments | O88: 1-bed | Q88: ='Green+Social Interface'!J47 -> 377 | R88: ='Green+Social Interface'!$I$19 -> 0 | S88: =(VLOOKUP('Green+Social Interface'!$D$39,'Look-ups_2'!$B$4:$AB$113,18,FALSE)*'Look-ups_2'!$S$114)+(VLOOKUP('Green+Social Interface'!$D$39,'Look-ups_2'!$B$4:$AB$113,23,FALSE)*'Look-ups_2'!$X$114) -> 154.08 | T88: =Q88-S88 -> 222.92 | U88: =T88/Q88 -> 0.59129973 | V88: ='Green+Social Interface'!$T$19 -> 0 | W88: =((100%-$Q$103)*(Q88*R88))*52.1429 -> 0 | X88: =(T88*V88)*52.1429 -> 0
C89: Single adult % | D89: =IF('Green+Social Interface'!$D$18>0,'Green+Social Interface'!F18/'Green+Social Interface'!$D$18,0) -> 0 | E89: =IF('Green+Social Interface'!I19>0,'Green+Social Interface'!L19/'Green+Social Interface'!$I$19,0) -> 0 | F89: =D89*F88 -> 0 | G89: =E89*G88 -> 0 | H89: =F89+G89 -> 0 | N89: Apartments | O89: 2-bed | Q89: ='Green+Social Interface'!J48 -> 404 | R89: ='Green+Social Interface'!$I$20 -> 0 | S89: =(VLOOKUP('Green+Social Interface'!$D$39,'Look-ups_2'!$B$4:$AB$113,19,FALSE)*'Look-ups_2'!$S$114)+(VLOOKUP('Green+Social Interface'!$D$39,'Look-ups_2'!$B$4:$AB$113,24,FALSE)*'Look-ups_2'!$X$114) -> 145.52 | T89: =Q89-S89 -> 258.48 | U89: =T89/Q89 -> 0.63980198 | V89: ='Green+Social Interface'!$T$20 -> 0 | W89: =((100%-$Q$103)*(Q89*R89))*52.1429 -> 0 | X89: =(T89*V89)*52.1429 -> 0
B90: Affordable | C90: 2-bed # | D90: ='Green+Social Interface'!$D$19 -> 0 | E90: ='Green+Social Interface'!$I$20 -> 0 | F90: =$D$90 -> 0 | G90: =$E$90 -> 0 | H90: =F90+G90 -> 0 | N90: Apartments | O90: 3-bed | Q90: ='Green+Social Interface'!J49 -> 528 | R90: ='Green+Social Interface'!$I$21 -> 0 | S90: =(VLOOKUP('Green+Social Interface'!$D$39,'Look-ups_2'!$B$4:$AB$113,20,FALSE)*'Look-ups_2'!$S$114)+(VLOOKUP('Green+Social Interface'!$D$39,'Look-ups_2'!$B$4:$AB$113,25,FALSE)*'Look-ups_2'!$X$114) -> 164.78 | T90: =Q90-S90 -> 363.22 | U90: =T90/Q90 -> 0.68791667 | V90: ='Green+Social Interface'!$T$21 -> 0 | W90: =((100%-$Q$103)*(Q90*R90))*52.1429 -> 0 | X90: =(T90*V90)*52.1429 -> 0
C91: Single adult % | D91: =IF('Green+Social Interface'!$D$19>0,'Green+Social Interface'!F19/'Green+Social Interface'!$D$19,0) -> 0 | E91: =IF('Green+Social Interface'!I20>0,'Green+Social Interface'!L20/'Green+Social Interface'!$I$20,0) -> 0 | F91: =D91*F90 -> 0 | G91: =E91*G90 -> 0 | H91: =F91+G91 -> 0 | N91: Apartments | O91: 4-bed | Q91: ='Green+Social Interface'!J50 -> 593 | R91: ='Green+Social Interface'!$I$22 -> 0 | S91: =(VLOOKUP('Green+Social Interface'!$D$39,'Look-ups_2'!$B$4:$AB$113,21,FALSE)*'Look-ups_2'!$S$114)+(VLOOKUP('Green+Social Interface'!$D$39,'Look-ups_2'!$B$4:$AB$113,26,FALSE)*'Look-ups_2'!$X$114) -> 181.9 | T91: =Q91-S91 -> 411.1 | U91: =T91/Q91 -> 0.69325464 | V91: ='Green+Social Interface'!$T$22 -> 0 | W91: =((100%-$Q$103)*(Q91*R91))*52.1429 -> 0 | X91: =(T91*V91)*52.1429 -> 0
B92: Affordable | C92: 3-bed # | D92: ='Green+Social Interface'!$D$20 -> 0 | E92: ='Green+Social Interface'!$I$21 -> 0 | F92: =$D$92 -> 0 | G92: =$E$92 -> 0 | H92: =F92+G92 -> 0
C93: Single adult % | D93: =IF('Green+Social Interface'!$D$20>0,'Green+Social Interface'!F20/'Green+Social Interface'!$D$20,0) -> 0 | E93: =IF('Green+Social Interface'!I21>0,'Green+Social Interface'!L21/'Green+Social Interface'!$I$21,0) -> 0 | F93: =D93*F92 -> 0 | G93: =E93*G92 -> 0 | H93: =F93+G93 -> 0 | N93: Houses | O93: 1-bed | Q93: ='Green+Social Interface'!E46 -> 276 | R93: ='Green+Social Interface'!$D$18 -> 0 | S93: =(VLOOKUP('Green+Social Interface'!$D$39,'Look-ups_2'!$B$4:$AB$113,18,FALSE)*'Look-ups_2'!$S$114)+(VLOOKUP('Green+Social Interface'!$D$39,'Look-ups_2'!$B$4:$AB$113,23,FALSE)*'Look-ups_2'!$X$114) -> 154.08 | T93: =Q93-S93 -> 121.92 | U93: =T93/Q93 -> 0.44173913 | V93: ='Green+Social Interface'!$O$18 -> 0 | W93: =((100%-$Q$103)*(Q93*R93))*52.1429 -> 0 | X93: =(T93*V93)*52.1429 -> 0
B94: Affordable | C94: 4-bed # | D94: ='Green+Social Interface'!$D$21 -> 0 | E94: ='Green+Social Interface'!$I$22 -> 0 | F94: =$D$94 -> 0 | G94: =$E$94 -> 0 | H94: =F94+G94 -> 0 | N94: Houses | O94: 2-bed | Q94: ='Green+Social Interface'!E47 -> 398 | R94: ='Green+Social Interface'!$D$19 -> 0 | S94: =(VLOOKUP('Green+Social Interface'!$D$39,'Look-ups_2'!$B$4:$AB$113,19,FALSE)*'Look-ups_2'!$S$114)+(VLOOKUP('Green+Social Interface'!$D$39,'Look-ups_2'!$B$4:$AB$113,24,FALSE)*'Look-ups_2'!$X$114) -> 145.52 | T94: =Q94-S94 -> 252.48 | U94: =T94/Q94 -> 0.63437186 | V94: ='Green+Social Interface'!$O$19 -> 0 | W94: =((100%-$Q$103)*(Q94*R94))*52.1429 -> 0 | X94: =(T94*V94)*52.1429 -> 0
C95: Single adult % | D95: =IF('Green+Social Interface'!$D$21>0,'Green+Social Interface'!F21/'Green+Social Interface'!$D$21,0) -> 0 | E95: =IF('Green+Social Interface'!I22>0,'Green+Social Interface'!L22/'Green+Social Interface'!$I$22,0) -> 0 | F95: =D95*F94 -> 0 | G95: =E95*G94 -> 0 | H95: =F95+G95 -> 0 | N95: Houses | O95: 3-bed | Q95: ='Green+Social Interface'!E48 -> 486 | R95: ='Green+Social Interface'!$D$20 -> 0 | S95: =(VLOOKUP('Green+Social Interface'!$D$39,'Look-ups_2'!$B$4:$AB$113,20,FALSE)*'Look-ups_2'!$S$114)+(VLOOKUP('Green+Social Interface'!$D$39,'Look-ups_2'!$B$4:$AB$113,25,FALSE)*'Look-ups_2'!$X$114) -> 164.78 | T95: =Q95-S95 -> 321.22 | U95: =T95/Q95 -> 0.6609465 | V95: ='Green+Social Interface'!$O$20 -> 0 | W95: =((100%-$Q$103)*(Q95*R95))*52.1429 -> 0 | X95: =(T95*V95)*52.1429 -> 0
B96: Affordable | C96: 5-bed # | D96: ='Green+Social Interface'!$D$22 -> 0 | F96: =$D$96 -> 0 | H96: =F96+G96 -> 0 | N96: Houses | O96: 4-bed | Q96: ='Green+Social Interface'!E49 -> 619 | R96: ='Green+Social Interface'!$D$21 -> 0 | S96: =(VLOOKUP('Green+Social Interface'!$D$39,'Look-ups_2'!$B$4:$AB$113,21,FALSE)*'Look-ups_2'!$S$114)+(VLOOKUP('Green+Social Interface'!$D$39,'Look-ups_2'!$B$4:$AB$113,25,FALSE)*'Look-ups_2'!$X$114) -> 164.78 | T96: =Q96-S96 -> 454.22 | U96: =T96/Q96 -> 0.73379645 | V96: ='Green+Social Interface'!$O$21 -> 0 | W96: =((100%-$Q$103)*(Q96*R96))*52.1429 -> 0 | X96: =(T96*V96)*52.1429 -> 0
C97: Single adult % | D97: =IF('Green+Social Interface'!D22>0,'Green+Social Interface'!F22/'Green+Social Interface'!$D$22,0) -> 0 | F97: =D97*F96 -> 0 | H97: =F97+G97 -> 0 | N97: Houses | O97: 5-bed | Q97: ='Green+Social Interface'!E50 -> 746 | R97: ='Green+Social Interface'!$D$22 -> 0 | S97: =(VLOOKUP('Green+Social Interface'!$D$39,'Look-ups_2'!$B$4:$AB$113,22,FALSE)*'Look-ups_2'!$S$114)+(VLOOKUP('Green+Social Interface'!$D$39,'Look-ups_2'!$B$4:$AB$113,27,FALSE)*'Look-ups_2'!$X$114) -> 228.98 | T97: =Q97-S97 -> 517.02 | U97: =T97/Q97 -> 0.6930563 | V97: ='Green+Social Interface'!$O$22 -> 0 | W97: =((100%-$Q$103)*(Q97*R97))*52.1429 -> 0 | X97: =(T97*V97)*52.1429 -> 0
B98: Social | C98: Studio # | E98: ='Green+Social Interface'!$T$18 -> 0 | G98: =E98 -> 0 | H98: =F98+G98 -> 0 | O98: Commercial Area | P98: $/sq m | Q98: $/sq m/week | S98: NB Base rent for each capital city and region based no 2019/20 SIH | W98: Total nominal rental saving | X98: =SUM(W87:X97) -> 0 | Y98: =IF(X98>0,X98/'Green Infrastructure'!D72,0) -> 0
C99: Single adult % | E99: 1 | G99: =E99*$E$98 -> 0 | H99: =F99+G99 -> 0 | O99: General commercial | P99: 4000 | Q99: 20 | S99: Rent by household composition based on distribution of rents 2017/18 SIH
C100: Newstart % | E100: 0.35 | G100: =E100*$E$98 -> 0 | H100: =F100+G100 -> 0
C101: DSP % | E101: 0.4 | G101: =E101*$E$98 -> 0 | H101: =F101+G101 -> 0
C102: Pension % | E102: 0.25 | G102: =E102*$E$98 -> 0 | H102: =F102+G102 -> 0 | O102: Rental Rates
B103: Social | C103: 1-bed # | D103: ='Green+Social Interface'!$O$18 -> 0 | E103: ='Green+Social Interface'!$T$19 -> 0 | F103: =D103 -> 0 | G103: =E103 -> 0 | H103: =F103+G103 -> 0 | O103: Affordable Rental Rate (% of MARKET RENT) | Q103: ='Green+Social Interface'!$I$41 -> 0.7499
C104: Single adult % | D104: =IF('Green+Social Interface'!O18>0,'Green+Social Interface'!Q18/'Green+Social Interface'!O18,0) -> 0 | E104: =IF('Green+Social Interface'!T19>0,'Green+Social Interface'!W19/'Green+Social Interface'!T19,0) -> 0 | F104: =D104*$D$103 -> 0 | G104: =E104*$E$103 -> 0 | H104: =F104+G104 -> 0 | O104: Social Rental Max Rental Rate (% of INCOME)
C105: Newstart % | D105: 0.35 | E105: 0.35 | F105: =D105*$F$104 -> 0 | G105: =E105*$G$104 -> 0 | H105: =F105+G105 -> 0
C106: DSP % | D106: 0.4 | E106: 0.4 | F106: =D106*$F$104 -> 0 | G106: =E106*$G$104 -> 0 | H106: =F106+G106 -> 0
C107: Pension % | D107: 0.25 | E107: 0.25 | F107: =D107*$F$104 -> 0 | G107: =E107*$G$104 -> 0 | H107: =F107+G107 -> 0
C108: Couple, only % | D108: =1-D104 -> 1 | E108: =1-E104 -> 1 | F108: =D108*D103 -> 0 | G108: =E108*E103 -> 0 | H108: =F108+G108 -> 0
C109: Newstart % | D109: 0.35 | E109: 0.35 | F109: =D109*$F$108 -> 0 | G109: =E109*$G$108 -> 0 | H109: =F109+G109 -> 0
C110: DSP % | D110: 0.4 | E110: 0.4 | F110: =D110*$F$108 -> 0 | G110: =E110*$G$108 -> 0 | H110: =F110+G110 -> 0 | O110: Discount rate | Q110: ='Green+Social Interface'!I34+Q107 -> 0.07
C111: Pension % | D111: 0.25 | E111: 0.25 | F111: =D111*$F$108 -> 0 | G111: =E111*$G$108 -> 0 | H111: =F111+G111 -> 0
B112: Social | C112: 2-bed # | D112: ='Green+Social Interface'!$O$19 -> 0 | E112: ='Green+Social Interface'!$T$20 -> 0 | F112: =D112 -> 0 | G112: =E112 -> 0 | H112: =F112+G112 -> 0
...

Sheet Green Infrastructure
B1: Housing Infrastructure Funding
B2: Wider social and economic benefits | H2: REMEMBER TO ADJUST FOR BASE YEAR EFFECT | L2: 15
G3: Year | H3: 0 | M3: 1 | N3: 2 | O3: 3 | P3: 4 | Q3: 5 | R3: 6 | S3: 7 | T3: 8 | U3: 9 | V3: 10 | W3: 11 | X3: 12 | Y3: 13 | Z3: 14 | AA3: 15 | AB3: 16 | AC3: 17 | AD3: 18 | AE3: 19 | AF3: 20 | AG3: 21 | AH3: 22 | AI3: 23 | AJ3: 24 | AK3: 25 | AL3: 26 | AM3: 27 | AN3: 28 | AO3: 29 | AP3: 30 | AQ3: 31 | AR3: 32 | AS3: 33 | AT3: 34 | AU3: 35 | AV3: 36 | AW3: 37 | AX3: 38 | AY3: 39 | AZ3: 40
B4: Category | C4: Tenant | D4: Beneficiary | J4: Average per dwell, 40 years | K4: Average 40 years | L4: Total | M4: Yr 1 | N4: Yr 2 | O4: Yr 3 | P4: Yr 4 | Q4: Yr 5 | R4: Yr 6 | S4: Yr 7 | T4: Yr 8 | U4: Yr 9 | V4: Yr 10 | W4: Yr 11 | X4: Yr 12 | Y4: Yr 13 | Z4: Yr 14 | AA4: Yr 15 | AB4: Yr 16 | AC4: Yr 17 | AD4: Yr 18 | AE4: Yr 19 | AF4: Yr 20 | AG4: Yr 21 | AH4: Yr 22 | AI4: Yr 23 | AJ4: Yr 24 | AK4: Yr 25 | AL4: Yr 26 | AM4: Yr 27 | AN4: Yr 28 | AO4: Yr 29 | AP4: Yr 30 | AQ4: Yr 31 | AR4: Yr 32 | AS4: Yr 33 | AT4: Yr 34 | AU4: Yr 35 | AV4: Yr 36 | AW4: Yr 37 | AX4: Yr 38 | AY4: Yr 39 | AZ4: Yr 40
B5: Cash benefits
B6: Willingness to pay | F6: Inflation adjusted
C7: Large park (houses) | D7: Private | E7: =VLOOKUP($D$85,'Look-ups_2'!$B$118:$I$228,2,0) -> 50.1 | F7: =E7*VLOOKUP('Green+Social Interface'!$I$38,'Look-ups'!$A$15:$B$43,2,0)*52 -> 2787.564 | G7: ='Green+Social Interface'!$O$6 -> 0.07 | H7: non-use value | J7: =IF(AND(K7>0,$D$72>0),K7/$D$72,0) -> 0 | K7: =AVERAGE(M7:AZ7) -> 0 | L7: =SUM(M7:AZ7) -> 0 | M7: =$F$7*'Green+Social Interface'!$U$69 -> 0 | N7: =M7*(1+'Green+Social Interface'!$I$35)*G7 -> 0 | O7: =N7*(1+$D$74) -> 0 | P7: =O7*(1+$D$74) -> 0 | Q7: =P7*(1+$D$74) -> 0 | R7: =Q7*(1+$D$74) -> 0 | S7: =R7*(1+$D$74) -> 0 | T7: =S7*(1+$D$74) -> 0 | U7: =T7*(1+$D$74) -> 0 | V7: =U7*(1+$D$74) -> 0 | ... AZ7: =AY7*(1+$D$74) -> 0
C8: Access to public transport (houses) | D8: Private | E8: =VLOOKUP($D$85,'Look-ups_2'!$B$118:$I$228,3,0) -> 38.04 | F8: =E8*VLOOKUP('Green+Social Interface'!$I$38,'Look-ups'!$A$15:$B$43,2,0)*52 -> 2116.5456 | G8: ='Green+Social Interface'!$O$6 -> 0.07 | H8: non-use value | J8: =IF(AND(K8>0,$D$72>0),K8/$D$72,0) -> 0 | K8: =AVERAGE(M8:AZ8) -> 0 | L8: =SUM(M8:AZ8) -> 0 | M8: =$F$8*'Green+Social Interface'!$U$61 -> 0 | N8: =M8*(1+'Green+Social Interface'!$I$35)*G8 -> 0 | O8: =N8*(1+$D$74) -> 0 | P8: =O8*(1+$D$74) -> 0 | Q8: =P8*(1+$D$74) -> 0 | R8: =Q8*(1+$D$74) -> 0 | S8: =R8*(1+$D$74) -> 0 | T8: =S8*(1+$D$74) -> 0 | U8: =T8*(1+$D$74) -> 0 | V8: =U8*(1+$D$74) -> 0 | ... AZ8: =AY8*(1+$D$74) -> 0
C9: Balcony/private garden (flats) | D9: Private | E9: =VLOOKUP($D$85,'Look-ups_2'!$B$118:$I$228,4,0) -> 36.96 | F9: =E9*VLOOKUP('Green+Social Interface'!$I$38,'Look-ups'!$A$15:$B$43,2,0)*52 -> 2056.4544 | G9: ='Green+Social Interface'!$O$6 -> 0.07 | H9: non-use value | J9: =IF(AND(K9>0,$D$72>0),K9/$D$72,0) -> 0 | K9: =AVERAGE(M9:AZ9) -> 0 | L9: =SUM(M9:AZ9) -> 0 | M9: =($F$9*$D$86*(1-'Green+Social Interface'!$O$11)) -> 0 | N9: =M9*(1+'Green+Social Interface'!$I$35)*G9 -> 0 | O9: =N9*(1+$D$74) -> 0 | P9: =O9*(1+$D$74) -> 0 | Q9: =P9*(1+$D$74) -> 0 | R9: =Q9*(1+$D$74) -> 0 | S9: =R9*(1+$D$74) -> 0 | T9: =S9*(1+$D$74) -> 0 | U9: =T9*(1+$D$74) -> 0 | V9: =U9*(1+$D$74) -> 0 | ... AZ9: =AY9*(1+$D$74) -> 0
C10: Medium parks (flats) | D10: Private | E10: =VLOOKUP($D$85,'Look-ups_2'!$B$118:$I$228,5,0) -> 21.15 | F10: =E10*VLOOKUP('Green+Social Interface'!$I$38,'Look-ups'!$A$15:$B$43,2,0)*52 -> 1176.786 | G10: ='Green+Social Interface'!$O$6 -> 0.07 | H10: non-use value | J10: =IF(AND(K10>0,$D$72>0),K10/$D$72,0) -> 0 | K10: =AVERAGE(M10:AZ10) -> 0 | L10: =SUM(M10:AZ10) -> 0 | M10: =$F$10*'Green+Social Interface'!$U$72 -> 0 | N10: =M10*(1+'Green+Social Interface'!$I$35)*G10 -> 0 | O10: =N10*(1+$D$74) -> 0 | P10: =O10*(1+$D$74) -> 0 | Q10: =P10*(1+$D$74) -> 0 | R10: =Q10*(1+$D$74) -> 0 | S10: =R10*(1+$D$74) -> 0 | T10: =S10*(1+$D$74) -> 0 | U10: =T10*(1+$D$74) -> 0 | V10: =U10*(1+$D$74) -> 0 | ... AZ10: =AY10*(1+$D$74) -> 0
C11: Large park (flats) | D11: Private | E11: =VLOOKUP($D$85,'Look-ups_2'!$B$118:$I$228,6,0) -> 13.79 | F11: =E11*VLOOKUP('Green+Social Interface'!$I$38,'Look-ups'!$A$15:$B$43,2,0)*52 -> 767.2756 | G11: ='Green+Social Interface'!$O$6 -> 0.07 | H11: non-use value | J11: =IF(AND(K11>0,$D$72>0),K11/$D$72,0) -> 0 | K11: =AVERAGE(M11:AZ11) -> 0 | L11: =SUM(M11:AZ11) -> 0 | M11: =$F$11*'Green+Social Interface'!$U$73 -> 0 | N11: =M11*(1+'Green+Social Interface'!$I$35)*G11 -> 0 | O11: =N11*(1+$D$74) -> 0 | P11: =O11*(1+$D$74) -> 0 | Q11: =P11*(1+$D$74) -> 0 | R11: =Q11*(1+$D$74) -> 0 | S11: =R11*(1+$D$74) -> 0 | T11: =S11*(1+$D$74) -> 0 | U11: =T11*(1+$D$74) -> 0 | V11: =U11*(1+$D$74) -> 0 | ... AZ11: =AY11*(1+$D$74) -> 0
C12: Access to active transport (flats) | D12: Private | E12: =VLOOKUP($D$85,'Look-ups_2'!$B$118:$I$228,7,0) -> 12.13 | F12: =E12*VLOOKUP('Green+Social Interface'!$I$38,'Look-ups'!$A$15:$B$43,2,0)*52 -> 674.9132 | G12: ='Green+Social Interface'!$O$6 -> 0.07 | H12: non-use value | J12: =IF(AND(K12>0,$D$72>0),K12/$D$72,0) -> 0 | K12: =AVERAGE(M12:AZ12) -> 0 | L12: =SUM(M12:AZ12) -> 0 | M12: =$F$12*'Green+Social Interface'!$U$64 -> 0 | N12: =M12*(1+'Green+Social Interface'!$I$35)*G12 -> 0 | O12: =N12*(1+$D$74) -> 0 | P12: =O12*(1+$D$74) -> 0 | Q12: =P12*(1+$D$74) -> 0 | R12: =Q12*(1+$D$74) -> 0 | S12: =R12*(1+$D$74) -> 0 | T12: =S12*(1+$D$74) -> 0 | U12: =T12*(1+$D$74) -> 0 | V12: =U12*(1+$D$74) -> 0 | ... AZ12: =AY12*(1+$D$74) -> 0
C13: Access to public transport (flats) | D13: Private | E13: =VLOOKUP($D$85,'Look-ups_2'!$B$118:$I$228,8,0) -> 38.94 | F13: =E13*VLOOKUP('Green+Social Interface'!$I$38,'Look-ups'!$A$15:$B$43,2,0)*52 -> 2166.6216 | G13: ='Green+Social Interface'!$O$6 -> 0.07 | H13: non-use value | J13: =IF(AND(K13>0,$D$72>0),K13/$D$72,0) -> 0 | K13: =AVERAGE(M13:AZ13) -> 0 | L13: =SUM(M13:AZ13) -> 0 | M13: =$F$13*'Green+Social Interface'!$U$65 -> 0 | N13: =M13*(1+'Green+Social Interface'!$I$35)*G13 -> 0 | O13: =N13*(1+$D$74) -> 0 | P13: =O13*(1+$D$74) -> 0 | Q13: =P13*(1+$D$74) -> 0 | R13: =Q13*(1+$D$74) -> 0 | S13: =R13*(1+$D$74) -> 0 | T13: =S13*(1+$D$74) -> 0 | U13: =T13*(1+$D$74) -> 0 | V13: =U13*(1+$D$74) -> 0 | ... AZ13: =AY13*(1+$D$74) -> 0
B14: Sum WTP (since social housing tenants pay as a fraction of income, counted always) | J14: =IF(AND(K14>0,$D$72>0),K14/$D$72,0) -> 0 | K14: =AVERAGE(M14:AZ14) -> 0 | L14: =SUM(M14:AZ14) -> 0 | M14: =SUM(M7:M13) -> 0 | N14: =SUM(N7:N13) -> 0 | O14: =SUM(O7:O13) -> 0 | P14: =SUM(P7:P13) -> 0 | Q14: =SUM(Q7:Q13) -> 0 | R14: =SUM(R7:R13) -> 0 | S14: =SUM(S7:S13) -> 0 | T14: =SUM(T7:T13) -> 0 | ... AZ14: =SUM(AZ7:AZ13) -> 0
B15: Sum WTP (combines social and affordable results) summed under wellbeing (not this page) | J15: =IF(AND(K15>0,$D$72>0),K15/$D$72,0) -> 0 | K15: =AVERAGE(M15:AZ15) -> 0 | L15: =SUM(M15:AZ15) -> 0 | M15: =IF(OR('Green+Social Interface'!$D$34="No",'Green+Social Interface'!$D$35="No"),SUM(M7:M13),0) -> 0 | N15: =IF(OR('Green+Social Interface'!$D$34="No",'Green+Social Interface'!$D$35="No"),SUM(N7:N13),0) -> 0 | O15: =IF(OR('Green+Social Interface'!$D$34="No",'Green+Social Interface'!$D$35="No"),SUM(O7:O13),0) -> 0 | P15: =IF(OR('Green+Social Interface'!$D$34="No",'Green+Social Interface'!$D$35="No"),SUM(P7:P13),0) -> 0 | Q15: =IF(OR('Green+Social Interface'!$D$34="No",'Green+Social Interface'!$D$35="No"),SUM(Q7:Q13),0) -> 0 | R15: =IF(OR('Green+Social Interface'!$D$34="No",'Green+Social Interface'!$D$35="No"),SUM(R7:R13),0) -> 0 | S15: =IF(OR('Green+Social Interface'!$D$34="No",'Green+Social Interface'!$D$35="No"),SUM(S7:S13),0) -> 0 | T15: =IF(OR('Green+Social Interface'!$D$34="No",'Green+Social Interface'!$D$35="No"),SUM(T7:T13),0) -> 0 | ... AZ15: =IF(OR('Green+Social Interface'!$D$34="No",'Green+Social Interface'!$D$35="No"),SUM(AZ7:AZ13),0) -> 0
B16: Canopy cover
B17: CO2 sequestation | C17: Yrs 1-5 | D17: Public | E17: 0.24 | G17: in tons | J17: =IF(AND(K17>0,$D$72>0),K17/$D$72,0) -> 0 | K17: =AVERAGE(M17:AZ17) -> 0 | L17: =SUM(M17:AZ17) -> 0 | M17: =($E$17*($D$76-'Green+Social Interface'!$F$62)*44/12)/1000 -> 0 | N17: =($E$17*($D$76-'Green+Social Interface'!$F$62)*44/12)/1000 -> 0 | O17: =($E$17*($D$76-'Green+Social Interface'!$F$62)*44/12)/1000 -> 0 | P17: =($E$17*($D$76-'Green+Social Interface'!$F$62)*44/12)/1000 -> 0 | Q17: =($E$17*($D$76-'Green+Social Interface'!$F$62)*44/12)/1000 -> 0
C18: Yrs 6-10 | D18: Public | E18: 0.61 | G18: in tons | J18: =IF(AND(K18>0,$D$72>0),K18/$D$72,0) -> 0 | K18: =AVERAGE(M18:AZ18) -> 0 | L18: =SUM(M18:AZ18) -> 0 | R18: =($E$18*($D$76-'Green+Social Interface'!$F$62)*44/12)/1000 -> 0 | S18: =($E$18*($D$76-'Green+Social Interface'!$F$62)*44/12)/1000 -> 0 | T18: =($E$18*($D$76-'Green+Social Interface'!$F$62)*44/12)/1000 -> 0 | U18: =($E$18*($D$76-'Green+Social Interface'!$F$62)*44/12)/1000 -> 0 | V18: =($E$18*($D$76-'Green+Social Interface'!$F$62)*44/12)/1000 -> 0
C19: Yrs 10-20 | D19: Public | E19: 0.47 | G19: in tons | J19: =IF(AND(K19>0,$D$72>0),K19/$D$72,0) -> 0 | K19: =AVERAGE(M19:AZ19) -> 0 | L19: =SUM(M19:AZ19) -> 0 | W19: =($E$19*($D$76-'Green+Social Interface'!$F$62)*44/12)/1000 -> 0 | X19: =($E$19*($D$76-'Green+Social Interface'!$F$62)*44/12)/1000 -> 0 | Y19: =($E$19*($D$76-'Green+Social Interface'!$F$62)*44/12)/1000 -> 0 | Z19: =($E$19*($D$76-'Green+Social Interface'!$F$62)*44/12)/1000 -> 0 | AA19: =($E$19*($D$76-'Green+Social Interface'!$F$62)*44/12)/1000 -> 0 | AB19: =($E$19*($D$76-'Green+Social Interface'!$F$62)*44/12)/1000 -> 0 | AC19: =($E$19*($D$76-'Green+Social Interface'!$F$62)*44/12)/1000 -> 0 | AD19: =($E$19*($D$76-'Green+Social Interface'!$F$62)*44/12)/1000 -> 0 | ... AF19: =($E$19*($D$76-'Green+Social Interface'!$F$62)*44/12)/1000 -> 0
C20: Yrs 20+ | D20: Public | E20: 0.3 | G20: in tons | J20: =IF(AND(K20>0,$D$72>0),K20/$D$72,0) -> 0 | K20: =AVERAGE(M20:AZ20) -> 0 | L20: =SUM(M20:AZ20) -> 0 | AG20: =($E$20*($D$76-'Green+Social Interface'!$F$62)*44/12)/1000 -> 0 | AH20: =($E$20*($D$76-'Green+Social Interface'!$F$62)*44/12)/1000 -> 0 | AI20: =($E$20*($D$76-'Green+Social Interface'!$F$62)*44/12)/1000 -> 0 | AJ20: =($E$20*($D$76-'Green+Social Interface'!$F$62)*44/12)/1000 -> 0 | AK20: =($E$20*($D$76-'Green+Social Interface'!$F$62)*44/12)/1000 -> 0 | AL20: =($E$20*($D$76-'Green+Social Interface'!$F$62)*44/12)/1000 -> 0 | AM20: =($E$20*($D$76-'Green+Social Interface'!$F$62)*44/12)/1000 -> 0 | AN20: =($E$20*($D$76-'Green+Social Interface'!$F$62)*44/12)/1000 -> 0 | ... AZ20: =($E$20*($D$76-'Green+Social Interface'!$F$62)*44/12)/1000 -> 0
B21: CO2 sequestration total | C21: tons | D21: Public | G21: in tons | J21: =IF(AND(K21<>0,$D$72>0),K21/$D$72,0) -> 0 | K21: =AVERAGE(M21:AZ21) -> 0 | L21: =SUM(M21:AZ21) -> 0 | M21: =SUM(M17:M20) -> 0 | N21: =SUM(N17:N20) -> 0 | O21: =SUM(O17:O20) -> 0 | P21: =SUM(P17:P20) -> 0 | Q21: =SUM(Q17:Q20) -> 0 | R21: =SUM(R17:R20) -> 0 | S21: =SUM(S17:S20) -> 0 | T21: =SUM(T17:T20) -> 0 | ... AZ21: =SUM(AZ17:AZ20) -> 0
B22: CO2 sequestration value, $ | C22: Nominal | D22: Public | J22: =IF(AND(K22<>0,$D$72>0),K22/$D$72,0) -> 0 | K22: =AVERAGE(M22:AZ22) -> 0 | L22: =SUM(M22:AZ22) -> 0 | M22: =IF(M21<>0,M21*(('Green+Social Interface'!$Z$65*'Green+Social Interface'!$Z$62)*(1+0.0255)),0) -> 0 | N22: =IF(N21<>0,N21*(('Green+Social Interface'!$Z$65*'Green+Social Interface'!$Z$62)*((1+0.0255+$D$74)^(N$3-1))),0) -> 0 | O22: =IF(O21<>0,O21*(('Green+Social Interface'!$Z$65*'Green+Social Interface'!$Z$62)*((1+0.0255+$D$74)^(O$3-1))),0) -> 0 | P22: =IF(P21<>0,P21*(('Green+Social Interface'!$Z$65*'Green+Social Interface'!$Z$62)*((1+0.0255+$D$74)^(P$3-1))),0) -> 0 | Q22: =IF(Q21<>0,Q21*(('Green+Social Interface'!$Z$65*'Green+Social Interface'!$Z$62)*((1+0.0255+$D$74)^(Q$3-1))),0) -> 0 | R22: =IF(R21<>0,R21*(('Green+Social Interface'!$Z$65*'Green+Social Interface'!$Z$62)*((1+0.0255+$D$74)^(R$3-1))),0) -> 0 | S22: =IF(S21<>0,S21*(('Green+Social Interface'!$Z$65*'Green+Social Interface'!$Z$62)*((1+0.0255+$D$74)^(S$3-1))),0) -> 0 | T22: =IF(T21<>0,T21*(('Green+Social Interface'!$Z$65*'Green+Social Interface'!$Z$62)*((1+0.0255+$D$74)^(T$3-1))),0) -> 0 | U22: =IF(U21<>0,U21*(('Green+Social Interface'!$Z$65*'Green+Social Interface'!$Z$62)*((1+0.0255+$D$74)^(U$3-1))),0) -> 0 | ... AZ22: =IF(AZ21<>0,AZ21*(('Green+Social Interface'!$Z$65*'Green+Social Interface'!$Z$62)*((1+0.0255+$D$74)^(AZ$3-1))),0) -> 0
B23: CO2 sequestration value, $ | C23: Real | D23: Public | J23: =IF(AND(K23<>0,$D$72>0),K23/$D$72,0) -> 0 | K23: =AVERAGE(M23:AZ23) -> 0 | L23: =SUM(M23:AZ23) -> 0 | M23: =IF(M21<>0,M21*(('Green+Social Interface'!$Z$65*'Green+Social Interface'!$Z$62)*(1+0.0255)),0) -> 0 | N23: =IF(N21<>0,N21*(('Green+Social Interface'!$Z$65*'Green+Social Interface'!$Z$62)*((1+0.0255)^(N$3-1))),0) -> 0 | O23: =IF(O21<>0,O21*(('Green+Social Interface'!$Z$65*'Green+Social Interface'!$Z$62)*((1+0.0255)^(O$3-1))),0) -> 0 | P23: =IF(P21<>0,P21*(('Green+Social Interface'!$Z$65*'Green+Social Interface'!$Z$62)*((1+0.0255)^(P$3-1))),0) -> 0 | Q23: =IF(Q21<>0,Q21*(('Green+Social Interface'!$Z$65*'Green+Social Interface'!$Z$62)*((1+0.0255)^(Q$3-1))),0) -> 0 | R23: =IF(R21<>0,R21*(('Green+Social Interface'!$Z$65*'Green+Social Interface'!$Z$62)*((1+0.0255)^(R$3-1))),0) -> 0 | S23: =IF(S21<>0,S21*(('Green+Social Interface'!$Z$65*'Green+Social Interface'!$Z$62)*((1+0.0255)^(S$3-1))),0) -> 0 | T23: =IF(T21<>0,T21*(('Green+Social Interface'!$Z$65*'Green+Social Interface'!$Z$62)*((1+0.0255)^(T$3-1))),0) -> 0 | U23: =IF(U21<>0,U21*(('Green+Social Interface'!$Z$65*'Green+Social Interface'!$Z$62)*((1+0.0255)^(U$3-1))),0) -> 0 | ... AZ23: =IF(AZ21<>0,AZ21*(('Green+Social Interface'!$Z$65*'Green+Social Interface'!$Z$62)*((1+0.0255)^(AZ$3-1))),0) -> 0
B24: Urban cooling | E24: 2022 values (assumed 5% infl in 2022)
B25: Four growth phases assumed | C25: Health benefit from cooling (canopy v no veg) | D25: Public | E25: 3.045 | F25: =E25*VLOOKUP('Green+Social Interface'!$I$38,'Look-ups'!$A$15:$B$43,2,0) -> 3.25815 | J25: =IF(AND(K25<>0,$D$72>0),K25/$D$72,0) -> 0 | K25: =AVERAGE(M25:AZ25) -> 0 | L25: =SUM(M25:AZ25) -> 0 | M25: =IF('Green+Social Interface'!U11>0,(('Green+Social Interface'!$U$76*'Green+Social Interface'!$Z$68*((ROUNDDOWN(($D$76-'Green+Social Interface'!$F$62)/'Green+Social Interface'!$U$11*100,-1)/10)*1.13)*'Green Infrastructure'!$F$25))*0.25,0) -> 0 | N25: =IF($M$25<>0,$M$25*(1+$D$74),0) -> 0 | O25: =IF($M$25<>0,$M$25*(1+$D$74),0) -> 0 | P25: =IF($M$25<>0,$M$25*(1+$D$74),0) -> 0 | Q25: =IF($M$25<>0,$M$25*(1+$D$74),0) -> 0 | R25: =IF($M$25<>0,($M$25*2)*(1+$D$74),0) -> 0 | S25: =IF($M$25<>0,($M$25*2)*(1+$D$74),0) -> 0 | T25: =IF($M$25<>0,($M$25*2)*(1+$D$74),0) -> 0 | U25: =IF($M$25<>0,($M$25*2)*(1+$D$74),0) -> 0 | V25: =IF($M$25<>0,($M$25*2)*(1+$D$74),0) -> 0 | W25: =IF($M$25<>0,($M$25*3)*(1+$D$74),0) -> 0 | X25: =IF($M$25<>0,($M$25*3)*(1+$D$74),0) -> 0 | Y25: =IF($M$25<>0,($M$25*3)*(1+$D$74),0) -> 0 | Z25: =IF($M$25<>0,($M$25*3)*(1+$D$74),0) -> 0 | AA25: =IF($M$25<>0,($M$25*3)*(1+$D$74),0) -> 0 | AB25: =IF($M$25<>0,($M$25*3)*(1+$D$74),0) -> 0 | AC25: =IF($M$25<>0,($M$25*3)*(1+$D$74),0) -> 0 | AD25: =IF($M$25<>0,($M$25*3)*(1+$D$74),0) -> 0 | ... AF25: =IF($M$25<>0,($M$25*3)*(1+$D$74),0) -> 0 | AG25: =IF($M$25<>0,($M$25*4)*(1+$D$74),0) -> 0 | AH25: =IF($M$25<>0,($M$25*4)*(1+$D$74),0) -> 0 | AI25: =IF($M$25<>0,($M$25*4)*(1+$D$74),0) -> 0 | AJ25: =IF($M$25<>0,($M$25*4)*(1+$D$74),0) -> 0 | AK25: =IF($M$25<>0,($M$25*4)*(1+$D$74),0) -> 0 | AL25: =IF($M$25<>0,($M$25*4)*(1+$D$74),0) -> 0 | AM25: =IF($M$25<>0,($M$25*4)*(1+$D$74),0) -> 0 | AN25: =IF($M$25<>0,($M$25*4)*(1+$D$74),0) -> 0 | ... AZ25: =IF($M$25<>0,($M$25*4)*(1+$D$74),0) -> 0
C26: Health benefit from cooling (green space v no veg) | D26: Public | E26: 3.045 | F26: =E26*VLOOKUP('Green+Social Interface'!$I$38,'Look-ups'!$A$15:$B$43,2,0) -> 3.25815 | J26: =IF(AND(K26<>0,$D$72>0),K26/$D$72,0) -> 0 | K26: =AVERAGE(M26:AZ26) -> 0 | L26: =SUM(M26:AZ26) -> 0 | M26: =IF('Green+Social Interface'!U11>0,('Green+Social Interface'!$U$76*'Green+Social Interface'!$Z$68*((ROUNDDOWN(($D$77-('Green+Social Interface'!$F$61-'Green+Social Interface'!$F$62))/'Green+Social Interface'!$U$11*100,-1)/10)*0.5)*'Green Infrastructure'!$F$26),0) -> 0 | N26: =IF(M26<>0,M26*(1+$D$74),0) -> 0 | O26: =IF(N26<>0,N26*(1+$D$74),0) -> 0 | P26: =IF(O26<>0,O26*(1+$D$74),0) -> 0 | Q26: =IF(P26<>0,P26*(1+$D$74),0) -> 0 | R26: =IF(Q26<>0,Q26*(1+$D$74),0) -> 0 | S26: =IF(R26<>0,R26*(1+$D$74),0) -> 0 | T26: =IF(S26<>0,S26*(1+$D$74),0) -> 0 | U26: =IF(T26<>0,T26*(1+$D$74),0) -> 0 | ... AZ26: =IF(AY26<>0,AY26*(1+$D$74),0) -> 0
B27: Four growth phases assumed | C27: Reduced cooling cost (canopy v no veg) | D27: Private | E27: 14.175 | F27: =E27*VLOOKUP('Green+Social Interface'!$I$38,'Look-ups'!$A$15:$B$43,2,0) -> 15.16725 | J27: =IF(AND(K27<>0,$D$72>0),K27/$D$72,0) -> 0 | K27: =AVERAGE(M27:AZ27) -> 0 | L27: =SUM(M27:AZ27) -> 0 | M27: =IF('Green+Social Interface'!U11>0,(($D$73*((ROUNDDOWN(($D$76-'Green+Social Interface'!$F$62)/'Green+Social Interface'!$U$11*100,-1)/10)*1.13)*'Green Infrastructure'!$F$27)*0.25),0) -> 0 | N27: =IF($M$27<>0,$M$27*(1+$D$74),0) -> 0 | O27: =IF($M$27<>0,$M$27*(1+$D$74),0) -> 0 | P27: =IF($M$27<>0,$M$27*(1+$D$74),0) -> 0 | Q27: =IF($M$27<>0,$M$27*(1+$D$74),0) -> 0 | R27: =IF($M$27<>0,($M$27*2)*(1+$D$74),0) -> 0 | S27: =IF($M$27<>0,($M$27*2)*(1+$D$74),0) -> 0 | T27: =IF($M$27<>0,($M$27*2)*(1+$D$74),0) -> 0 | U27: =IF($M$27<>0,($M$27*2)*(1+$D$74),0) -> 0 | V27: =IF($M$27<>0,($M$27*2)*(1+$D$74),0) -> 0 | W27: =IF($M$27<>0,($M$27*3)*(1+$D$74),0) -> 0 | X27: =IF($M$27<>0,($M$27*3)*(1+$D$74),0) -> 0 | Y27: =IF($M$27<>0,($M$27*3)*(1+$D$74),0) -> 0 | Z27: =IF($M$27<>0,($M$27*3)*(1+$D$74),0) -> 0 | AA27: =IF($M$27<>0,($M$27*3)*(1+$D$74),0) -> 0 | AB27: =IF($M$27<>0,($M$27*3)*(1+$D$74),0) -> 0 | AC27: =IF($M$27<>0,($M$27*3)*(1+$D$74),0) -> 0 | AD27: =IF($M$27<>0,($M$27*3)*(1+$D$74),0) -> 0 | ... AF27: =IF($M$27<>0,($M$27*3)*(1+$D$74),0) -> 0 | AG27: =IF($M$27<>0,($M$27*4)*(1+$D$74),0) -> 0 | AH27: =IF($M$27<>0,($M$27*4)*(1+$D$74),0) -> 0 | AI27: =IF($M$27<>0,($M$27*4)*(1+$D$74),0) -> 0 | AJ27: =IF($M$27<>0,($M$27*4)*(1+$D$74),0) -> 0 | AK27: =IF($M$27<>0,($M$27*4)*(1+$D$74),0) -> 0 | AL27: =IF($M$27<>0,($M$27*4)*(1+$D$74),0) -> 0 | AM27: =IF($M$27<>0,($M$27*4)*(1+$D$74),0) -> 0 | AN27: =IF($M$27<>0,($M$27*4)*(1+$D$74),0) -> 0 | ... AZ27: =IF($M$27<>0,($M$27*4)*(1+$D$74),0) -> 0
C28: Reduced cooling cost green space v no veg) | D28: Private | E28: 14.175 | F28: =E28*VLOOKUP('Green+Social Interface'!$I$38,'Look-ups'!$A$15:$B$43,2,0) -> 15.16725 | J28: =IF(AND(K28<>0,$D$72>0),K28/$D$72,0) -> 0 | K28: =AVERAGE(M28:AZ28) -> 0 | L28: =SUM(M28:AZ28) -> 0 | M28: =IF('Green+Social Interface'!U11>0,($D$73*((ROUNDDOWN(($D$77-('Green+Social Interface'!$F$61-'Green+Social Interface'!$F$62))/'Green+Social Interface'!$U$11*100,-1)/10)*0.5)*'Green Infrastructure'!$F$28),0) -> 0 | N28: =IF(M28<>0,M28*(1+$D$74),0) -> 0 | O28: =IF(N28<>0,N28*(1+$D$74),0) -> 0 | P28: =IF(O28<>0,O28*(1+$D$74),0) -> 0 | Q28: =IF(P28<>0,P28*(1+$D$74),0) -> 0 | R28: =IF(Q28<>0,Q28*(1+$D$74),0) -> 0 | S28: =IF(R28<>0,R28*(1+$D$74),0) -> 0 | T28: =IF(S28<>0,S28*(1+$D$74),0) -> 0 | U28: =IF(T28<>0,T28*(1+$D$74),0) -> 0 | ... AZ28: =IF(AY28<>0,AY28*(1+$D$74),0) -> 0
B29: Four growth phases assumed | C29: Reduced GHG from cooling (canopy v no veg) | D29: Public | E29: 0.035 | F29: tons CO2-e per 10%, per household | J29: =IF(AND(K29>0,$D$72>0),K29/$D$72,0) -> 0 | K29: =AVERAGE(M29:AZ29) -> 0 | L29: =SUM(M29:AZ29) -> 0 | M29: =IF('Green+Social Interface'!$U$11>0,(($D$73*((ROUNDDOWN(($D$76-'Green+Social Interface'!$F$62)/'Green+Social Interface'!$U$11*100,-1)/10)*1.13)*'Green Infrastructure'!$E$29)*0.25),0) -> 0 | N29: =IF('Green+Social Interface'!$U$11>0,(($D$73*((ROUNDDOWN(($D$76-'Green+Social Interface'!$F$62)/'Green+Social Interface'!$U$11*100,-1)/10)*1.13)*'Green Infrastructure'!$E$29)*0.25),0) -> 0 | O29: =IF('Green+Social Interface'!$U$11>0,(($D$73*((ROUNDDOWN(($D$76-'Green+Social Interface'!$F$62)/'Green+Social Interface'!$U$11*100,-1)/10)*1.13)*'Green Infrastructure'!$E$29)*0.25),0) -> 0 | P29: =IF('Green+Social Interface'!$U$11>0,(($D$73*((ROUNDDOWN(($D$76-'Green+Social Interface'!$F$62)/'Green+Social Interface'!$U$11*100,-1)/10)*1.13)*'Green Infrastructure'!$E$29)*0.25),0) -> 0 | Q29: =IF('Green+Social Interface'!$U$11>0,(($D$73*((ROUNDDOWN(($D$76-'Green+Social Interface'!$F$62)/'Green+Social Interface'!$U$11*100,-1)/10)*1.13)*'Green Infrastructure'!$E$29)*0.25),0) -> 0 | R29: =IF('Green+Social Interface'!$U$11>0,(($D$73*((ROUNDDOWN(($D$76-'Green+Social Interface'!$F$62)/'Green+Social Interface'!$U$11*100,-1)/10)*1.13)*'Green Infrastructure'!$E$29)*0.5),0) -> 0 | S29: =IF('Green+Social Interface'!$U$11>0,(($D$73*((ROUNDDOWN(($D$76-'Green+Social Interface'!$F$62)/'Green+Social Interface'!$U$11*100,-1)/10)*1.13)*'Green Infrastructure'!$E$29)*0.5),0) -> 0 | T29: =IF('Green+Social Interface'!$U$11>0,(($D$73*((ROUNDDOWN(($D$76-'Green+Social Interface'!$F$62)/'Green+Social Interface'!$U$11*100,-1)/10)*1.13)*'Green Infrastructure'!$E$29)*0.5),0) -> 0 | U29: =IF('Green+Social Interface'!$U$11>0,(($D$73*((ROUNDDOWN(($D$76-'Green+Social Interface'!$F$62)/'Green+Social Interface'!$U$11*100,-1)/10)*1.13)*'Green Infrastructure'!$E$29)*0.5),0) -> 0 | V29: =IF('Green+Social Interface'!$U$11>0,(($D$73*((ROUNDDOWN(($D$76-'Green+Social Interface'!$F$62)/'Green+Social Interface'!$U$11*100,-1)/10)*1.13)*'Green Infrastructure'!$E$29)*0.5),0) -> 0 | W29: =IF('Green+Social Interface'!$U$11>0,(($D$73*((ROUNDDOWN(($D$76-'Green+Social Interface'!$F$62)/'Green+Social Interface'!$U$11*100,-1)/10)*1.13)*'Green Infrastructure'!$E$29)*0.75),0) -> 0 | X29: =IF('Green+Social Interface'!$U$11>0,(($D$73*((ROUNDDOWN(($D$76-'Green+Social Interface'!$F$62)/'Green+Social Interface'!$U$11*100,-1)/10)*1.13)*'Green Infrastructure'!$E$29)*0.75),0) -> 0 | Y29: =IF('Green+Social Interface'!$U$11>0,(($D$73*((ROUNDDOWN(($D$76-'Green+Social Interface'!$F$62)/'Green+Social Interface'!$U$11*100,-1)/10)*1.13)*'Green Infrastructure'!$E$29)*0.75),0) -> 0 | Z29: =IF('Green+Social Interface'!$U$11>0,(($D$73*((ROUNDDOWN(($D$76-'Green+Social Interface'!$F$62)/'Green+Social Interface'!$U$11*100,-1)/10)*1.13)*'Green Infrastructure'!$E$29)*0.75),0) -> 0 | AA29: =IF('Green+Social Interface'!$U$11>0,(($D$73*((ROUNDDOWN(($D$76-'Green+Social Interface'!$F$62)/'Green+Social Interface'!$U$11*100,-1)/10)*1.13)*'Green Infrastructure'!$E$29)*0.75),0) -> 0 | AB29: =IF('Green+Social Interface'!$U$11>0,(($D$73*((ROUNDDOWN(($D$76-'Green+Social Interface'!$F$62)/'Green+Social Interface'!$U$11*100,-1)/10)*1.13)*'Green Infrastructure'!$E$29)*0.75),0) -> 0 | AC29: =IF('Green+Social Interface'!$U$11>0,(($D$73*((ROUNDDOWN(($D$76-'Green+Social Interface'!$F$62)/'Green+Social Interface'!$U$11*100,-1)/10)*1.13)*'Green Infrastructure'!$E$29)*0.75),0) -> 0 | AD29: =IF('Green+Social Interface'!$U$11>0,(($D$73*((ROUNDDOWN(($D$76-'Green+Social Interface'!$F$62)/'Green+Social Interface'!$U$11*100,-1)/10)*1.13)*'Green Infrastructure'!$E$29)*0.75),0) -> 0 | ... AF29: =IF('Green+Social Interface'!$U$11>0,(($D$73*((ROUNDDOWN(($D$76-'Green+Social Interface'!$F$62)/'Green+Social Interface'!$U$11*100,-1)/10)*1.13)*'Green Infrastructure'!$E$29)*0.75),0) -> 0 | AG29: =IF('Green+Social Interface'!$U$11>0,(($D$73*((ROUNDDOWN(($D$76-'Green+Social Interface'!$F$62)/'Green+Social Interface'!$U$11*100,-1)/10)*1.13)*'Green Infrastructure'!$E$29)),0) -> 0 | AH29: =IF('Green+Social Interface'!$U$11>0,(($D$73*((ROUNDDOWN(($D$76-'Green+Social Interface'!$F$62)/'Green+Social Interface'!$U$11*100,-1)/10)*1.13)*'Green Infrastructure'!$E$29)),0) -> 0 | AI29: =IF('Green+Social Interface'!$U$11>0,(($D$73*((ROUNDDOWN(($D$76-'Green+Social Interface'!$F$62)/'Green+Social Interface'!$U$11*100,-1)/10)*1.13)*'Green Infrastructure'!$E$29)),0) -> 0 | AJ29: =IF('Green+Social Interface'!$U$11>0,(($D$73*((ROUNDDOWN(($D$76-'Green+Social Interface'!$F$62)/'Green+Social Interface'!$U$11*100,-1)/10)*1.13)*'Green Infrastructure'!$E$29)),0) -> 0 | AK29: =IF('Green+Social Interface'!$U$11>0,(($D$73*((ROUNDDOWN(($D$76-'Green+Social Interface'!$F$62)/'Green+Social Interface'!$U$11*100,-1)/10)*1.13)*'Green Infrastructure'!$E$29)),0) -> 0 | AL29: =IF('Green+Social Interface'!$U$11>0,(($D$73*((ROUNDDOWN(($D$76-'Green+Social Interface'!$F$62)/'Green+Social Interface'!$U$11*100,-1)/10)*1.13)*'Green Infrastructure'!$E$29)),0) -> 0 | AM29: =IF('Green+Social Interface'!$U$11>0,(($D$73*((ROUNDDOWN(($D$76-'Green+Social Interface'!$F$62)/'Green+Social Interface'!$U$11*100,-1)/10)*1.13)*'Green Infrastructure'!$E$29)),0) -> 0 | AN29: =IF('Green+Social Interface'!$U$11>0,(($D$73*((ROUNDDOWN(($D$76-'Green+Social Interface'!$F$62)/'Green+Social Interface'!$U$11*100,-1)/10)*1.13)*'Green Infrastructure'!$E$29)),0) -> 0 | ... AZ29: =IF('Green+Social Interface'!$U$11>0,(($D$73*((ROUNDDOWN(($D$76-'Green+Social Interface'!$F$62)/'Green+Social Interface'!$U$11*100,-1)/10)*1.13)*'Green Infrastructure'!$E$29)),0) -> 0
C30: Reduced GHG from cooling (green space v no veg) | D30: Public | E30: 0.035 | F30: tons CO2-e per 10%, per household | J30: =IF(AND(K30>0,$D$72>0),K30/$D$72,0) -> 0 | K30: =AVERAGE(M30:AZ30) -> 0 | L30: =SUM(M30:AZ30) -> 0 | M30: =IF('Green+Social Interface'!$U$11>0,(($D$73*((ROUNDDOWN(($D$77-('Green+Social Interface'!$F$61-'Green+Social Interface'!$F$62))/'Green+Social Interface'!$U$11*100,-1)/10)*0.5)*'Green Infrastructure'!$E$30)),0) -> 0 | N30: =IF('Green+Social Interface'!$U$11>0,(($D$73*((ROUNDDOWN(($D$77-('Green+Social Interface'!$F$61-'Green+Social Interface'!$F$62))/'Green+Social Interface'!$U$11*100,-1)/10)*0.5)*'Green Infrastructure'!$E$30)),0) -> 0 | O30: =IF('Green+Social Interface'!$U$11>0,(($D$73*((ROUNDDOWN(($D$77-('Green+Social Interface'!$F$61-'Green+Social Interface'!$F$62))/'Green+Social Interface'!$U$11*100,-1)/10)*0.5)*'Green Infrastructure'!$E$30)),0) -> 0 | P30: =IF('Green+Social Interface'!$U$11>0,(($D$73*((ROUNDDOWN(($D$77-('Green+Social Interface'!$F$61-'Green+Social Interface'!$F$62))/'Green+Social Interface'!$U$11*100,-1)/10)*0.5)*'Green Infrastructure'!$E$30)),0) -> 0 | Q30: =IF('Green+Social Interface'!$U$11>0,(($D$73*((ROUNDDOWN(($D$77-('Green+Social Interface'!$F$61-'Green+Social Interface'!$F$62))/'Green+Social Interface'!$U$11*100,-1)/10)*0.5)*'Green Infrastructure'!$E$30)),0) -> 0 | R30: =IF('Green+Social Interface'!$U$11>0,(($D$73*((ROUNDDOWN(($D$77-('Green+Social Interface'!$F$61-'Green+Social Interface'!$F$62))/'Green+Social Interface'!$U$11*100,-1)/10)*0.5)*'Green Infrastructure'!$E$30)),0) -> 0 | S30: =IF('Green+Social Interface'!$U$11>0,(($D$73*((ROUNDDOWN(($D$77-('Green+Social Interface'!$F$61-'Green+Social Interface'!$F$62))/'Green+Social Interface'!$U$11*100,-1)/10)*0.5)*'Green Infrastructure'!$E$30)),0) -> 0 | T30: =IF('Green+Social Interface'!$U$11>0,(($D$73*((ROUNDDOWN(($D$77-('Green+Social Interface'!$F$61-'Green+Social Interface'!$F$62))/'Green+Social Interface'!$U$11*100,-1)/10)*0.5)*'Green Infrastructure'!$E$30)),0) -> 0 | ... AZ30: =IF('Green+Social Interface'!$U$11>0,(($D$73*((ROUNDDOWN(($D$77-('Green+Social Interface'!$F$61-'Green+Social Interface'!$F$62))/'Green+Social Interface'!$U$11*100,-1)/10)*0.5)*'Green Infrastructure'!$E$30)),0) -> 0
C31: Reduced GHG from cooling (canopy v no veg) | D31: Public | E31: From carbon price | J31: =IF(AND(K31<>0,$D$72>0),K31/$D$72,0) -> 0 | K31: =AVERAGE(M31:AZ31) -> 0 | L31: =SUM(M31:AZ31) -> 0 | M31: =M29*(('Green+Social Interface'!$Z$62*'Green+Social Interface'!$Z$65)*(1+0.0255)) -> 0 | N31: =N29*(('Green+Social Interface'!$Z$62*'Green+Social Interface'!$Z$65)*((1+0.0255+$D$74)^($N3-1))) -> 0 | O31: =O29*(('Green+Social Interface'!$Z$62*'Green+Social Interface'!$Z$65)*((1+0.0255+$D$74)^($N3-1))) -> 0 | P31: =P29*(('Green+Social Interface'!$Z$62*'Green+Social Interface'!$Z$65)*((1+0.0255+$D$74)^($N3-1))) -> 0 | Q31: =Q29*(('Green+Social Interface'!$Z$62*'Green+Social Interface'!$Z$65)*((1+0.0255+$D$74)^($N3-1))) -> 0 | R31: =R29*(('Green+Social Interface'!$Z$62*'Green+Social Interface'!$Z$65)*((1+0.0255+$D$74)^($N3-1))) -> 0 | S31: =S29*(('Green+Social Interface'!$Z$62*'Green+Social Interface'!$Z$65)*((1+0.0255+$D$74)^($N3-1))) -> 0 | T31: =T29*(('Green+Social Interface'!$Z$62*'Green+Social Interface'!$Z$65)*((1+0.0255+$D$74)^($N3-1))) -> 0 | U31: =U29*(('Green+Social Interface'!$Z$62*'Green+Social Interface'!$Z$65)*((1+0.0255+$D$74)^($N3-1))) -> 0 | ... AZ31: =AZ29*(('Green+Social Interface'!$Z$62*'Green+Social Interface'!$Z$65)*((1+0.0255+$D$74)^($N3-1))) -> 0
C32: Reduced GHG from cooling (green space v no veg) | D32: Public | E32: From carbon price | J32: =IF(AND(K32<>0,$D$72>0),K32/$D$72,0) -> 0 | K32: =AVERAGE(M32:AZ32) -> 0 | L32: =SUM(M32:AZ32) -> 0 | M32: =M30*(('Green+Social Interface'!$Z$62*'Green+Social Interface'!$Z$65)*(1+0.0255)) -> 0 | N32: =N30*(('Green+Social Interface'!$Z$62*'Green+Social Interface'!$Z$65)*((1+0.0255+$D$74)^(N$3-1))) -> 0 | O32: =O30*(('Green+Social Interface'!$Z$62*'Green+Social Interface'!$Z$65)*((1+0.0255+$D$74)^(O$3-1))) -> 0 | P32: =P30*(('Green+Social Interface'!$Z$62*'Green+Social Interface'!$Z$65)*((1+0.0255+$D$74)^(P$3-1))) -> 0 | Q32: =Q30*(('Green+Social Interface'!$Z$62*'Green+Social Interface'!$Z$65)*((1+0.0255+$D$74)^(Q$3-1))) -> 0 | R32: =R30*(('Green+Social Interface'!$Z$62*'Green+Social Interface'!$Z$65)*((1+0.0255+$D$74)^(R$3-1))) -> 0 | S32: =S30*(('Green+Social Interface'!$Z$62*'Green+Social Interface'!$Z$65)*((1+0.0255+$D$74)^(S$3-1))) -> 0 | T32: =T30*(('Green+Social Interface'!$Z$62*'Green+Social Interface'!$Z$65)*((1+0.0255+$D$74)^(T$3-1))) -> 0 | U32: =U30*(('Green+Social Interface'!$Z$62*'Green+Social Interface'!$Z$65)*((1+0.0255+$D$74)^(U$3-1))) -> 0 | ... AZ32: =AZ30*(('Green+Social Interface'!$Z$62*'Green+Social Interface'!$Z$65)*((1+0.0255+$D$74)^(AZ$3-1))) -> 0
B33: Air quality
B34: Four growth phases assumed | C34: Air quality from tree canopy | D34: Public | E34: 353.6715 | F34: =E34*VLOOKUP('Green+Social Interface'!$I$38,'Look-ups'!$A$15:$B$43,2,0) -> 378.4285 | G34: Damage cost per ton, 2022 | J34: =IF(AND(K34>0,$D$72>0),K34/$D$72,0) -> 0 | K34: =AVERAGE(M34:AZ34) -> 0 | L34: =SUM(M34:AZ34) -> 0 | M34: =(((0.25/10^6)*(('Green Infrastructure'!$F$34*VLOOKUP('Green+Social Interface'!$D$39,'Look-ups_2'!$B$4:$E$114,4,0))))*D75)*0.25 -> 0 | N34: =IF(M34<>0,M34*(1+$D$74),0) -> 0 | O34: =IF(N34<>0,N34*(1+$D$74),0) -> 0 | P34: =IF(O34<>0,O34*(1+$D$74),0) -> 0 | Q34: =IF(P34<>0,P34*(1+$D$74),0) -> 0 | R34: =(IF(Q34<>0,Q34*(1+$D$74),0))*2 -> 0 | S34: =IF(R34<>0,R34*(1+$D$74),0) -> 0 | T34: =IF(S34<>0,S34*(1+$D$74),0) -> 0 | U34: =IF(T34<>0,T34*(1+$D$74),0) -> 0 | V34: =IF(U34<>0,U34*(1+$D$74),0) -> 0 | W34: =(IF(V34<>0,V34*(1+$D$74),0))*1.5 -> 0 | X34: =IF(W34<>0,W34*(1+$D$74),0) -> 0 | Y34: =IF(X34<>0,X34*(1+$D$74),0) -> 0 | Z34: =IF(Y34<>0,Y34*(1+$D$74),0) -> 0 | AA34: =IF(Z34<>0,Z34*(1+$D$74),0) -> 0 | AB34: =IF(AA34<>0,AA34*(1+$D$74),0) -> 0 | AC34: =IF(AB34<>0,AB34*(1+$D$74),0) -> 0 | AD34: =IF(AC34<>0,AC34*(1+$D$74),0) -> 0 | AE34: =IF(AD34<>0,AD34*(1+$D$74),0) -> 0 | AF34: =IF(AE34<>0,AE34*(1+$D$74),0) -> 0 | AG34: =(IF(AF34<>0,AF34*(1+$D$74),0))*1.33333 -> 0 | AH34: =IF(AG34<>0,AG34*(1+$D$74),0) -> 0 | AI34: =IF(AH34<>0,AH34*(1+$D$74),0) -> 0 | AJ34: =IF(AI34<>0,AI34*(1+$D$74),0) -> 0 | AK34: =IF(AJ34<>0,AJ34*(1+$D$74),0) -> 0 | AL34: =IF(AK34<>0,AK34*(1+$D$74),0) -> 0 | AM34: =IF(AL34<>0,AL34*(1+$D$74),0) -> 0 | AN34: =IF(AM34<>0,AM34*(1+$D$74),0) -> 0 | AO34: =IF(AN34<>0,AN34*(1+$D$74),0) -> 0 | ... AZ34: =IF(AY34<>0,AY34*(1+$D$74),0) -> 0
C35: Air quality from green roofs | D35: Public | E35: 353.6715 | F35: =E35*VLOOKUP('Green+Social Interface'!$I$38,'Look-ups'!$A$15:$B$43,2,0) -> 378.4285 | J35: =IF(AND(K35>0,$D$72>0),K35/$D$72,0) -> 0 | K35: =AVERAGE(M35:AZ35) -> 0 | L35: =SUM(M35:AZ35) -> 0 | M35: =((0.00649373798747598/15)*(('Green Infrastructure'!$F$35*VLOOKUP('Green+Social Interface'!$D$39,'Look-ups_2'!$B$4:$E$114,4,0))/(10000)))*D82 -> 0 | N35: =IF(M35>0,M35*(1+$D$74),0) -> 0 | O35: =IF(N35>0,N35*(1+$D$74),0) -> 0 | P35: =IF(O35>0,O35*(1+$D$74),0) -> 0 | Q35: =IF(P35>0,P35*(1+$D$74),0) -> 0 | R35: =IF(Q35>0,Q35*(1+$D$74),0) -> 0 | S35: =IF(R35>0,R35*(1+$D$74),0) -> 0 | T35: =IF(S35>0,S35*(1+$D$74),0) -> 0 | U35: =IF(T35>0,T35*(1+$D$74),0) -> 0 | ... AZ35: =IF(AY35>0,AY35*(1+$D$74),0) -> 0
B37: Growth phases | C37: (Year1-5=0.25, Year 6-10=0.5; Year 11-20=0.75; Year 20+=1.0)
B41: Total monetary | D41: Combined
B42: CO2 sequestration (tons) | C42: Public | J42: =IF(AND(K42<>0,$D$72>0),K42/$D$72,0) -> 0 | K42: =K21 -> 0 | L42: =L21 -> 0 | M42: =M21 -> 0 | N42: =N21 -> 0 | O42: =O21 -> 0 | P42: =P21 -> 0 | Q42: =Q21 -> 0 | R42: =R21 -> 0 | ... AZ42: =AZ21 -> 0
B43: CO2 reduction (tons) cooling | C43: Public | J43: =IF(AND(K43<>0,$D$72>0),K43/$D$72,0) -> 0 | K43: =AVERAGE(M43:AZ43) -> 0 | L43: =SUM(M43:AZ43) -> 0 | M43: =M29+M30 -> 0 | N43: =N29+N30 -> 0 | O43: =O29+O30 -> 0 | P43: =P29+P30 -> 0 | Q43: =Q29+Q30 -> 0 | R43: =R29+R30 -> 0 | S43: =S29+S30 -> 0 | T43: =T29+T30 -> 0 | ... AZ43: =AZ29+AZ30 -> 0
B44: CO2 sequestration (social value $) | C44: Public | J44: =IF(AND(K44<>0,$D$72>0),K44/$D$72,0) -> 0 | K44: =AVERAGE(M44:AZ44) -> 0 | L44: =SUM(M44:AZ44) -> 0 | M44: =M22 -> 0 | N44: =N22 -> 0 | O44: =O22 -> 0 | P44: =P22 -> 0 | Q44: =Q22 -> 0 | R44: =R22 -> 0 | S44: =S22 -> 0 | T44: =T22 -> 0 | ... AZ44: =AZ22 -> 0
B45: CO2 reduction (social value $) cooling | C45: Public | J45: =IF(AND(K45<>0,$D$72>0),K45/$D$72,0) -> 0 | K45: =AVERAGE(M45:AZ45) -> 0 | L45: =SUM(M45:AZ45) -> 0 | M45: =M31+M32 -> 0 | N45: =N31+N32 -> 0 | O45: =O31+O32 -> 0 | P45: =P31+P32 -> 0 | Q45: =Q31+Q32 -> 0 | R45: =R31+R32 -> 0 | S45: =S31+S32 -> 0 | T45: =T31+T32 -> 0 | ... AZ45: =AZ31+AZ32 -> 0
B46: GHG reduction, sequestration+cooling ($) | C46: Public | J46: =IF(AND(K46<>0,$D$72>0),K46/$D$72,0) -> 0 | K46: =AVERAGE(M46:AZ46) -> 0 | L46: =SUM(M46:AZ46) -> 0 | M46: =M22+M31+M32 -> 0 | N46: =N22+N31+N32 -> 0 | O46: =O22+O31+O32 -> 0 | P46: =P22+P31+P32 -> 0 | Q46: =Q22+Q31+Q32 -> 0 | R46: =R22+R31+R32 -> 0 | S46: =S22+S31+S32 -> 0 | T46: =T22+T31+T32 -> 0 | ... AZ46: =AZ22+AZ31+AZ32 -> 0
B47: Energy poverty - reduced cooling cost ($) | C47: Private | J47: =IF(AND(K47<>0,$D$72>0),K47/$D$72,0) -> 0 | K47: =AVERAGE(M47:AZ47) -> 0 | L47: =SUM(M47:AZ47) -> 0 | M47: =M27+M28 -> 0 | N47: =N27+N28 -> 0 | O47: =O27+O28 -> 0 | P47: =P27+P28 -> 0 | Q47: =Q27+Q28 -> 0 | R47: =R27+R28 -> 0 | S47: =S27+S28 -> 0 | T47: =T27+T28 -> 0 | ... AZ47: =AZ27+AZ28 -> 0
B48: Health benefit - canopy cooling | C48: Public | J48: =IF(AND(K48<>0,$D$72>0),K48/$D$72,0) -> 0 | K48: =AVERAGE(M48:AZ48) -> 0 | L48: =SUM(M48:AZ48) -> 0 | M48: =M25+M26 -> 0 | N48: =N25+N26 -> 0 | O48: =O25+O26 -> 0 | P48: =P25+P26 -> 0 | Q48: =Q25+Q26 -> 0 | R48: =R25+R26 -> 0 | S48: =S25+S26 -> 0 | T48: =T25+T26 -> 0 | ... AZ48: =AZ25+AZ26 -> 0
B49: Health benefit - canopy air quality | C49: Public | J49: =IF(AND(K49<>0,$D$72>0),K49/$D$72,0) -> 0 | K49: =AVERAGE(M49:AZ49) -> 0 | L49: =SUM(M49:AZ49) -> 0 | M49: =M34+M35 -> 0 | N49: =N34+N35 -> 0 | O49: =O34+O35 -> 0 | P49: =P34+P35 -> 0 | Q49: =Q34+Q35 -> 0 | R49: =R34+R35 -> 0 | S49: =S34+S35 -> 0 | T49: =T34+T35 -> 0 | ... AZ49: =AZ34+AZ35 -> 0
B50: Total monetary environmental ($) | J50: =IF(AND(K50<>0,$D$72>0),K50/$D$72,0) -> 0 | K50: =AVERAGE(M50:AZ50) -> 0 | L50: =SUM(M50:AZ50) -> 0 | M50: =SUM(M46:M49) -> 0 | N50: =SUM(N46:N49) -> 0 | O50: =SUM(O46:O49) -> 0 | P50: =SUM(P46:P49) -> 0 | Q50: =SUM(Q46:Q49) -> 0 | R50: =SUM(R46:R49) -> 0 | S50: =SUM(S46:S49) -> 0 | T50: =SUM(T46:T49) -> 0 | ... AZ50: =SUM(AZ46:AZ49) -> 0
B58: Total monetary | J58: =IF(AND(K58>0,$D$72>0),K58/$D$72,0) -> 0 | K58: =AVERAGE(M58:AZ58) -> 0 | L58: =SUM(M58:AZ58) -> 0 | M58: =M46+M47+M49 -> 0 | N58: =N46+N47+N49 -> 0 | O58: =O46+O47+O49 -> 0 | P58: =P46+P47+P49 -> 0 | Q58: =Q46+Q47+Q49 -> 0 | R58: =R46+R47+R49 -> 0 | S58: =S46+S47+S49 -> 0 | T58: =T46+T47+T49 -> 0 | ... AZ58: =AZ46+AZ47+AZ49 -> 0
B61: Total monetary and wellbeing
B63: NPV | C63: Monetary | D63: Combined | L63: =NPV($D$84,M50:AZ50) -> 0
C64: GHG reduction ($) | D64: Public | L64: =NPV($D$84,M46:AZ46) -> 0
C65: Energy poverty - reduced cooling cost ($) | D65: Private | L65: =NPV($D$84,M47:AZ47) -> 0
C66: Heat and clean air benefit ($) | D66: Private | L66: =NPV($D$84,M49:AZ49) -> 0
C67: Total monetary and wellbeing monetary | D67: Combined | L67: =NPV($D$84,M50:AZ50) -> 0
B71: Memo ites | K71: Lables for sequestration graph
B72: Number of properties | D72: =SUM('Green+Social Interface'!D18:D22,'Green+Social Interface'!I18:I22,'Green+Social Interface'!O18:O22,'Green+Social Interface'!T18:T22) -> 0 | K72: Energy and GHG sequestration CO2 abatement, per dwelling, per year
B73: Number of properties within 1-400 meters of NEW green space/landscaping | D73: ='Green+Social Interface'!U69+'Green+Social Interface'!U72+'Green+Social Interface'!U73 -> 0 | K73: Energy and GHG sequestration CO2 abatement, per year
B74: Consumer prince index | D74: ='Green+Social Interface'!$I$35 -> 0 | K74: Energy and GHG sequestration CO2 abatemenet, 40 years
B75: Area of new/additional canopy coverage, sqm | D75: =D76-'Green+Social Interface'!F62 -> 0
B76: After development canopy cover, sqm | D76: ='Green+Social Interface'!$I$69+'Green+Social Interface'!$I$71+'Green+Social Interface'!$I$73+'Green+Social Interface'!$I$74 -> 0
B77: After development green open space, sqm | D77: =('Green+Social Interface'!$I$68*'Green+Social Interface'!$J$68-'Green+Social Interface'!$I$69)+('Green+Social Interface'!$I$70*'Green+Social Interface'!$J$70-'Green+Social Interface'!$I$71)+('Green+Social Interface'!$I$72*'Green+Social Interface'!$J$72-'Green+Social Interface'!$I$73)+'Green+Social Interface'!$I$75+'Green+Social Interface'!$I$76 -> 0
B78: Pre-existing green open space, % | D78: =('Green+Social Interface'!$F$61-'Green+Social Interface'!$F$62)/'Green+Social Interface'!$U$11% -> #DIV/0!
B79: Pre-existing canopy covered space, % | D79: ='Green+Social Interface'!$F$62/'Green+Social Interface'!$U$11% -> #DIV/0!
B80: After development green open space, % | D80: =(D77)/'Green+Social Interface'!$U$11% -> #DIV/0!
B81: After development canopy covered space, % | D81: =D76/'Green+Social Interface'!$U$11% -> #DIV/0!
B82: Extensive green roofs, sqm | D82: ='Green+Social Interface'!$I$76 -> 0
B84: Discount rate | D84: =(1+'Green+Social Interface'!$I$34)*(1+'Green+Social Interface'!$I$35)-1 -> 0.07
B85: Urban area | D85: ='Green+Social Interface'!$D$39 -> Sydney
B86: Number of balconies | D86: {=SUM('Green+Social Interface'!$K$18:$K$22+'Green+Social Interface'!$V$18:$V$22)} -> 0 | E86: WTP applied to initial year, then new entrants only. In NSW all new apartments must have balconie since 2014. Other states have similar guidance.
E87: Existing rents therefore assumed to monetises some of the balcony value.

Sheet Energy and carbon
B1: Housing Infrastructure Funding
B2: Wider social and economic benefits | H2: REMEMBER TO ADJUST FOR BASE YEAR EFFECT | L2: 15
G3: Year | H3: 0 | M3: 1 | N3: 2 | O3: 3 | P3: 4 | Q3: 5 | R3: 6 | S3: 7 | T3: 8 | U3: 9 | V3: 10 | W3: 11 | X3: 12 | Y3: 13 | Z3: 14 | AA3: 15 | AB3: 16 | AC3: 17 | AD3: 18 | AE3: 19 | AF3: 20 | AG3: 21 | AH3: 22 | AI3: 23 | AJ3: 24 | AK3: 25 | AL3: 26 | AM3: 27 | AN3: 28 | AO3: 29 | AP3: 30 | AQ3: 31 | AR3: 32 | AS3: 33 | AT3: 34 | AU3: 35 | AV3: 36 | AW3: 37 | AX3: 38 | AY3: 39 | AZ3: 40
B4: Category | C4: Tenant | D4: Beneficiary | E4: Sqm | F4: Benefit | G4: Calculation basis | H4: Turnover | J4: Average per dwell, 40 years | K4: Average 40 years | L4: Total | M4: Yr 1 | N4: Yr 2 | O4: Yr 3 | P4: Yr 4 | Q4: Yr 5 | R4: Yr 6 | S4: Yr 7 | T4: Yr 8 | U4: Yr 9 | V4: Yr 10 | W4: Yr 11 | X4: Yr 12 | Y4: Yr 13 | Z4: Yr 14 | AA4: Yr 15 | AB4: Yr 16 | AC4: Yr 17 | AD4: Yr 18 | AE4: Yr 19 | AF4: Yr 20 | AG4: Yr 21 | AH4: Yr 22 | AI4: Yr 23 | AJ4: Yr 24 | AK4: Yr 25 | AL4: Yr 26 | AM4: Yr 27 | AN4: Yr 28 | AO4: Yr 29 | AP4: Yr 30 | AQ4: Yr 31 | AR4: Yr 32 | AS4: Yr 33 | AT4: Yr 34 | AU4: Yr 35 | AV4: Yr 36 | AW4: Yr 37 | AX4: Yr 38 | AY4: Yr 39 | AZ4: Yr 40
B5: Household finances | G5: Inflation adjusted to base year
A6: Aff | B6: Apartment style | C6: Studio | D6: Private | E6: ='Green+Social Interface'!$J$18*'Green+Social Interface'!$I$18 -> 0 | F6: =$I$84 -> 1.5585293 | G6: =F6*VLOOKUP('Green+Social Interface'!$I$38,'Look-ups'!$A$15:$B$43,2,0) -> 1.6676264 | H6: ='Green+Social Interface'!$O$6 -> 0.07 | J6: =IF(AND(K6>0,$C$67>0),K6/$C$67,0) -> 0 | K6: =AVERAGE(M6:AZ6) -> 0 | L6: =SUM(M6:AZ6) -> 0 | M6: =(G6*E6)*(1-H6) -> 0 | N6: =M6*(1+$C$70) -> 0 | O6: =N6*(1+$C$70) -> 0 | P6: =O6*(1+$C$70) -> 0 | Q6: =P6*(1+$C$70) -> 0 | R6: =Q6*(1+$C$70) -> 0 | S6: =R6*(1+$C$70) -> 0 | T6: =S6*(1+$C$70) -> 0 | U6: =T6*(1+$C$70) -> 0 | ... AZ6: =AY6*(1+$C$70) -> 0
A7: Aff | C7: 1-bed | D7: Private | E7: ='Green+Social Interface'!$J$19*'Green+Social Interface'!$I$19 -> 0 | F7: =$I$84 -> 1.5585293 | G7: =F7*VLOOKUP('Green+Social Interface'!$I$38,'Look-ups'!$A$15:$B$43,2,0) -> 1.6676264 | H7: ='Green+Social Interface'!$O$6 -> 0.07 | J7: =IF(AND(K7>0,$C$67>0),K7/$C$67,0) -> 0 | K7: =AVERAGE(M7:AZ7) -> 0 | L7: =SUM(M7:AZ7) -> 0 | M7: =(G7*E7)*(1-H7) -> 0 | N7: =M7*(1+$C$70) -> 0 | O7: =N7*(1+$C$70) -> 0 | P7: =O7*(1+$C$70) -> 0 | Q7: =P7*(1+$C$70) -> 0 | R7: =Q7*(1+$C$70) -> 0 | S7: =R7*(1+$C$70) -> 0 | T7: =S7*(1+$C$70) -> 0 | U7: =T7*(1+$C$70) -> 0 | ... AZ7: =AY7*(1+$C$70) -> 0
A8: Aff | C8: 2-bed | D8: Private | E8: ='Green+Social Interface'!$J$20*'Green+Social Interface'!$I$20 -> 0 | F8: =$I$84 -> 1.5585293 | G8: =F8*VLOOKUP('Green+Social Interface'!$I$38,'Look-ups'!$A$15:$B$43,2,0) -> 1.6676264 | H8: ='Green+Social Interface'!$O$6 -> 0.07 | J8: =IF(AND(K8>0,$C$67>0),K8/$C$67,0) -> 0 | K8: =AVERAGE(M8:AZ8) -> 0 | L8: =SUM(M8:AZ8) -> 0 | M8: =(G8*E8)*(1-H8) -> 0 | N8: =M8*(1+$C$70) -> 0 | O8: =N8*(1+$C$70) -> 0 | P8: =O8*(1+$C$70) -> 0 | Q8: =P8*(1+$C$70) -> 0 | R8: =Q8*(1+$C$70) -> 0 | S8: =R8*(1+$C$70) -> 0 | T8: =S8*(1+$C$70) -> 0 | U8: =T8*(1+$C$70) -> 0 | ... AZ8: =AY8*(1+$C$70) -> 0
A9: Aff | C9: 3-bed | D9: Private | E9: ='Green+Social Interface'!$J$21*'Green+Social Interface'!$I$21 -> 0 | F9: =$I$84 -> 1.5585293 | G9: =F9*VLOOKUP('Green+Social Interface'!$I$38,'Look-ups'!$A$15:$B$43,2,0) -> 1.6676264 | H9: ='Green+Social Interface'!$O$6 -> 0.07 | J9: =IF(AND(K9>0,$C$67>0),K9/$C$67,0) -> 0 | K9: =AVERAGE(M9:AZ9) -> 0 | L9: =SUM(M9:AZ9) -> 0 | M9: =(G9*E9)*(1-H9) -> 0 | N9: =M9*(1+$C$70) -> 0 | O9: =N9*(1+$C$70) -> 0 | P9: =O9*(1+$C$70) -> 0 | Q9: =P9*(1+$C$70) -> 0 | R9: =Q9*(1+$C$70) -> 0 | S9: =R9*(1+$C$70) -> 0 | T9: =S9*(1+$C$70) -> 0 | U9: =T9*(1+$C$70) -> 0 | ... AZ9: =AY9*(1+$C$70) -> 0
A10: Aff | C10: 4-bed | D10: Private | E10: ='Green+Social Interface'!$J$22*'Green+Social Interface'!$I$22 -> 0 | F10: =$I$84 -> 1.5585293 | G10: =F10*VLOOKUP('Green+Social Interface'!$I$38,'Look-ups'!$A$15:$B$43,2,0) -> 1.6676264 | H10: ='Green+Social Interface'!$O$6 -> 0.07 | J10: =IF(AND(K10>0,$C$67>0),K10/$C$67,0) -> 0 | K10: =AVERAGE(M10:AZ10) -> 0 | L10: =SUM(M10:AZ10) -> 0 | M10: =(G10*E10)*(1-H10) -> 0 | N10: =M10*(1+$C$70) -> 0 | O10: =N10*(1+$C$70) -> 0 | P10: =O10*(1+$C$70) -> 0 | Q10: =P10*(1+$C$70) -> 0 | R10: =Q10*(1+$C$70) -> 0 | S10: =R10*(1+$C$70) -> 0 | T10: =S10*(1+$C$70) -> 0 | U10: =T10*(1+$C$70) -> 0 | ... AZ10: =AY10*(1+$C$70) -> 0
A11: Aff | B11: House | C11: 1-bed | D11: Private | E11: ='Green+Social Interface'!$D$18*'Green+Social Interface'!$E$18 -> 0 | F11: =$I$79 -> 1.5585293 | G11: =F11*VLOOKUP('Green+Social Interface'!$I$38,'Look-ups'!$A$15:$B$43,2,0) -> 1.6676264 | H11: ='Green+Social Interface'!$O$6 -> 0.07 | J11: =IF(AND(K11>0,$C$67>0),K11/$C$67,0) -> 0 | K11: =AVERAGE(M11:AZ11) -> 0 | L11: =SUM(M11:AZ11) -> 0 | M11: =(G11*E11)*(1-H11) -> 0 | N11: =M11*(1+$C$70) -> 0 | O11: =N11*(1+$C$70) -> 0 | P11: =O11*(1+$C$70) -> 0 | Q11: =P11*(1+$C$70) -> 0 | R11: =Q11*(1+$C$70) -> 0 | S11: =R11*(1+$C$70) -> 0 | T11: =S11*(1+$C$70) -> 0 | U11: =T11*(1+$C$70) -> 0 | ... AZ11: =AY11*(1+$C$70) -> 0
A12: Aff | C12: 2-bed | D12: Private | E12: ='Green+Social Interface'!$D$19*'Green+Social Interface'!$E$19 -> 0 | F12: =$I$79 -> 1.5585293 | G12: =F12*VLOOKUP('Green+Social Interface'!$I$38,'Look-ups'!$A$15:$B$43,2,0) -> 1.6676264 | H12: ='Green+Social Interface'!$O$6 -> 0.07 | J12: =IF(AND(K12>0,$C$67>0),K12/$C$67,0) -> 0 | K12: =AVERAGE(M12:AZ12) -> 0 | L12: =SUM(M12:AZ12) -> 0 | M12: =(G12*E12)*(1-H12) -> 0 | N12: =M12*(1+$C$70) -> 0 | O12: =N12*(1+$C$70) -> 0 | P12: =O12*(1+$C$70) -> 0 | Q12: =P12*(1+$C$70) -> 0 | R12: =Q12*(1+$C$70) -> 0 | S12: =R12*(1+$C$70) -> 0 | T12: =S12*(1+$C$70) -> 0 | U12: =T12*(1+$C$70) -> 0 | ... AZ12: =AY12*(1+$C$70) -> 0
A13: Aff | C13: 3-bed | D13: Private | E13: ='Green+Social Interface'!$D$20*'Green+Social Interface'!$E$20 -> 0 | F13: =$I$79 -> 1.5585293 | G13: =F13*VLOOKUP('Green+Social Interface'!$I$38,'Look-ups'!$A$15:$B$43,2,0) -> 1.6676264 | H13: ='Green+Social Interface'!$O$6 -> 0.07 | J13: =IF(AND(K13>0,$C$67>0),K13/$C$67,0) -> 0 | K13: =AVERAGE(M13:AZ13) -> 0 | L13: =SUM(M13:AZ13) -> 0 | M13: =(G13*E13)*(1-H13) -> 0 | N13: =M13*(1+$C$70) -> 0 | O13: =N13*(1+$C$70) -> 0 | P13: =O13*(1+$C$70) -> 0 | Q13: =P13*(1+$C$70) -> 0 | R13: =Q13*(1+$C$70) -> 0 | S13: =R13*(1+$C$70) -> 0 | T13: =S13*(1+$C$70) -> 0 | U13: =T13*(1+$C$70) -> 0 | ... AZ13: =AY13*(1+$C$70) -> 0
A14: Aff | C14: 4-bed | D14: Private | E14: ='Green+Social Interface'!$D$21*'Green+Social Interface'!$E$21 -> 0 | F14: =$I$79 -> 1.5585293 | G14: =F14*VLOOKUP('Green+Social Interface'!$I$38,'Look-ups'!$A$15:$B$43,2,0) -> 1.6676264 | H14: ='Green+Social Interface'!$O$6 -> 0.07 | J14: =IF(AND(K14>0,$C$67>0),K14/$C$67,0) -> 0 | K14: =AVERAGE(M14:AZ14) -> 0 | L14: =SUM(M14:AZ14) -> 0 | M14: =(G14*E14)*(1-H14) -> 0 | N14: =M14*(1+$C$70) -> 0 | O14: =N14*(1+$C$70) -> 0 | P14: =O14*(1+$C$70) -> 0 | Q14: =P14*(1+$C$70) -> 0 | R14: =Q14*(1+$C$70) -> 0 | S14: =R14*(1+$C$70) -> 0 | T14: =S14*(1+$C$70) -> 0 | U14: =T14*(1+$C$70) -> 0 | ... AZ14: =AY14*(1+$C$70) -> 0
A15: Aff | C15: 5-bed | D15: Private | E15: ='Green+Social Interface'!$D$22*'Green+Social Interface'!$E$22 -> 0 | F15: =$I$79 -> 1.5585293 | G15: =F15*VLOOKUP('Green+Social Interface'!$I$38,'Look-ups'!$A$15:$B$43,2,0) -> 1.6676264 | H15: ='Green+Social Interface'!$O$6 -> 0.07 | J15: =IF(AND(K15>0,$C$67>0),K15/$C$67,0) -> 0 | K15: =AVERAGE(M15:AZ15) -> 0 | L15: =SUM(M15:AZ15) -> 0 | M15: =(G15*E15)*(1-H15) -> 0 | N15: =M15*(1+$C$70) -> 0 | O15: =N15*(1+$C$70) -> 0 | P15: =O15*(1+$C$70) -> 0 | Q15: =P15*(1+$C$70) -> 0 | R15: =Q15*(1+$C$70) -> 0 | S15: =R15*(1+$C$70) -> 0 | T15: =S15*(1+$C$70) -> 0 | U15: =T15*(1+$C$70) -> 0 | ... AZ15: =AY15*(1+$C$70) -> 0
A16: Soc | B16: Apartment style | C16: Studio | D16: Private | E16: ='Green+Social Interface'!$T$18*'Green+Social Interface'!$U$18 -> 0 | F16: =$I$94 -> 1.5585293 | G16: =F16*VLOOKUP('Green+Social Interface'!$I$38,'Look-ups'!$A$15:$B$43,2,0) -> 1.6676264 | H16: ='Green+Social Interface'!$O$6 -> 0.07 | J16: =IF(AND(K16>0,$C$67>0),K16/$C$67,0) -> 0 | K16: =AVERAGE(M16:AZ16) -> 0 | L16: =SUM(M16:AZ16) -> 0 | M16: =(G16*E16)*(1-H16) -> 0 | N16: =M16*(1+$C$70) -> 0 | O16: =N16*(1+$C$70) -> 0 | P16: =O16*(1+$C$70) -> 0 | Q16: =P16*(1+$C$70) -> 0 | R16: =Q16*(1+$C$70) -> 0 | S16: =R16*(1+$C$70) -> 0 | T16: =S16*(1+$C$70) -> 0 | U16: =T16*(1+$C$70) -> 0 | ... AZ16: =AY16*(1+$C$70) -> 0
A17: Soc | C17: 1-bed | D17: Private | E17: ='Green+Social Interface'!$T$19*'Green+Social Interface'!$U$19 -> 0 | F17: =$I$94 -> 1.5585293 | G17: =F17*VLOOKUP('Green+Social Interface'!$I$38,'Look-ups'!$A$15:$B$43,2,0) -> 1.6676264 | H17: ='Green+Social Interface'!$O$6 -> 0.07 | J17: =IF(AND(K17>0,$C$67>0),K17/$C$67,0) -> 0 | K17: =AVERAGE(M17:AZ17) -> 0 | L17: =SUM(M17:AZ17) -> 0 | M17: =(G17*E17)*(1-H17) -> 0 | N17: =M17*(1+$C$70) -> 0 | O17: =N17*(1+$C$70) -> 0 | P17: =O17*(1+$C$70) -> 0 | Q17: =P17*(1+$C$70) -> 0 | R17: =Q17*(1+$C$70) -> 0 | S17: =R17*(1+$C$70) -> 0 | T17: =S17*(1+$C$70) -> 0 | U17: =T17*(1+$C$70) -> 0 | ... AZ17: =AY17*(1+$C$70) -> 0
A18: Soc | C18: 2-bed | D18: Private | E18: ='Green+Social Interface'!$T$20*'Green+Social Interface'!$U$20 -> 0 | F18: =$I$94 -> 1.5585293 | G18: =F18*VLOOKUP('Green+Social Interface'!$I$38,'Look-ups'!$A$15:$B$43,2,0) -> 1.6676264 | H18: ='Green+Social Interface'!$O$6 -> 0.07 | J18: =IF(AND(K18>0,$C$67>0),K18/$C$67,0) -> 0 | K18: =AVERAGE(M18:AZ18) -> 0 | L18: =SUM(M18:AZ18) -> 0 | M18: =(G18*E18)*(1-H18) -> 0 | N18: =M18*(1+$C$70) -> 0 | O18: =N18*(1+$C$70) -> 0 | P18: =O18*(1+$C$70) -> 0 | Q18: =P18*(1+$C$70) -> 0 | R18: =Q18*(1+$C$70) -> 0 | S18: =R18*(1+$C$70) -> 0 | T18: =S18*(1+$C$70) -> 0 | U18: =T18*(1+$C$70) -> 0 | ... AZ18: =AY18*(1+$C$70) -> 0
A19: Soc | C19: 3-bed | D19: Private | E19: ='Green+Social Interface'!$T$21*'Green+Social Interface'!$U$21 -> 0 | F19: =$I$94 -> 1.5585293 | G19: =F19*VLOOKUP('Green+Social Interface'!$I$38,'Look-ups'!$A$15:$B$43,2,0) -> 1.6676264 | H19: ='Green+Social Interface'!$O$6 -> 0.07 | J19: =IF(AND(K19>0,$C$67>0),K19/$C$67,0) -> 0 | K19: =AVERAGE(M19:AZ19) -> 0 | L19: =SUM(M19:AZ19) -> 0 | M19: =(G19*E19)*(1-H19) -> 0 | N19: =M19*(1+$C$70) -> 0 | O19: =N19*(1+$C$70) -> 0 | P19: =O19*(1+$C$70) -> 0 | Q19: =P19*(1+$C$70) -> 0 | R19: =Q19*(1+$C$70) -> 0 | S19: =R19*(1+$C$70) -> 0 | T19: =S19*(1+$C$70) -> 0 | U19: =T19*(1+$C$70) -> 0 | ... AZ19: =AY19*(1+$C$70) -> 0
A20: Soc | C20: 4-bed | D20: Private | E20: ='Green+Social Interface'!$T$22*'Green+Social Interface'!$U$22 -> 0 | F20: =$I$94 -> 1.5585293 | G20: =F20*VLOOKUP('Green+Social Interface'!$I$38,'Look-ups'!$A$15:$B$43,2,0) -> 1.6676264 | H20: ='Green+Social Interface'!$O$6 -> 0.07 | J20: =IF(AND(K20>0,$C$67>0),K20/$C$67,0) -> 0 | K20: =AVERAGE(M20:AZ20) -> 0 | L20: =SUM(M20:AZ20) -> 0 | M20: =(G20*E20)*(1-H20) -> 0 | N20: =M20*(1+$C$70) -> 0 | O20: =N20*(1+$C$70) -> 0 | P20: =O20*(1+$C$70) -> 0 | Q20: =P20*(1+$C$70) -> 0 | R20: =Q20*(1+$C$70) -> 0 | S20: =R20*(1+$C$70) -> 0 | T20: =S20*(1+$C$70) -> 0 | U20: =T20*(1+$C$70) -> 0 | ... AZ20: =AY20*(1+$C$70) -> 0
A21: Soc | B21: House | C21: 1-bed | D21: Private | E21: ='Green+Social Interface'!$O$18*'Green+Social Interface'!$P$18 -> 0 | F21: =$I$89 -> 1.5585293 | G21: =F21*VLOOKUP('Green+Social Interface'!$I$38,'Look-ups'!$A$15:$B$43,2,0) -> 1.6676264 | H21: ='Green+Social Interface'!$O$6 -> 0.07 | J21: =IF(AND(K21>0,$C$67>0),K21/$C$67,0) -> 0 | K21: =AVERAGE(M21:AZ21) -> 0 | L21: =SUM(M21:AZ21) -> 0 | M21: =(G21*E21)*(1-H21) -> 0 | N21: =M21*(1+$C$70) -> 0 | O21: =N21*(1+$C$70) -> 0 | P21: =O21*(1+$C$70) -> 0 | Q21: =P21*(1+$C$70) -> 0 | R21: =Q21*(1+$C$70) -> 0 | S21: =R21*(1+$C$70) -> 0 | T21: =S21*(1+$C$70) -> 0 | U21: =T21*(1+$C$70) -> 0 | ... AZ21: =AY21*(1+$C$70) -> 0
A22: Soc | C22: 2-bed | D22: Private | E22: ='Green+Social Interface'!$O$19*'Green+Social Interface'!$P$19 -> 0 | F22: =$I$89 -> 1.5585293 | G22: =F22*VLOOKUP('Green+Social Interface'!$I$38,'Look-ups'!$A$15:$B$43,2,0) -> 1.6676264 | H22: ='Green+Social Interface'!$O$6 -> 0.07 | J22: =IF(AND(K22>0,$C$67>0),K22/$C$67,0) -> 0 | K22: =AVERAGE(M22:AZ22) -> 0 | L22: =SUM(M22:AZ22) -> 0 | M22: =(G22*E22)*(1-H22) -> 0 | N22: =M22*(1+$C$70) -> 0 | O22: =N22*(1+$C$70) -> 0 | P22: =O22*(1+$C$70) -> 0 | Q22: =P22*(1+$C$70) -> 0 | R22: =Q22*(1+$C$70) -> 0 | S22: =R22*(1+$C$70) -> 0 | T22: =S22*(1+$C$70) -> 0 | U22: =T22*(1+$C$70) -> 0 | ... AZ22: =AY22*(1+$C$70) -> 0
A23: Soc | C23: 3-bed | D23: Private | E23: ='Green+Social Interface'!$O$20*'Green+Social Interface'!$P$20 -> 0 | F23: =$I$89 -> 1.5585293 | G23: =F23*VLOOKUP('Green+Social Interface'!$I$38,'Look-ups'!$A$15:$B$43,2,0) -> 1.6676264 | H23: ='Green+Social Interface'!$O$6 -> 0.07 | J23: =IF(AND(K23>0,$C$67>0),K23/$C$67,0) -> 0 | K23: =AVERAGE(M23:AZ23) -> 0 | L23: =SUM(M23:AZ23) -> 0 | M23: =(G23*E23)*(1-H23) -> 0 | N23: =M23*(1+$C$70) -> 0 | O23: =N23*(1+$C$70) -> 0 | P23: =O23*(1+$C$70) -> 0 | Q23: =P23*(1+$C$70) -> 0 | R23: =Q23*(1+$C$70) -> 0 | S23: =R23*(1+$C$70) -> 0 | T23: =S23*(1+$C$70) -> 0 | U23: =T23*(1+$C$70) -> 0 | ... AZ23: =AY23*(1+$C$70) -> 0
A24: Soc | C24: 4-bed | D24: Private | E24: ='Green+Social Interface'!$O$21*'Green+Social Interface'!$P$21 -> 0 | F24: =$I$89 -> 1.5585293 | G24: =F24*VLOOKUP('Green+Social Interface'!$I$38,'Look-ups'!$A$15:$B$43,2,0) -> 1.6676264 | H24: ='Green+Social Interface'!$O$6 -> 0.07 | J24: =IF(AND(K24>0,$C$67>0),K24/$C$67,0) -> 0 | K24: =AVERAGE(M24:AZ24) -> 0 | L24: =SUM(M24:AZ24) -> 0 | M24: =(G24*E24)*(1-H24) -> 0 | N24: =M24*(1+$C$70) -> 0 | O24: =N24*(1+$C$70) -> 0 | P24: =O24*(1+$C$70) -> 0 | Q24: =P24*(1+$C$70) -> 0 | R24: =Q24*(1+$C$70) -> 0 | S24: =R24*(1+$C$70) -> 0 | T24: =S24*(1+$C$70) -> 0 | U24: =T24*(1+$C$70) -> 0 | ... AZ24: =AY24*(1+$C$70) -> 0
A25: Soc | C25: 5-bed | D25: Private | E25: ='Green+Social Interface'!$O$22*'Green+Social Interface'!$P$22 -> 0 | F25: =$I$89 -> 1.5585293 | G25: =F25*VLOOKUP('Green+Social Interface'!$I$38,'Look-ups'!$A$15:$B$43,2,0) -> 1.6676264 | H25: ='Green+Social Interface'!$O$6 -> 0.07 | J25: =IF(AND(K25>0,$C$67>0),K25/$C$67,0) -> 0 | K25: =AVERAGE(M25:AZ25) -> 0 | L25: =SUM(M25:AZ25) -> 0 | M25: =(G25*E25)*(1-H25) -> 0 | N25: =M25*(1+$C$70) -> 0 | O25: =N25*(1+$C$70) -> 0 | P25: =O25*(1+$C$70) -> 0 | Q25: =P25*(1+$C$70) -> 0 | R25: =Q25*(1+$C$70) -> 0 | S25: =R25*(1+$C$70) -> 0 | T25: =S25*(1+$C$70) -> 0 | U25: =T25*(1+$C$70) -> 0 | ... AZ25: =AY25*(1+$C$70) -> 0
B26: Deduct non-traditionals
B27: Total household energy saving benefit | D27: Private | J27: =IF(AND(K27>0,$C$67>0),K27/$C$67,0) -> 0 | K27: =AVERAGE(M27:AZ27) -> 0 | L27: =SUM(M27:AZ27) -> 0 | M27: =SUM(M6:M26) -> 0 | N27: =SUM(N6:N26) -> 0 | O27: =SUM(O6:O26) -> 0 | P27: =SUM(P6:P26) -> 0 | Q27: =SUM(Q6:Q26) -> 0 | R27: =SUM(R6:R26) -> 0 | S27: =SUM(S6:S26) -> 0 | T27: =SUM(T6:T26) -> 0 | ... AZ27: =SUM(AZ6:AZ26) -> 0
B28: CO2 emissinos
B29: Apartment style | C29: Studio | D29: Public | E29: ='Green+Social Interface'!$J$18*'Green+Social Interface'!$I$18 -> 0 | F29: =$D$87 -> 1.2322331 | G29: kg CO2-e | H29: ='Green+Social Interface'!$O$6 -> 0.07 | J29: =IF(AND(K29>0,$C$67>0),K29/$C$67,0) -> 0 | K29: =AVERAGE(M29:AZ29) -> 0 | L29: =SUM(M29:AZ29) -> 0 | M29: =(E29*F29)*(1-H29) -> 0 | N29: =M29 -> 0 | O29: =N29 -> 0 | P29: =O29 -> 0 | Q29: =P29 -> 0 | R29: =Q29 -> 0 | S29: =R29 -> 0 | T29: =S29 -> 0 | U29: =T29 -> 0 | ... AZ29: =AY29 -> 0
C30: 1-bed | D30: Public | E30: ='Green+Social Interface'!$J$19*'Green+Social Interface'!$I$19 -> 0 | F30: =$D$87 -> 1.2322331 | G30: kg CO2-e | H30: ='Green+Social Interface'!$O$6 -> 0.07 | J30: =IF(AND(K30>0,$C$67>0),K30/$C$67,0) -> 0 | K30: =AVERAGE(M30:AZ30) -> 0 | L30: =SUM(M30:AZ30) -> 0 | M30: =(E30*F30)*(1-H30) -> 0 | N30: =M30 -> 0 | O30: =N30 -> 0 | P30: =O30 -> 0 | Q30: =P30 -> 0 | R30: =Q30 -> 0 | S30: =R30 -> 0 | T30: =S30 -> 0 | U30: =T30 -> 0 | ... AZ30: =AY30 -> 0
C31: 2-bed | D31: Public | E31: ='Green+Social Interface'!$J$20*'Green+Social Interface'!$I$20 -> 0 | F31: =$D$87 -> 1.2322331 | G31: kg CO2-e | H31: ='Green+Social Interface'!$O$6 -> 0.07 | J31: =IF(AND(K31>0,$C$67>0),K31/$C$67,0) -> 0 | K31: =AVERAGE(M31:AZ31) -> 0 | L31: =SUM(M31:AZ31) -> 0 | M31: =(E31*F31)*(1-H31) -> 0 | N31: =M31 -> 0 | O31: =N31 -> 0 | P31: =O31 -> 0 | Q31: =P31 -> 0 | R31: =Q31 -> 0 | S31: =R31 -> 0 | T31: =S31 -> 0 | U31: =T31 -> 0 | ... AZ31: =AY31 -> 0
C32: 3-bed | D32: Public | E32: ='Green+Social Interface'!$J$21*'Green+Social Interface'!$I$21 -> 0 | F32: =$D$87 -> 1.2322331 | G32: kg CO2-e | H32: ='Green+Social Interface'!$O$6 -> 0.07 | J32: =IF(AND(K32>0,$C$67>0),K32/$C$67,0) -> 0 | K32: =AVERAGE(M32:AZ32) -> 0 | L32: =SUM(M32:AZ32) -> 0 | M32: =(E32*F32)*(1-H32) -> 0 | N32: =M32 -> 0 | O32: =N32 -> 0 | P32: =O32 -> 0 | Q32: =P32 -> 0 | R32: =Q32 -> 0 | S32: =R32 -> 0 | T32: =S32 -> 0 | U32: =T32 -> 0 | ... AZ32: =AY32 -> 0
C33: 4-bed | D33: Public | E33: ='Green+Social Interface'!$J$22*'Green+Social Interface'!$I$22 -> 0 | F33: =$D$87 -> 1.2322331 | G33: kg CO2-e | H33: ='Green+Social Interface'!$O$6 -> 0.07 | J33: =IF(AND(K33>0,$C$67>0),K33/$C$67,0) -> 0 | K33: =AVERAGE(M33:AZ33) -> 0 | L33: =SUM(M33:AZ33) -> 0 | M33: =(E33*F33)*(1-H33) -> 0 | N33: =M33 -> 0 | O33: =N33 -> 0 | P33: =O33 -> 0 | Q33: =P33 -> 0 | R33: =Q33 -> 0 | S33: =R33 -> 0 | T33: =S33 -> 0 | U33: =T33 -> 0 | ... AZ33: =AY33 -> 0
B34: House | C34: 1-bed | D34: Public | E34: ='Green+Social Interface'!$D$18*'Green+Social Interface'!$E$18 -> 0 | F34: =$D$82 -> 1.2322331 | G34: kg CO2-e | H34: ='Green+Social Interface'!$O$6 -> 0.07 | J34: =IF(AND(K34>0,$C$67>0),K34/$C$67,0) -> 0 | K34: =AVERAGE(M34:AZ34) -> 0 | L34: =SUM(M34:AZ34) -> 0 | M34: =(E34*F34)*(1-H34) -> 0 | N34: =M34 -> 0 | O34: =N34 -> 0 | P34: =O34 -> 0 | Q34: =P34 -> 0 | R34: =Q34 -> 0 | S34: =R34 -> 0 | T34: =S34 -> 0 | U34: =T34 -> 0 | ... AZ34: =AY34 -> 0
C35: 2-bed | D35: Public | E35: ='Green+Social Interface'!$D$19*'Green+Social Interface'!$E$19 -> 0 | F35: =$D$82 -> 1.2322331 | G35: kg CO2-e | H35: ='Green+Social Interface'!$O$6 -> 0.07 | J35: =IF(AND(K35>0,$C$67>0),K35/$C$67,0) -> 0 | K35: =AVERAGE(M35:AZ35) -> 0 | L35: =SUM(M35:AZ35) -> 0 | M35: =(E35*F35)*(1-H35) -> 0 | N35: =M35 -> 0 | O35: =N35 -> 0 | P35: =O35 -> 0 | Q35: =P35 -> 0 | R35: =Q35 -> 0 | S35: =R35 -> 0 | T35: =S35 -> 0 | U35: =T35 -> 0 | ... AZ35: =AY35 -> 0
C36: 3-bed | D36: Public | E36: ='Green+Social Interface'!$D$20*'Green+Social Interface'!$E$20 -> 0 | F36: =$D$82 -> 1.2322331 | G36: kg CO2-e | H36: ='Green+Social Interface'!$O$6 -> 0.07 | J36: =IF(AND(K36>0,$C$67>0),K36/$C$67,0) -> 0 | K36: =AVERAGE(M36:AZ36) -> 0 | L36: =SUM(M36:AZ36) -> 0 | M36: =(E36*F36)*(1-H36) -> 0 | N36: =M36 -> 0 | O36: =N36 -> 0 | P36: =O36 -> 0 | Q36: =P36 -> 0 | R36: =Q36 -> 0 | S36: =R36 -> 0 | T36: =S36 -> 0 | U36: =T36 -> 0 | ... AZ36: =AY36 -> 0
C37: 4-bed | D37: Public | E37: ='Green+Social Interface'!$D$21*'Green+Social Interface'!$E$21 -> 0 | F37: =$D$82 -> 1.2322331 | G37: kg CO2-e | H37: ='Green+Social Interface'!$O$6 -> 0.07 | J37: =IF(AND(K37>0,$C$67>0),K37/$C$67,0) -> 0 | K37: =AVERAGE(M37:AZ37) -> 0 | L37: =SUM(M37:AZ37) -> 0 | M37: =(E37*F37)*(1-H37) -> 0 | N37: =M37 -> 0 | O37: =N37 -> 0 | P37: =O37 -> 0 | Q37: =P37 -> 0 | R37: =Q37 -> 0 | S37: =R37 -> 0 | T37: =S37 -> 0 | U37: =T37 -> 0 | ... AZ37: =AY37 -> 0
C38: 5-bed | D38: Public | E38: ='Green+Social Interface'!$D$22*'Green+Social Interface'!$E$22 -> 0 | F38: =$D$82 -> 1.2322331 | G38: kg CO2-e | H38: ='Green+Social Interface'!$O$6 -> 0.07 | J38: =IF(AND(K38>0,$C$67>0),K38/$C$67,0) -> 0 | K38: =AVERAGE(M38:AZ38) -> 0 | L38: =SUM(M38:AZ38) -> 0 | M38: =(E38*F38)*(1-H38) -> 0 | N38: =M38 -> 0 | O38: =N38 -> 0 | P38: =O38 -> 0 | Q38: =P38 -> 0 | R38: =Q38 -> 0 | S38: =R38 -> 0 | T38: =S38 -> 0 | U38: =T38 -> 0 | ... AZ38: =AY38 -> 0
B39: Apartment style | C39: Studio | D39: Public | E39: ='Green+Social Interface'!$T$18*'Green+Social Interface'!$U$18 -> 0 | F39: =$D$97 -> 1.2322331 | G39: kg CO2-e | H39: ='Green+Social Interface'!$O$6 -> 0.07 | J39: =IF(AND(K39>0,$C$67>0),K39/$C$67,0) -> 0 | K39: =AVERAGE(M39:AZ39) -> 0 | L39: =SUM(M39:AZ39) -> 0 | M39: =(E39*F39)*(1-H39) -> 0 | N39: =M39 -> 0 | O39: =N39 -> 0 | P39: =O39 -> 0 | Q39: =P39 -> 0 | R39: =Q39 -> 0 | S39: =R39 -> 0 | T39: =S39 -> 0 | U39: =T39 -> 0 | ... AZ39: =AY39 -> 0
C40: 1-bed | D40: Public | E40: ='Green+Social Interface'!$T$19*'Green+Social Interface'!$U$19 -> 0 | F40: =$D$97 -> 1.2322331 | G40: kg CO2-e | H40: ='Green+Social Interface'!$O$6 -> 0.07 | J40: =IF(AND(K40>0,$C$67>0),K40/$C$67,0) -> 0 | K40: =AVERAGE(M40:AZ40) -> 0 | L40: =SUM(M40:AZ40) -> 0 | M40: =(E40*F40)*(1-H40) -> 0 | N40: =M40 -> 0 | O40: =N40 -> 0 | P40: =O40 -> 0 | Q40: =P40 -> 0 | R40: =Q40 -> 0 | S40: =R40 -> 0 | T40: =S40 -> 0 | U40: =T40 -> 0 | ... AZ40: =AY40 -> 0
C41: 2-bed | D41: Public | E41: ='Green+Social Interface'!$T$20*'Green+Social Interface'!$U$20 -> 0 | F41: =$D$97 -> 1.2322331 | G41: kg CO2-e | H41: ='Green+Social Interface'!$O$6 -> 0.07 | J41: =IF(AND(K41>0,$C$67>0),K41/$C$67,0) -> 0 | K41: =AVERAGE(M41:AZ41) -> 0 | L41: =SUM(M41:AZ41) -> 0 | M41: =(E41*F41)*(1-H41) -> 0 | N41: =M41 -> 0 | O41: =N41 -> 0 | P41: =O41 -> 0 | Q41: =P41 -> 0 | R41: =Q41 -> 0 | S41: =R41 -> 0 | T41: =S41 -> 0 | U41: =T41 -> 0 | ... AZ41: =AY41 -> 0
C42: 3-bed | D42: Public | E42: ='Green+Social Interface'!$T$21*'Green+Social Interface'!$U$21 -> 0 | F42: =$D$97 -> 1.2322331 | G42: kg CO2-e | H42: ='Green+Social Interface'!$O$6 -> 0.07 | J42: =IF(AND(K42>0,$C$67>0),K42/$C$67,0) -> 0 | K42: =AVERAGE(M42:AZ42) -> 0 | L42: =SUM(M42:AZ42) -> 0 | M42: =(E42*F42)*(1-H42) -> 0 | N42: =M42 -> 0 | O42: =N42 -> 0 | P42: =O42 -> 0 | Q42: =P42 -> 0 | R42: =Q42 -> 0 | S42: =R42 -> 0 | T42: =S42 -> 0 | U42: =T42 -> 0 | ... AZ42: =AY42 -> 0
C43: 4-bed | D43: Public | E43: ='Green+Social Interface'!$T$22*'Green+Social Interface'!$U$22 -> 0 | F43: =$D$97 -> 1.2322331 | G43: kg CO2-e | H43: ='Green+Social Interface'!$O$6 -> 0.07 | J43: =IF(AND(K43>0,$C$67>0),K43/$C$67,0) -> 0 | K43: =AVERAGE(M43:AZ43) -> 0 | L43: =SUM(M43:AZ43) -> 0 | M43: =(E43*F43)*(1-H43) -> 0 | N43: =M43 -> 0 | O43: =N43 -> 0 | P43: =O43 -> 0 | Q43: =P43 -> 0 | R43: =Q43 -> 0 | S43: =R43 -> 0 | T43: =S43 -> 0 | U43: =T43 -> 0 | ... AZ43: =AY43 -> 0
B44: House | C44: 1-bed | D44: Public | E44: ='Green+Social Interface'!$O$18*'Green+Social Interface'!$P$18 -> 0 | F44: =$D$92 -> 1.2322331 | G44: kg CO2-e | H44: ='Green+Social Interface'!$O$6 -> 0.07 | J44: =IF(AND(K44>0,$C$67>0),K44/$C$67,0) -> 0 | K44: =AVERAGE(M44:AZ44) -> 0 | L44: =SUM(M44:AZ44) -> 0 | M44: =(E44*F44)*(1-H44) -> 0 | N44: =M44 -> 0 | O44: =N44 -> 0 | P44: =O44 -> 0 | Q44: =P44 -> 0 | R44: =Q44 -> 0 | S44: =R44 -> 0 | T44: =S44 -> 0 | U44: =T44 -> 0 | ... AZ44: =AY44 -> 0
C45: 2-bed | D45: Public | E45: ='Green+Social Interface'!$O$19*'Green+Social Interface'!$P$19 -> 0 | F45: =$D$92 -> 1.2322331 | G45: kg CO2-e | H45: ='Green+Social Interface'!$O$6 -> 0.07 | J45: =IF(AND(K45>0,$C$67>0),K45/$C$67,0) -> 0 | K45: =AVERAGE(M45:AZ45) -> 0 | L45: =SUM(M45:AZ45) -> 0 | M45: =(E45*F45)*(1-H45) -> 0 | N45: =M45 -> 0 | O45: =N45 -> 0 | P45: =O45 -> 0 | Q45: =P45 -> 0 | R45: =Q45 -> 0 | S45: =R45 -> 0 | T45: =S45 -> 0 | U45: =T45 -> 0 | ... AZ45: =AY45 -> 0
C46: 3-bed | D46: Public | E46: ='Green+Social Interface'!$O$20*'Green+Social Interface'!$P$20 -> 0 | F46: =$D$92 -> 1.2322331 | G46: kg CO2-e | H46: ='Green+Social Interface'!$O$6 -> 0.07 | J46: =IF(AND(K46>0,$C$67>0),K46/$C$67,0) -> 0 | K46: =AVERAGE(M46:AZ46) -> 0 | L46: =SUM(M46:AZ46) -> 0 | M46: =(E46*F46)*(1-H46) -> 0 | N46: =M46 -> 0 | O46: =N46 -> 0 | P46: =O46 -> 0 | Q46: =P46 -> 0 | R46: =Q46 -> 0 | S46: =R46 -> 0 | T46: =S46 -> 0 | U46: =T46 -> 0 | ... AZ46: =AY46 -> 0
C47: 4-bed | D47: Public | E47: ='Green+Social Interface'!$O$21*'Green+Social Interface'!$P$21 -> 0 | F47: =$D$92 -> 1.2322331 | G47: kg CO2-e | H47: ='Green+Social Interface'!$O$6 -> 0.07 | J47: =IF(AND(K47>0,$C$67>0),K47/$C$67,0) -> 0 | K47: =AVERAGE(M47:AZ47) -> 0 | L47: =SUM(M47:AZ47) -> 0 | M47: =(E47*F47)*(1-H47) -> 0 | N47: =M47 -> 0 | O47: =N47 -> 0 | P47: =O47 -> 0 | Q47: =P47 -> 0 | R47: =Q47 -> 0 | S47: =R47 -> 0 | T47: =S47 -> 0 | U47: =T47 -> 0 | ... AZ47: =AY47 -> 0
C48: 5-bed | D48: Public | E48: ='Green+Social Interface'!$O$22*'Green+Social Interface'!$P$22 -> 0 | F48: =$D$92 -> 1.2322331 | G48: kg CO2-e | H48: ='Green+Social Interface'!$O$6 -> 0.07 | J48: =IF(AND(K48>0,$C$67>0),K48/$C$67,0) -> 0 | K48: =AVERAGE(M48:AZ48) -> 0 | L48: =SUM(M48:AZ48) -> 0 | M48: =(E48*F48)*(1-H48) -> 0 | N48: =M48 -> 0 | O48: =N48 -> 0 | P48: =O48 -> 0 | Q48: =P48 -> 0 | R48: =Q48 -> 0 | S48: =R48 -> 0 | T48: =S48 -> 0 | U48: =T48 -> 0 | ... AZ48: =AY48 -> 0
B49: Deduct non-traditionals
B50: Total CO2 tons benefit | G50: tons CO2-e | J50: =IF(AND(K50>0,$C$67>0),K50/$C$67,0) -> 0 | K50: =AVERAGE(M50:AZ50) -> 0 | L50: =SUM(M50:AZ50) -> 0 | M50: =SUM(M29:M48)/1000 -> 0 | N50: =SUM(N29:N48)/1000 -> 0 | O50: =SUM(O29:O48)/1000 -> 0 | P50: =SUM(P29:P48)/1000 -> 0 | Q50: =SUM(Q29:Q48)/1000 -> 0 | R50: =SUM(R29:R48)/1000 -> 0 | S50: =SUM(S29:S48)/1000 -> 0 | T50: =SUM(T29:T48)/1000 -> 0 | ... AZ50: =SUM(AZ29:AZ48)/1000 -> 0
B51: Total CO2 emissions social value benefit | G51: $ | J51: =IF(AND(K51>0,$C$67>0),K51/$C$67,0) -> 0 | K51: =AVERAGE(M51:AZ51) -> 0 | L51: =SUM(M51:AZ51) -> 0 | M51: =M50*('Green+Social Interface'!$Z$65*'Green+Social Interface'!$Z$62) -> 0 | N51: =N50*('Green+Social Interface'!$Z$65*'Green+Social Interface'!$Z$62) -> 0 | O51: =O50*('Green+Social Interface'!$Z$65*'Green+Social Interface'!$Z$62) -> 0 | P51: =P50*('Green+Social Interface'!$Z$65*'Green+Social Interface'!$Z$62) -> 0 | Q51: =Q50*('Green+Social Interface'!$Z$65*'Green+Social Interface'!$Z$62) -> 0 | R51: =R50*('Green+Social Interface'!$Z$65*'Green+Social Interface'!$Z$62) -> 0 | S51: =S50*('Green+Social Interface'!$Z$65*'Green+Social Interface'!$Z$62) -> 0 | T51: =T50*('Green+Social Interface'!$Z$65*'Green+Social Interface'!$Z$62) -> 0 | ... AZ51: =AZ50*('Green+Social Interface'!$Z$65*'Green+Social Interface'!$Z$62) -> 0
B57: Combined CO2 costs from 'Energy and Carbon' and 'Green Infrastructure' modules
B58: Combined CO2 tons benefit | D58: Public | J58: =IF(AND(K58>0,$C$67>0),K58/$C$67,0) -> 0 | K58: =AVERAGE(M58:AZ58) -> 0 | L58: =SUM(M58:AZ58) -> 0 | M58: =M50+'Green Infrastructure'!M42+('Green Infrastructure'!M29+'Green Infrastructure'!M30) -> 0 | N58: =N50+'Green Infrastructure'!N42+('Green Infrastructure'!N29+'Green Infrastructure'!N30) -> 0 | O58: =O50+'Green Infrastructure'!O42+('Green Infrastructure'!O29+'Green Infrastructure'!O30) -> 0 | P58: =P50+'Green Infrastructure'!P42+('Green Infrastructure'!P29+'Green Infrastructure'!P30) -> 0 | Q58: =Q50+'Green Infrastructure'!Q42+('Green Infrastructure'!Q29+'Green Infrastructure'!Q30) -> 0 | R58: =R50+'Green Infrastructure'!R42+('Green Infrastructure'!R29+'Green Infrastructure'!R30) -> 0 | S58: =S50+'Green Infrastructure'!S42+('Green Infrastructure'!S29+'Green Infrastructure'!S30) -> 0 | T58: =T50+'Green Infrastructure'!T42+('Green Infrastructure'!T29+'Green Infrastructure'!T30) -> 0 | ... AZ58: =AZ50+'Green Infrastructure'!AZ42+('Green Infrastructure'!AZ29+'Green Infrastructure'!AZ30) -> 0
B59: Combined CO2 emissions social value ($) | C59: Nominal | D59: Public | J59: =IF(AND(K59>0,$C$67>0),K59/$C$67,0) -> 0 | K59: =AVERAGE(M59:AZ59) -> 0 | L59: =SUM(M59:AZ59) -> 0 | M59: =M58*(('Green+Social Interface'!$Z$62*'Green+Social Interface'!$Z$65)*(1+0.0255)) -> 0 | N59: =N58*(('Green+Social Interface'!$Z$62*'Green+Social Interface'!$Z$65)*(1+0.0255+$C$70)^(N3-1)) -> 0 | O59: =O58*(('Green+Social Interface'!$Z$62*'Green+Social Interface'!$Z$65)*(1+0.0255+$C$70)^(O3-1)) -> 0 | P59: =P58*(('Green+Social Interface'!$Z$62*'Green+Social Interface'!$Z$65)*(1+0.0255+$C$70)^(P3-1)) -> 0 | Q59: =Q58*(('Green+Social Interface'!$Z$62*'Green+Social Interface'!$Z$65)*(1+0.0255+$C$70)^(Q3-1)) -> 0 | R59: =R58*(('Green+Social Interface'!$Z$62*'Green+Social Interface'!$Z$65)*(1+0.0255+$C$70)^(R3-1)) -> 0 | S59: =S58*(('Green+Social Interface'!$Z$62*'Green+Social Interface'!$Z$65)*(1+0.0255+$C$70)^(S3-1)) -> 0 | T59: =T58*(('Green+Social Interface'!$Z$62*'Green+Social Interface'!$Z$65)*(1+0.0255+$C$70)^(T3-1)) -> 0 | U59: =U58*(('Green+Social Interface'!$Z$62*'Green+Social Interface'!$Z$65)*(1+0.0255+$C$70)^(U3-1)) -> 0 | ... AZ59: =AZ58*(('Green+Social Interface'!$Z$62*'Green+Social Interface'!$Z$65)*(1+0.0255+$C$70)^(AZ3-1)) -> 0
B60: Combined CO2 emissions social value ($) | C60: Real | D60: Public | J60: =IF(AND(K60>0,$C$67>0),K60/$C$67,0) -> 0 | K60: =AVERAGE(M60:AZ60) -> 0 | L60: =SUM(M60:AZ60) -> 0 | M60: =M58*(('Green+Social Interface'!$Z$62*'Green+Social Interface'!$Z$65)*(1+0.0255)) -> 0 | N60: =N58*(('Green+Social Interface'!$Z$62*'Green+Social Interface'!$Z$65)*(1+0.0255)^(N$3-1)) -> 0 | O60: =O58*(('Green+Social Interface'!$Z$62*'Green+Social Interface'!$Z$65)*(1+0.0255)^(O$3-1)) -> 0 | P60: =P58*(('Green+Social Interface'!$Z$62*'Green+Social Interface'!$Z$65)*(1+0.0255)^(P$3-1)) -> 0 | Q60: =Q58*(('Green+Social Interface'!$Z$62*'Green+Social Interface'!$Z$65)*(1+0.0255)^(Q$3-1)) -> 0 | R60: =R58*(('Green+Social Interface'!$Z$62*'Green+Social Interface'!$Z$65)*(1+0.0255)^(R$3-1)) -> 0 | S60: =S58*(('Green+Social Interface'!$Z$62*'Green+Social Interface'!$Z$65)*(1+0.0255)^(S$3-1)) -> 0 | T60: =T58*(('Green+Social Interface'!$Z$62*'Green+Social Interface'!$Z$65)*(1+0.0255)^(T$3-1)) -> 0 | U60: =U58*(('Green+Social Interface'!$Z$62*'Green+Social Interface'!$Z$65)*(1+0.0255)^(U$3-1)) -> 0 | ... AZ60: =AZ58*(('Green+Social Interface'!$Z$62*'Green+Social Interface'!$Z$65)*(1+0.0255)^(AZ$3-1)) -> 0
B62: Combined 'cost of living' from 'Energy and Carbon', Green Infrastructure' and 'Social Infrastructure'
B63: Combined energy expenditure reduction | J63: =IF(AND(K63>0,$C$67>0),K63/$C$67,0) -> 0 | K63: =AVERAGE(M63:AZ63) -> 0 | L63: =SUM(M63:AZ63) -> 0 | M63: =M27+'Green Infrastructure'!M47 -> 0 | N63: =N27+'Green Infrastructure'!N47 -> 0 | O63: =O27+'Green Infrastructure'!O47 -> 0 | P63: =P27+'Green Infrastructure'!P47 -> 0 | Q63: =Q27+'Green Infrastructure'!Q47 -> 0 | R63: =R27+'Green Infrastructure'!R47 -> 0 | S63: =S27+'Green Infrastructure'!S47 -> 0 | T63: =T27+'Green Infrastructure'!T47 -> 0 | ... AZ63: =AZ27+'Green Infrastructure'!AZ47 -> 0
B66: Memo items
B67: Total dwelling | C67: =SUM('Green+Social Interface'!D18:D22,'Green+Social Interface'!I18:I22,'Green+Social Interface'!O18:O22,'Green+Social Interface'!T18:T22) -> 0
B68: Total sqm | C68: =SUM($E$6:$E$25) -> 0
B69: Average sqm | C69: =C68/C67 -> #DIV/0!
B70: CPI | C70: ='Green+Social Interface'!I35 -> 0
B74: Energy Savings | D74: $ | G74: $ per kWh
B75: Base Cost ($ per m2) | C75: Total | D75: =VLOOKUP('Green+Social Interface'!$D$39,'Look-ups_2'!$B$4:$AU$113,42,FALSE) -> 2.2883545 | G75: =VLOOKUP('Green+Social Interface'!$D$38,'Look-ups'!$A$123:$H$130,8,FALSE) -> 0.32
B76: Base kg CO2-e per m2 | C76: Total | D76: =VLOOKUP('Green+Social Interface'!$D$39,'Look-ups_2'!$B$4:$AU$113,46,FALSE) -> 1.8192862
D78: kWh (Thermal) | E78: SEER | F78: $ | G78: Total ($ per m2) | I78: Change in Total Compared to Base ($ per m2)
B79: Affordable housing Cost ($ per m2) | C79: Heating (Defaults Nathers 7; ES 5) | D79: =VLOOKUP(VLOOKUP('Green+Social Interface'!$D$39,'Look-ups_2'!$B$4:$AC$113,28,FALSE),'Look-ups'!$A$50:$AO$118,IF('Green+Social Interface'!$D$25<>"",'Green+Social Interface'!$D$25*4,7*4),FALSE)*0.277778 -> 5.2983667 | E79: =VLOOKUP(IF('Green+Social Interface'!$D$27<>"",'Green+Social Interface'!$D$27,5),'Look-ups'!$A$144:$B$164,2,FALSE) -> 4.75 | F79: =D79/E79*G$75 -> 0.3569426 | G79: =SUM(F79:F80) -> 0.72982515 | I79: =D$75-G79 -> 1.5585293
B80: Housing/Semi-detached | C80: Cooling (Defaults Nathers 7; ES 5) | D80: =VLOOKUP(VLOOKUP('Green+Social Interface'!$D$39,'Look-ups_2'!$B$4:$AC$113,28,FALSE),'Look-ups'!$A$50:$AO$118,IF('Green+Social Interface'!$D$25<>"",'Green+Social Interface'!$D$25*4+1,7*4+1),FALSE)*0.277778 -> 5.5349753 | E80: =VLOOKUP(IF('Green+Social Interface'!$D$26<>"",'Green+Social Interface'!$D$26,5),'Look-ups'!$A$144:$B$164,2,FALSE) -> 4.75 | F80: =D80/E80*G$75 -> 0.37288254
C81: kg CO2-e per m2 | D81: =(D79/E79+D80/E80)*VLOOKUP('Green+Social Interface'!$D$38,'Look-ups'!$A$123:$M$130,13,FALSE) -> 0.5870531 | I81: =D81*30 -> 17.611593 | J81: =I81/1000 -> 0.017611593 | K81: =J81*100 -> 1.7611593
C82: Difference in kg CO2-e per m2 compared to base | D82: =D$76-D81 -> 1.2322331
D83: kWh (Thermal) | E83: SEER | F83: $ | G83: Total ($ per m2) | I83: Change in Total Compared to Base ($ per m2)
B84: Affordable housing Cost ($ per m2) | C84: Heating (Defaults Nathers 7; ES 5) | D84: =VLOOKUP(VLOOKUP('Green+Social Interface'!$D$39,'Look-ups_2'!$B$4:$AC$113,28,FALSE),'Look-ups'!$A$50:$AO$118,IF('Green+Social Interface'!$I$25<>"",'Green+Social Interface'!$I$25*4,7*4),FALSE)*0.277778 -> 5.2983667 | E84: =VLOOKUP(IF('Green+Social Interface'!$I$27<>"",'Green+Social Interface'!$I$27,5),'Look-ups'!$A$144:$B$164,2,FALSE) -> 4.75 | F84: =D84/E84*G$75 -> 0.3569426 | G84: =SUM(F84:F85) -> 0.72982515 | I84: =D$75-G84 -> 1.5585293
B85: Apartment | C85: Cooling (Defaults Nathers 7; ES 5) | D85: =VLOOKUP(VLOOKUP('Green+Social Interface'!$D$39,'Look-ups_2'!$B$4:$AC$113,28,FALSE),'Look-ups'!$A$50:$AO$118,IF('Green+Social Interface'!$I$25<>"",'Green+Social Interface'!$I$25*4+1,7*4+1),FALSE)*0.277778 -> 5.5349753 | E85: =VLOOKUP(IF('Green+Social Interface'!$I$26<>"",'Green+Social Interface'!$I$26,5),'Look-ups'!$A$144:$B$164,2,FALSE) -> 4.75 | F85: =D85/E85*G$75 -> 0.37288254
C86: kg CO2-e per m2 | D86: =(D84/E84+D85/E85)*VLOOKUP('Green+Social Interface'!$D$38,'Look-ups'!$A$123:$M$130,13,FALSE) -> 0.5870531
C87: Difference in kg CO2-e per m2 compared to base | D87: =D$76-D86 -> 1.2322331
D88: kWh (Thermal) | E88: SEER | F88: $ | G88: Total ($ per m2) | I88: Change in Total Compared to Base ($ per m2)
B89: Social housing Cost ($ per m2) | C89: Heating (Defaults Nathers 7; ES 5) | D89: =VLOOKUP(VLOOKUP('Green+Social Interface'!$D$39,'Look-ups_2'!$B$4:$AC$113,28,FALSE),'Look-ups'!$A$50:$AO$118,IF('Green+Social Interface'!$O$25<>"",'Green+Social Interface'!$O$25*4,7*4),FALSE)*0.277778 -> 5.2983667 | E89: =VLOOKUP(IF('Green+Social Interface'!$O$27<>"",'Green+Social Interface'!$O$27,5),'Look-ups'!$A$144:$B$164,2,FALSE) -> 4.75 | F89: =D89/E89*G$75 -> 0.3569426 | G89: =SUM(F89:F90) -> 0.72982515 | I89: =D$75-G89 -> 1.5585293
B90: Housing/Semi-detached | C90: Cooling (Defaults Nathers 7; ES 5) | D90: =VLOOKUP(VLOOKUP('Green+Social Interface'!$D$39,'Look-ups_2'!$B$4:$AC$113,28,FALSE),'Look-ups'!$A$50:$AO$118,IF('Green+Social Interface'!$O$25<>"",'Green+Social Interface'!$O$25*4+1,7*4+1),FALSE)*0.277778 -> 5.5349753 | E90: =VLOOKUP(IF('Green+Social Interface'!$O$26<>"",'Green+Social Interface'!$O$26,5),'Look-ups'!$A$144:$B$164,2,FALSE) -> 4.75 | F90: =D90/E90*G$75 -> 0.37288254
C91: kg CO2-e per m2 | D91: =(D89/E89+D90/E90)*VLOOKUP('Green+Social Interface'!$D$38,'Look-ups'!$A$123:$M$130,13,FALSE) -> 0.5870531
C92: Difference in kg CO2-e per m2 compared to base | D92: =D$76-D91 -> 1.2322331
D93: kWh (Thermal) | E93: SEER | F93: $ | G93: Total ($ per m2) | I93: Change in Total Compared to Base ($ per m2)
B94: Social housing Cost ($ per m2) | C94: Heating (Defaults Nathers 7; ES 5) | D94: =VLOOKUP(VLOOKUP('Green+Social Interface'!$D$39,'Look-ups_2'!$B$4:$AC$113,28,FALSE),'Look-ups'!$A$50:$AO$118,IF('Green+Social Interface'!$T$25<>"",'Green+Social Interface'!$T$25*4,7*4),FALSE)*0.277778 -> 5.2983667 | E94: =VLOOKUP(IF('Green+Social Interface'!$T$27<>"",'Green+Social Interface'!$T$27,5),'Look-ups'!$A$144:$B$164,2,FALSE) -> 4.75 | F94: =D94/E94*G$75 -> 0.3569426 | G94: =SUM(F94:F95) -> 0.72982515 | I94: =D$75-G94 -> 1.5585293
B95: Apartment | C95: Cooling (Defaults Nathers 7; ES 5) | D95: =VLOOKUP(VLOOKUP('Green+Social Interface'!$D$39,'Look-ups_2'!$B$4:$AC$113,28,FALSE),'Look-ups'!$A$50:$AO$118,IF('Green+Social Interface'!$T$25<>"",'Green+Social Interface'!$T$25*4+1,7*4+1),FALSE)*0.277778 -> 5.5349753 | E95: =VLOOKUP(IF('Green+Social Interface'!$T$26<>"",'Green+Social Interface'!$T$26,5),'Look-ups'!$A$144:$B$164,2,FALSE) -> 4.75 | F95: =D95/E95*G$75 -> 0.37288254
C96: kg CO2-e per m2 | D96: =(D94/E94+D95/E95)*VLOOKUP('Green+Social Interface'!$D$38,'Look-ups'!$A$123:$M$130,13,FALSE) -> 0.5870531
C97: Difference in kg CO2-e per m2 compared to base | D97: =D$76-D96 -> 1.2322331

Sheet Pivot table
A3: Row Labels | B3: Sum of Public cash monetary | C3: Sum of Private cash monetary | D3: Sum of Private wellbeing monetary | E3: Sum of Privtate cash and wellbeing monetary | F3: Sum of Total cash and wellbeing monetary | G3: Sum of Homlessness public sector offset | H3: Sum of Public sector health and DV offset | I3: Sum of Tenant finance
A4: 1 | B4: 176761.17 | C4: 66961.076 | D4: 235000.84 | E4: 301961.91 | F4: 475538.79 | G4: 27599.106 | H4: 142596.42 | I4: 62613.609
A5: 2 | B5: 65069.006 | C5: 68300.298 | D5: 16779.06 | E5: 85079.358 | F5: 146900.38 | G5: 28151.088 | H5: 30220.954 | I5: 63865.881
A6: 3 | B6: 66370.386 | C6: 69666.304 | D6: 17114.641 | E6: 86780.945 | F6: 149838.39 | G6: 28714.11 | H6: 30825.373 | I6: 65143.199
A7: 4 | B7: 67697.793 | C7: 71059.63 | D7: 17456.934 | E7: 88516.564 | F7: 152835.15 | G7: 29288.392 | H7: 31441.881 | I7: 66446.063
A8: 5 | B8: 69051.749 | C8: 72480.822 | D8: 17806.072 | E8: 90286.895 | F8: 155891.86 | G8: 29874.16 | H8: 32070.718 | I8: 67774.984
A9: 6 | B9: 70432.784 | C9: 73930.439 | D9: 18162.194 | E9: 92092.633 | F9: 159009.69 | G9: 30471.643 | H9: 32712.133 | I9: 69130.484
A10: 7 | B10: 71841.44 | C10: 75409.048 | D10: 18525.438 | E10: 93934.485 | F10: 162189.89 | G10: 31081.076 | H10: 33366.375 | I10: 70513.094
A11: 8 | B11: 73278.269 | C11: 76917.229 | D11: 18895.947 | E11: 95813.175 | F11: 165433.69 | G11: 31702.698 | H11: 34033.703 | I11: 71923.356
A12: 9 | B12: 74743.834 | C12: 78455.573 | D12: 19273.865 | E12: 97729.439 | F12: 168742.36 | G12: 32336.752 | H12: 34714.377 | I12: 73361.823
A13: 10 | B13: 76238.711 | C13: 80024.685 | D13: 19659.343 | E13: 99684.027 | F13: 172117.21 | G13: 32983.487 | H13: 35408.664 | I13: 74829.059
A14: 11 | B14: 77763.485 | C14: 81625.178 | D14: 20052.53 | E14: 101677.71 | F14: 175559.55 | G14: 33643.157 | H14: 36116.838 | I14: 76325.64
A15: 12 | B15: 79318.755 | C15: 83257.682 | D15: 20453.58 | E15: 103711.26 | F15: 179070.74 | G15: 34316.02 | H15: 36839.174 | I15: 77852.153
... A43: 40 | B43: 138095.87 | C43: 144953.64 | D43: 35610.178 | E43: 180563.82 | F43: 311766.5 | G43: 59745.021 | H43: 64137.894 | I43: 135542.48
A44: Grand Total | B44: 3966200.4 | C44: 4044581.8 | D44: 1212166.9 | E44: 5256748.7 | F44: 9030611.2 | G44: 1667040.8 | H44: 1902581.3 | I44: 3781986.2

Sheet Look-ups
A1: SOCIAL INFRASTRUCTURE MODULE | K1: SOCIAL INFRASTRUCTURE MODULE | Y1: SOCIAL INFRASTRUCTURE MODULE
A2: Number of years | B2: Real discount rate | C2: Wrap around | E2: State/Territories | G2: Location | I2: Search | J2: Location | K2: Type | L2: Bedrooms | M2: Ratio | O2: Search | P2: State | Q2: Location | R2: Type | S2: Price | T2: Base Price | U2: Reference and Notes | AC2: 0 CHILDREN (Studios and 1 bedroom) | AD2: ONE CHILD (2 bedroom) | AE2: TWO CHILDREN (3 bedroom) | AF2: THREE CHILDREN (4 bedroom) | AG2: FOUR+ CHILDREN (5 bedroom) | AI2: Available Special 1-bedroom housing
A3: 10 | B3: 0.04 | C3: No | E3: ACT | G3: Capital City | I3: =CONCATENATE(J3,"-",K3,"-",L3) -> Capital City-Flat-Studio | J3: Capital City | K3: Flat | L3: Studio | M3: 0.69333333 | O3: =CONCATENATE(P3,"-",Q3,"-",R3) -> ACT-Capital City-House | P3: ACT | Q3: Capital City | R3: House | S3: =ROUND(VLOOKUP('Green+Social Interface'!$I$38,'Look-ups'!$A$15:$C$43,3,0)*T3,0) -> 522 | T3: 485 | U3: West and North | Y3: Search | Z3: State | AA3: Location | AB3: Type | AC3: Price Apartment | AD3: Price Apartment | AE3: Price Apartment | AF3: Price Apartment | AG3: Price Apartment | AI3: Deprecated | AJ3: Affordable
A4: 15 | B4: 0.07 | C4: Yes | E4: NSW | G4: Regional City | I4: =CONCATENATE(J4,"-",K4,"-",L4) -> Capital City-Flat-1-bed | J4: Capital City | K4: Flat | L4: 1-bed | M4: 0.93333333 | O4: =CONCATENATE(P4,"-",Q4,"-",R4) -> ACT-Capital City-Flat | P4: ACT | Q4: Capital City | R4: Flat | S4: =ROUND(VLOOKUP('Green+Social Interface'!$I$38,'Look-ups'!$A$15:$C$43,3,0)*T4,0) -> 533 | T4: 495 | Y4: =CONCATENATE(Z4,"-",AA4,"-",AB4) -> ACT-Capital City-Lone Person | Z4: ACT | AA4: Capital City | AB4: Lone Person | AC4: =VLOOKUP('Green+Social Interface'!$I$38,'Look-ups'!$A$15:$C$43,2,0)*86 -> 92.02 | AD4: =VLOOKUP('Green+Social Interface'!$I$38,'Look-ups'!$A$15:$C$43,2,0)*123 -> 131.61 | AE4: =VLOOKUP('Green+Social Interface'!$I$38,'Look-ups'!$A$15:$C$43,2,0)*147 -> 157.29 | AF4: =VLOOKUP('Green+Social Interface'!$I$38,'Look-ups'!$A$15:$C$43,2,0)*180 -> 192.6 | AG4: =VLOOKUP('Green+Social Interface'!$I$38,'Look-ups'!$A$15:$C$43,2,0)*171 -> 182.97 | AI4: Deprecated | AJ4: Social Housing
A5: 20 | B5: 0.1 | E5: NT | I5: =CONCATENATE(J5,"-",K5,"-",L5) -> Capital City-Flat-2-bed | J5: Capital City | K5: Flat | L5: 2-bed | M5: 1 | O5: =CONCATENATE(P5,"-",Q5,"-",R5) -> ACT-Regional City-House | P5: ACT | Q5: Regional City | R5: House | S5: =ROUND(VLOOKUP('Green+Social Interface'!$I$38,'Look-ups'!$A$15:$C$43,3,0)*T5,0) -> 539 | T5: 500 | U5: Outer South | Y5: =CONCATENATE(Z5,"-",AA5,"-",AB5) -> ACT-Capital City-Couple Only | Z5: ACT | AA5: Capital City | AB5: Couple Only | AC5: =VLOOKUP('Green+Social Interface'!$I$38,'Look-ups'!$A$15:$C$43,2,0)*139 -> 148.73 | AD5: =VLOOKUP('Green+Social Interface'!$I$38,'Look-ups'!$A$15:$C$43,2,0)*131 -> 140.17 | AE5: =VLOOKUP('Green+Social Interface'!$I$38,'Look-ups'!$A$15:$C$43,2,0)*148 -> 158.36 | AF5: =VLOOKUP('Green+Social Interface'!$I$38,'Look-ups'!$A$15:$C$43,2,0)*164 -> 175.48 | AG5: =VLOOKUP('Green+Social Interface'!$I$38,'Look-ups'!$A$15:$C$43,2,0)*206 -> 220.42 | AI5: Note: Leaving above in here as text to double check that it wasn't used.
A6: 25 | E6: Qld | I6: =CONCATENATE(J6,"-",K6,"-",L6) -> Capital City-Flat-3-bed | J6: Capital City | K6: Flat | L6: 3-bed | M6: 1.3066667 | O6: =CONCATENATE(P6,"-",Q6,"-",R6) -> ACT-Regional City-Flat | P6: ACT | Q6: Regional City | R6: Flat | S6: =ROUND(VLOOKUP('Green+Social Interface'!$I$38,'Look-ups'!$A$15:$C$43,3,0)*T6,0) -> 506 | T6: 470 | Y6: =CONCATENATE(Z6,"-",AA6,"-",AB6) -> ACT-Regional City-Lone Person | Z6: ACT | AA6: Regional City | AB6: Lone Person | AC6: =VLOOKUP('Green+Social Interface'!$I$38,'Look-ups'!$A$15:$C$43,2,0)*86 -> 92.02 | AD6: =VLOOKUP('Green+Social Interface'!$I$38,'Look-ups'!$A$15:$C$43,2,0)*123 -> 131.61 | AE6: =VLOOKUP('Green+Social Interface'!$I$38,'Look-ups'!$A$15:$C$43,2,0)*147 -> 157.29 | AF6: =VLOOKUP('Green+Social Interface'!$I$38,'Look-ups'!$A$15:$C$43,2,0)*180 -> 192.6 | AG6: =VLOOKUP('Green+Social Interface'!$I$38,'Look-ups'!$A$15:$C$43,2,0)*171 -> 182.97 | AI6: Errors in this case would be good rather than just being plugged in as a default 0
A7: 30 | E7: SA | I7: =CONCATENATE(J7,"-",K7,"-",L7) -> Capital City-Flat-4-bed | J7: Capital City | K7: Flat | L7: 4-bed | M7: 1.4666667 | O7: =CONCATENATE(P7,"-",Q7,"-",R7) -> NSW-Capital City-House | P7: NSW | Q7: Capital City | R7: House | S7: =ROUND(VLOOKUP('Green+Social Interface'!$I$38,'Look-ups'!$A$15:$C$43,3,0)*T7,0) -> 398 | T7: 370 | U7: Sydney Outer | Y7: =CONCATENATE(Z7,"-",AA7,"-",AB7) -> ACT-Regional City-Couple Only | Z7: ACT | AA7: Regional City | AB7: Couple Only | AC7: =VLOOKUP('Green+Social Interface'!$I$38,'Look-ups'!$A$15:$C$43,2,0)*139 -> 148.73 | AD7: =VLOOKUP('Green+Social Interface'!$I$38,'Look-ups'!$A$15:$C$43,2,0)*131 -> 140.17 | AE7: =VLOOKUP('Green+Social Interface'!$I$38,'Look-ups'!$A$15:$C$43,2,0)*148 -> 158.36 | AF7: =VLOOKUP('Green+Social Interface'!$I$38,'Look-ups'!$A$15:$C$43,2,0)*164 -> 175.48 | AG7: =VLOOKUP('Green+Social Interface'!$I$38,'Look-ups'!$A$15:$C$43,2,0)*206 -> 220.42 | AI7: No longer needed as special allocations will be across all bedrooms
A8: 35 | E8: Tas | I8: =CONCATENATE(J8,"-",K8,"-",L8) -> Capital City-House-1-bed | J8: Capital City | K8: House | L8: 1-bed | M8: 0.69444444 | O8: =CONCATENATE(P8,"-",Q8,"-",R8) -> NSW-Capital City-Flat | P8: NSW | Q8: Capital City | R8: Flat | S8: =ROUND(VLOOKUP('Green+Social Interface'!$I$38,'Look-ups'!$A$15:$C$43,3,0)*T8,0) -> 404 | T8: 375 | Y8: =CONCATENATE(Z8,"-",AA8,"-",AB8) -> NSW-Capital City-Lone Person | Z8: NSW | AA8: Capital City | AB8: Lone Person | AC8: =VLOOKUP('Green+Social Interface'!$I$38,'Look-ups'!$A$15:$C$43,2,0)*89 -> 95.23 | AD8: =VLOOKUP('Green+Social Interface'!$I$38,'Look-ups'!$A$15:$C$43,2,0)*127 -> 135.89 | AE8: =VLOOKUP('Green+Social Interface'!$I$38,'Look-ups'!$A$15:$C$43,2,0)*152 -> 162.64 | AF8: =VLOOKUP('Green+Social Interface'!$I$38,'Look-ups'!$A$15:$C$43,2,0)*186 -> 199.02 | AG8: =VLOOKUP('Green+Social Interface'!$I$38,'Look-ups'!$A$15:$C$43,2,0)*177 -> 189.39
A9: 40 | E9: Vic | I9: =CONCATENATE(J9,"-",K9,"-",L9) -> Capital City-House-2-bed | J9: Capital City | K9: House | L9: 2-bed | M9: 1 | O9: =CONCATENATE(P9,"-",Q9,"-",R9) -> NSW-Regional City-House | P9: NSW | Q9: Regional City | R9: House | S9: =ROUND(VLOOKUP('Green+Social Interface'!$I$38,'Look-ups'!$A$15:$C$43,3,0)*T9,0) -> 474 | T9: 440 | U9: Wollongong | Y9: =CONCATENATE(Z9,"-",AA9,"-",AB9) -> NSW-Capital City-Couple Only | Z9: NSW | AA9: Capital City | AB9: Couple Only | AC9: =VLOOKUP('Green+Social Interface'!$I$38,'Look-ups'!$A$15:$C$43,2,0)*144 -> 154.08 | AD9: =VLOOKUP('Green+Social Interface'!$I$38,'Look-ups'!$A$15:$C$43,2,0)*136 -> 145.52 | AE9: =VLOOKUP('Green+Social Interface'!$I$38,'Look-ups'!$A$15:$C$43,2,0)*154 -> 164.78 | AF9: =VLOOKUP('Green+Social Interface'!$I$38,'Look-ups'!$A$15:$C$43,2,0)*170 -> 181.9 | AG9: =VLOOKUP('Green+Social Interface'!$I$38,'Look-ups'!$A$15:$C$43,2,0)*214 -> 228.98
E10: WA | I10: =CONCATENATE(J10,"-",K10,"-",L10) -> Capital City-House-3-bed | J10: Capital City | K10: House | L10: 3-bed | M10: 1.2222222 | O10: =CONCATENATE(P10,"-",Q10,"-",R10) -> NSW-Regional City-Flat | P10: NSW | Q10: Regional City | R10: Flat | S10: =ROUND(VLOOKUP('Green+Social Interface'!$I$38,'Look-ups'!$A$15:$C$43,3,0)*T10,0) -> 420 | T10: 390 | Y10: =CONCATENATE(Z10,"-",AA10,"-",AB10) -> NSW-Regional City-Lone Person | Z10: NSW | AA10: Regional City | AB10: Lone Person | AC10: =VLOOKUP('Green+Social Interface'!$I$38,'Look-ups'!$A$15:$C$43,2,0)*100 -> 107 | AD10: =VLOOKUP('Green+Social Interface'!$I$38,'Look-ups'!$A$15:$C$43,2,0)*143 -> 153.01 | AE10: =VLOOKUP('Green+Social Interface'!$I$38,'Look-ups'!$A$15:$C$43,2,0)*171 -> 182.97 | AF10: =VLOOKUP('Green+Social Interface'!$I$38,'Look-ups'!$A$15:$C$43,2,0)*209 -> 223.63 | AG10: =VLOOKUP('Green+Social Interface'!$I$38,'Look-ups'!$A$15:$C$43,2,0)*199 -> 212.93
I11: =CONCATENATE(J11,"-",K11,"-",L11) -> Capital City-House-4-bed | J11: Capital City | K11: House | L11: 4-bed | M11: 1.5555556 | O11: =CONCATENATE(P11,"-",Q11,"-",R11) -> NT-Capital City-House | P11: NT | Q11: Capital City | R11: House | S11: =ROUND(VLOOKUP('Green+Social Interface'!$I$38,'Look-ups'!$A$15:$C$43,3,0)*T11,0) -> 424 | T11: 394 | U11: Scaled Northern Suburbs Median 3-bedroom | Y11: =CONCATENATE(Z11,"-",AA11,"-",AB11) -> NSW-Regional City-Couple Only | Z11: NSW | AA11: Regional City | AB11: Couple Only | AC11: =VLOOKUP('Green+Social Interface'!$I$38,'Look-ups'!$A$15:$C$43,2,0)*162 -> 173.34 | AD11: =VLOOKUP('Green+Social Interface'!$I$38,'Look-ups'!$A$15:$C$43,2,0)*153 -> 163.71 | AE11: =VLOOKUP('Green+Social Interface'!$I$38,'Look-ups'!$A$15:$C$43,2,0)*173 -> 185.11 | AF11: =VLOOKUP('Green+Social Interface'!$I$38,'Look-ups'!$A$15:$C$43,2,0)*191 -> 204.37 | AG11: =VLOOKUP('Green+Social Interface'!$I$38,'Look-ups'!$A$15:$C$43,2,0)*240 -> 256.8
I12: =CONCATENATE(J12,"-",K12,"-",L12) -> Capital City-House-5-bed | J12: Capital City | K12: House | L12: 5-bed | M12: 1.875 | O12: =CONCATENATE(P12,"-",Q12,"-",R12) -> NT-Capital City-Flat | P12: NT | Q12: Capital City | R12: Flat | S12: =ROUND(VLOOKUP('Green+Social Interface'!$I$38,'Look-ups'!$A$15:$C$43,3,0)*T12,0) -> 401 | T12: 372 | U12: Scaled Median 2-bedroom | Y12: =CONCATENATE(Z12,"-",AA12,"-",AB12) -> NT-Capital City-Lone Person | Z12: NT | AA12: Capital City | AB12: Lone Person | AC12: =VLOOKUP('Green+Social Interface'!$I$38,'Look-ups'!$A$15:$C$43,2,0)*123 -> 131.61 | AD12: =VLOOKUP('Green+Social Interface'!$I$38,'Look-ups'!$A$15:$C$43,2,0)*176 -> 188.32 | AE12: =VLOOKUP('Green+Social Interface'!$I$38,'Look-ups'!$A$15:$C$43,2,0)*211 -> 225.77 | AF12: =VLOOKUP('Green+Social Interface'!$I$38,'Look-ups'!$A$15:$C$43,2,0)*258 -> 276.06 | AG12: =VLOOKUP('Green+Social Interface'!$I$38,'Look-ups'!$A$15:$C$43,2,0)*245 -> 262.15
B13: financial year basis | I13: =CONCATENATE(J13,"-",K13,"-",L13) -> Capital City-House-6-bed | J13: Capital City | K13: House | L13: 6-bed | M13: 2.0833333 | O13: =CONCATENATE(P13,"-",Q13,"-",R13) -> NT-Regional City-House | P13: NT | Q13: Regional City | R13: House | S13: =ROUND(VLOOKUP('Green+Social Interface'!$I$38,'Look-ups'!$A$15:$C$43,3,0)*T13,0) -> 440 | T13: 409 | U13: Scaled Alice Springs Median 3-bedroom | Y13: =CONCATENATE(Z13,"-",AA13,"-",AB13) -> NT-Capital City-Couple Only | Z13: NT | AA13: Capital City | AB13: Couple Only | AC13: =VLOOKUP('Green+Social Interface'!$I$38,'Look-ups'!$A$15:$C$43,2,0)*199 -> 212.93 | AD13: =VLOOKUP('Green+Social Interface'!$I$38,'Look-ups'!$A$15:$C$43,2,0)*189 -> 202.23 | AE13: =VLOOKUP('Green+Social Interface'!$I$38,'Look-ups'!$A$15:$C$43,2,0)*213 -> 227.91 | AF13: =VLOOKUP('Green+Social Interface'!$I$38,'Look-ups'!$A$15:$C$43,2,0)*236 -> 252.52 | AG13: =VLOOKUP('Green+Social Interface'!$I$38,'Look-ups'!$A$15:$C$43,2,0)*296 -> 316.72
A14: Year of operation | B14: CPI | C14: Rent index | D14: NatHERS | I14: =CONCATENATE(J14,"-",K14,"-",L14) -> Regional City-Flat-Studio | J14: Regional City | K14: Flat | L14: Studio | M14: 0.75 | O14: =CONCATENATE(P14,"-",Q14,"-",R14) -> NT-Regional City-Flat | P14: NT | Q14: Regional City | R14: Flat | S14: =ROUND(VLOOKUP('Green+Social Interface'!$I$38,'Look-ups'!$A$15:$C$43,3,0)*T14,0) -> 405 | T14: 376 | U14: Scaled Alice Springs Median | Y14: =CONCATENATE(Z14,"-",AA14,"-",AB14) -> NT-Regional City-Lone Person | Z14: NT | AA14: Regional City | AB14: Lone Person | AC14: =VLOOKUP('Green+Social Interface'!$I$38,'Look-ups'!$A$15:$C$43,2,0)*123 -> 131.61 | AD14: =VLOOKUP('Green+Social Interface'!$I$38,'Look-ups'!$A$15:$C$43,2,0)*176 -> 188.32 | AE14: =VLOOKUP('Green+Social Interface'!$I$38,'Look-ups'!$A$15:$C$43,2,0)*211 -> 225.77 | AF14: =VLOOKUP('Green+Social Interface'!$I$38,'Look-ups'!$A$15:$C$43,2,0)*258 -> 276.06 | AG14: =VLOOKUP('Green+Social Interface'!$I$38,'Look-ups'!$A$15:$C$43,2,0)*245 -> 262.15
A15: 2022 | B15: 1 | C15: 1 | I15: =CONCATENATE(J15,"-",K15,"-",L15) -> Regional City-Flat-1-bed | J15: Regional City | K15: Flat | L15: 1-bed | M15: 0.75 | O15: =CONCATENATE(P15,"-",Q15,"-",R15) -> Qld-Capital City-House | P15: Qld | Q15: Capital City | R15: House | S15: =ROUND(VLOOKUP('Green+Social Interface'!$I$38,'Look-ups'!$A$15:$C$43,3,0)*T15,0) -> 323 | T15: 300 | U15: Brisbane Outer | Y15: =CONCATENATE(Z15,"-",AA15,"-",AB15) -> NT-Regional City-Couple Only | Z15: NT | AA15: Regional City | AB15: Couple Only | AC15: =VLOOKUP('Green+Social Interface'!$I$38,'Look-ups'!$A$15:$C$43,2,0)*199 -> 212.93 | AD15: =VLOOKUP('Green+Social Interface'!$I$38,'Look-ups'!$A$15:$C$43,2,0)*189 -> 202.23 | AE15: =VLOOKUP('Green+Social Interface'!$I$38,'Look-ups'!$A$15:$C$43,2,0)*213 -> 227.91 | AF15: =VLOOKUP('Green+Social Interface'!$I$38,'Look-ups'!$A$15:$C$43,2,0)*236 -> 252.52 | AG15: =VLOOKUP('Green+Social Interface'!$I$38,'Look-ups'!$A$15:$C$43,2,0)*296 -> 316.72
A16: 2023 | B16: 1.07 | C16: 1.077 | D16: 1 | I16: =CONCATENATE(J16,"-",K16,"-",L16) -> Regional City-Flat-2-bed | J16: Regional City | K16: Flat | L16: 2-bed | M16: 1 | O16: =CONCATENATE(P16,"-",Q16,"-",R16) -> Qld-Capital City-Flat | P16: Qld | Q16: Capital City | R16: Flat | S16: =ROUND(VLOOKUP('Green+Social Interface'!$I$38,'Look-ups'!$A$15:$C$43,3,0)*T16,0) -> 302 | T16: 280 | Y16: =CONCATENATE(Z16,"-",AA16,"-",AB16) -> QLD-Capital City-Lone Person | Z16: QLD | AA16: Capital City | AB16: Lone Person | AC16: =VLOOKUP('Green+Social Interface'!$I$38,'Look-ups'!$A$15:$C$43,2,0)*119 -> 127.33 | AD16: =VLOOKUP('Green+Social Interface'!$I$38,'Look-ups'!$A$15:$C$43,2,0)*170 -> 181.9 | AE16: =VLOOKUP('Green+Social Interface'!$I$38,'Look-ups'!$A$15:$C$43,2,0)*203 -> 217.21 | AF16: =VLOOKUP('Green+Social Interface'!$I$38,'Look-ups'!$A$15:$C$43,2,0)*249 -> 266.43 | AG16: =VLOOKUP('Green+Social Interface'!$I$38,'Look-ups'!$A$15:$C$43,2,0)*236 -> 252.52
A17: 2024 | B17: =B16+0.042 -> 1.112 | C17: =C16+0.068 -> 1.145 | D17: 1.5 | I17: =CONCATENATE(J17,"-",K17,"-",L17) -> Regional City-Flat-3-bed | J17: Regional City | K17: Flat | L17: 3-bed | M17: 1.2857143 | O17: =CONCATENATE(P17,"-",Q17,"-",R17) -> Qld-Regional City-House | P17: Qld | Q17: Regional City | R17: House | S17: =ROUND(VLOOKUP('Green+Social Interface'!$I$38,'Look-ups'!$A$15:$C$43,3,0)*T17,0) -> 302 | T17: 280 | U17: Townsville | Y17: =CONCATENATE(Z17,"-",AA17,"-",AB17) -> QLD-Capital City-Couple Only | Z17: QLD | AA17: Capital City | AB17: Couple Only | AC17: =VLOOKUP('Green+Social Interface'!$I$38,'Look-ups'!$A$15:$C$43,2,0)*192 -> 205.44 | AD17: =VLOOKUP('Green+Social Interface'!$I$38,'Look-ups'!$A$15:$C$43,2,0)*182 -> 194.74 | AE17: =VLOOKUP('Green+Social Interface'!$I$38,'Look-ups'!$A$15:$C$43,2,0)*205 -> 219.35 | AF17: =VLOOKUP('Green+Social Interface'!$I$38,'Look-ups'!$A$15:$C$43,2,0)*227 -> 242.89 | AG17: =VLOOKUP('Green+Social Interface'!$I$38,'Look-ups'!$A$15:$C$43,2,0)*285 -> 304.95
A18: 2025 | B18: =B17+0.025 -> 1.137 | C18: =C17+0.025 -> 1.17 | D18: 2 | I18: =CONCATENATE(J18,"-",K18,"-",L18) -> Regional City-Flat-4-bed | J18: Regional City | K18: Flat | L18: 4-bed | M18: 1.4642857 | O18: =CONCATENATE(P18,"-",Q18,"-",R18) -> Qld-Regional City-Flat | P18: Qld | Q18: Regional City | R18: Flat | S18: =ROUND(VLOOKUP('Green+Social Interface'!$I$38,'Look-ups'!$A$15:$C$43,3,0)*T18,0) -> 291 | T18: 270 | Y18: =CONCATENATE(Z18,"-",AA18,"-",AB18) -> QLD-Regional City-Lone Person | Z18: QLD | AA18: Regional City | AB18: Lone Person | AC18: =VLOOKUP('Green+Social Interface'!$I$38,'Look-ups'!$A$15:$C$43,2,0)*91 -> 97.37 | AD18: =VLOOKUP('Green+Social Interface'!$I$38,'Look-ups'!$A$15:$C$43,2,0)*129 -> 138.03 | AE18: =VLOOKUP('Green+Social Interface'!$I$38,'Look-ups'!$A$15:$C$43,2,0)*155 -> 165.85 | AF18: =VLOOKUP('Green+Social Interface'!$I$38,'Look-ups'!$A$15:$C$43,2,0)*190 -> 203.3 | AG18: =VLOOKUP('Green+Social Interface'!$I$38,'Look-ups'!$A$15:$C$43,2,0)*180 -> 192.6
A19: 2026 | B19: =B18+0.025 -> 1.162 | C19: =C18+0.025 -> 1.195 | D19: 2.5 | I19: =CONCATENATE(J19,"-",K19,"-",L19) -> Regional City-House-1-bed | J19: Regional City | K19: House | L19: 1-bed | M19: 0.66666667 | O19: =CONCATENATE(P19,"-",Q19,"-",R19) -> SA-Capital City-House | P19: SA | Q19: Capital City | R19: House | S19: =ROUND(VLOOKUP('Green+Social Interface'!$I$38,'Look-ups'!$A$15:$C$43,3,0)*T19,0) -> 310 | T19: 287.5 | U19: Adelaide Outer | Y19: =CONCATENATE(Z19,"-",AA19,"-",AB19) -> QLD-Regional City-Couple Only | Z19: QLD | AA19: Regional City | AB19: Couple Only | AC19: =VLOOKUP('Green+Social Interface'!$I$38,'Look-ups'!$A$15:$C$43,2,0)*146 -> 156.22 | AD19: =VLOOKUP('Green+Social Interface'!$I$38,'Look-ups'!$A$15:$C$43,2,0)*139 -> 148.73 | AE19: =VLOOKUP('Green+Social Interface'!$I$38,'Look-ups'!$A$15:$C$43,2,0)*157 -> 167.99 | AF19: =VLOOKUP('Green+Social Interface'!$I$38,'Look-ups'!$A$15:$C$43,2,0)*173 -> 185.11 | AG19: =VLOOKUP('Green+Social Interface'!$I$38,'Look-ups'!$A$15:$C$43,2,0)*217 -> 232.19
A20: 2027 | B20: =B19+0.025 -> 1.187 | C20: =C19+0.025 -> 1.22 | D20: 3 | I20: =CONCATENATE(J20,"-",K20,"-",L20) -> Regional City-House-2-bed | J20: Regional City | K20: House | L20: 2-bed | M20: 1 | O20: =CONCATENATE(P20,"-",Q20,"-",R20) -> SA-Capital City-Flat | P20: SA | Q20: Capital City | R20: Flat | S20: =ROUND(VLOOKUP('Green+Social Interface'!$I$38,'Look-ups'!$A$15:$C$43,3,0)*T20,0) -> 291 | T20: 270 | Y20: =CONCATENATE(Z20,"-",AA20,"-",AB20) -> SA-Capital City-Lone Person | Z20: SA | AA20: Capital City | AB20: Lone Person | AC20: =VLOOKUP('Green+Social Interface'!$I$38,'Look-ups'!$A$15:$C$43,2,0)*91 -> 97.37 | AD20: =VLOOKUP('Green+Social Interface'!$I$38,'Look-ups'!$A$15:$C$43,2,0)*129 -> 138.03 | AE20: =VLOOKUP('Green+Social Interface'!$I$38,'Look-ups'!$A$15:$C$43,2,0)*155 -> 165.85 | AF20: =VLOOKUP('Green+Social Interface'!$I$38,'Look-ups'!$A$15:$C$43,2,0)*190 -> 203.3 | AG20: =VLOOKUP('Green+Social Interface'!$I$38,'Look-ups'!$A$15:$C$43,2,0)*180 -> 192.6
A21: 2028 | B21: =B20+0.025 -> 1.212 | C21: =C20+0.025 -> 1.245 | D21: 3.5 | I21: =CONCATENATE(J21,"-",K21,"-",L21) -> Regional City-House-3-bed | J21: Regional City | K21: House | L21: 3-bed | M21: 1.1666667 | O21: =CONCATENATE(P21,"-",Q21,"-",R21) -> SA-Regional City-House | P21: SA | Q21: Regional City | R21: House | S21: =ROUND(VLOOKUP('Green+Social Interface'!$I$38,'Look-ups'!$A$15:$C$43,3,0)*T21,0) -> 174 | T21: 162 | U21: Mt. Gambier | Y21: =CONCATENATE(Z21,"-",AA21,"-",AB21) -> SA-Capital City-Couple Only | Z21: SA | AA21: Capital City | AB21: Couple Only | AC21: =VLOOKUP('Green+Social Interface'!$I$38,'Look-ups'!$A$15:$C$43,2,0)*146 -> 156.22 | AD21: =VLOOKUP('Green+Social Interface'!$I$38,'Look-ups'!$A$15:$C$43,2,0)*139 -> 148.73 | AE21: =VLOOKUP('Green+Social Interface'!$I$38,'Look-ups'!$A$15:$C$43,2,0)*157 -> 167.99 | AF21: =VLOOKUP('Green+Social Interface'!$I$38,'Look-ups'!$A$15:$C$43,2,0)*173 -> 185.11 | AG21: =VLOOKUP('Green+Social Interface'!$I$38,'Look-ups'!$A$15:$C$43,2,0)*217 -> 232.19
A22: 2029 | B22: =B21+0.025 -> 1.237 | C22: =C21+0.025 -> 1.27 | D22: 4 | I22: =CONCATENATE(J22,"-",K22,"-",L22) -> Regional City-House-4-bed | J22: Regional City | K22: House | L22: 4-bed | M22: 1.5 | O22: =CONCATENATE(P22,"-",Q22,"-",R22) -> SA-Regional City-Flat | P22: SA | Q22: Regional City | R22: Flat | S22: =ROUND(VLOOKUP('Green+Social Interface'!$I$38,'Look-ups'!$A$15:$C$43,3,0)*T22,0) -> 207 | T22: 192.5 | Y22: =CONCATENATE(Z22,"-",AA22,"-",AB22) -> SA-Regional City-Lone Person | Z22: SA | AA22: Regional City | AB22: Lone Person | AC22: =VLOOKUP('Green+Social Interface'!$I$38,'Look-ups'!$A$15:$C$43,2,0)*87 -> 93.09 | AD22: =VLOOKUP('Green+Social Interface'!$I$38,'Look-ups'!$A$15:$C$43,2,0)*125 -> 133.75 | AE22: =VLOOKUP('Green+Social Interface'!$I$38,'Look-ups'!$A$15:$C$43,2,0)*150 -> 160.5 | AF22: =VLOOKUP('Green+Social Interface'!$I$38,'Look-ups'!$A$15:$C$43,2,0)*183 -> 195.81 | AG22: =VLOOKUP('Green+Social Interface'!$I$38,'Look-ups'!$A$15:$C$43,2,0)*174 -> 186.18
A23: 2030 | B23: =B22+0.025 -> 1.262 | C23: =C22+0.025 -> 1.295 | D23: 4.5 | I23: =CONCATENATE(J23,"-",K23,"-",L23) -> Regional City-House-5-bed | J23: Regional City | K23: House | L23: 5-bed | M23: 1.6666667 | O23: =CONCATENATE(P23,"-",Q23,"-",R23) -> Tas-Capital City-House | P23: Tas | Q23: Capital City | R23: House | S23: =ROUND(VLOOKUP('Green+Social Interface'!$I$38,'Look-ups'!$A$15:$C$43,3,0)*T23,0) -> 420 | T23: 390 | U23: Hobart Outer | Y23: =CONCATENATE(Z23,"-",AA23,"-",AB23) -> SA-Regional City-Couple Only | Z23: SA | AA23: Regional City | AB23: Couple Only | AC23: =VLOOKUP('Green+Social Interface'!$I$38,'Look-ups'!$A$15:$C$43,2,0)*141 -> 150.87 | AD23: =VLOOKUP('Green+Social Interface'!$I$38,'Look-ups'!$A$15:$C$43,2,0)*134 -> 143.38 | AE23: =VLOOKUP('Green+Social Interface'!$I$38,'Look-ups'!$A$15:$C$43,2,0)*151 -> 161.57 | AF23: =VLOOKUP('Green+Social Interface'!$I$38,'Look-ups'!$A$15:$C$43,2,0)*167 -> 178.69 | AG23: =VLOOKUP('Green+Social Interface'!$I$38,'Look-ups'!$A$15:$C$43,2,0)*210 -> 224.7
A24: 2031 | B24: =B23+0.025 -> 1.287 | C24: =C23+0.025 -> 1.32 | D24: 5 | I24: =CONCATENATE(J24,"-",K24,"-",L24) -> Regional City-House-6-bed | J24: Regional City | K24: House | L24: 6-bed | M24: 1.8333333 | O24: =CONCATENATE(P24,"-",Q24,"-",R24) -> Tas-Capital City-Flat | P24: Tas | Q24: Capital City | R24: Flat | S24: =ROUND(VLOOKUP('Green+Social Interface'!$I$38,'Look-ups'!$A$15:$C$43,3,0)*T24,0) -> 425 | T24: 395 | Y24: =CONCATENATE(Z24,"-",AA24,"-",AB24) -> TAS-Capital City-Lone Person | Z24: TAS | AA24: Capital City | AB24: Lone Person | AC24: =VLOOKUP('Green+Social Interface'!$I$38,'Look-ups'!$A$15:$C$43,2,0)*86 -> 92.02 | AD24: =VLOOKUP('Green+Social Interface'!$I$38,'Look-ups'!$A$15:$C$43,2,0)*123 -> 131.61 | AE24: =VLOOKUP('Green+Social Interface'!$I$38,'Look-ups'!$A$15:$C$43,2,0)*147 -> 157.29 | AF24: =VLOOKUP('Green+Social Interface'!$I$38,'Look-ups'!$A$15:$C$43,2,0)*180 -> 192.6 | AG24: =VLOOKUP('Green+Social Interface'!$I$38,'Look-ups'!$A$15:$C$43,2,0)*171 -> 182.97
A25: 2032 | B25: =B24+0.025 -> 1.312 | C25: =C24+0.025 -> 1.345 | D25: 5.5 | O25: =CONCATENATE(P25,"-",Q25,"-",R25) -> Tas-Regional City-House | P25: Tas | Q25: Regional City | R25: House | S25: =ROUND(VLOOKUP('Green+Social Interface'!$I$38,'Look-ups'!$A$15:$C$43,3,0)*T25,0) -> 377 | T25: 350 | U25: Launceston | Y25: =CONCATENATE(Z25,"-",AA25,"-",AB25) -> TAS-Capital City-Couple Only | Z25: TAS | AA25: Capital City | AB25: Couple Only | AC25: =VLOOKUP('Green+Social Interface'!$I$38,'Look-ups'!$A$15:$C$43,2,0)*139 -> 148.73 | AD25: =VLOOKUP('Green+Social Interface'!$I$38,'Look-ups'!$A$15:$C$43,2,0)*131 -> 140.17 | AE25: =VLOOKUP('Green+Social Interface'!$I$38,'Look-ups'!$A$15:$C$43,2,0)*148 -> 158.36 | AF25: =VLOOKUP('Green+Social Interface'!$I$38,'Look-ups'!$A$15:$C$43,2,0)*164 -> 175.48 | AG25: =VLOOKUP('Green+Social Interface'!$I$38,'Look-ups'!$A$15:$C$43,2,0)*206 -> 220.42
A26: 2033 | B26: =B25+0.025 -> 1.337 | C26: =C25+0.025 -> 1.37 | D26: 6 | I26: Note: Based on the ratio of rental prices within Sydney using bond lodgements from 2021. For the capital city, inner-city bonds within 5km of postcode 2000 were excluded. | O26: =CONCATENATE(P26,"-",Q26,"-",R26) -> Tas-Regional City-Flat | P26: Tas | Q26: Regional City | R26: Flat | S26: =ROUND(VLOOKUP('Green+Social Interface'!$I$38,'Look-ups'!$A$15:$C$43,3,0)*T26,0) -> 334 | T26: 310 | Y26: =CONCATENATE(Z26,"-",AA26,"-",AB26) -> TAS-Regional City-Lone Person | Z26: TAS | AA26: Regional City | AB26: Lone Person | AC26: =VLOOKUP('Green+Social Interface'!$I$38,'Look-ups'!$A$15:$C$43,2,0)*130 -> 139.1 | AD26: =VLOOKUP('Green+Social Interface'!$I$38,'Look-ups'!$A$15:$C$43,2,0)*185 -> 197.95 | AE26: =VLOOKUP('Green+Social Interface'!$I$38,'Look-ups'!$A$15:$C$43,2,0)*222 -> 237.54 | AF26: =VLOOKUP('Green+Social Interface'!$I$38,'Look-ups'!$A$15:$C$43,2,0)*272 -> 291.04 | AG26: =VLOOKUP('Green+Social Interface'!$I$38,'Look-ups'!$A$15:$C$43,2,0)*258 -> 276.06
A27: 2034 | B27: =B26+0.025 -> 1.362 | C27: =C26+0.025 -> 1.395 | D27: 6.5 | O27: =CONCATENATE(P27,"-",Q27,"-",R27) -> Vic-Capital City-House | P27: Vic | Q27: Capital City | R27: House | S27: =ROUND(VLOOKUP('Green+Social Interface'!$I$38,'Look-ups'!$A$15:$C$43,3,0)*T27,0) -> 361 | T27: 335 | U27: Melbourne Outer | Y27: =CONCATENATE(Z27,"-",AA27,"-",AB27) -> TAS-Regional City-Couple Only | Z27: TAS | AA27: Regional City | AB27: Couple Only | AC27: =VLOOKUP('Green+Social Interface'!$I$38,'Look-ups'!$A$15:$C$43,2,0)*210 -> 224.7 | AD27: =VLOOKUP('Green+Social Interface'!$I$38,'Look-ups'!$A$15:$C$43,2,0)*198 -> 211.86 | AE27: =VLOOKUP('Green+Social Interface'!$I$38,'Look-ups'!$A$15:$C$43,2,0)*224 -> 239.68 | AF27: =VLOOKUP('Green+Social Interface'!$I$38,'Look-ups'!$A$15:$C$43,2,0)*248 -> 265.36 | AG27: =VLOOKUP('Green+Social Interface'!$I$38,'Look-ups'!$A$15:$C$43,2,0)*311 -> 332.77
A28: 2035 | B28: =B27+0.025 -> 1.387 | C28: =C27+0.025 -> 1.42 | D28: 7 | O28: =CONCATENATE(P28,"-",Q28,"-",R28) -> Vic-Capital City-Flat | P28: Vic | Q28: Capital City | R28: Flat | S28: =ROUND(VLOOKUP('Green+Social Interface'!$I$38,'Look-ups'!$A$15:$C$43,3,0)*T28,0) -> 345 | T28: 320 | Y28: =CONCATENATE(Z28,"-",AA28,"-",AB28) -> VIC-Capital City-Lone Person | Z28: VIC | AA28: Capital City | AB28: Lone Person | AC28: =VLOOKUP('Green+Social Interface'!$I$38,'Look-ups'!$A$15:$C$43,2,0)*108 -> 115.56 | AD28: =VLOOKUP('Green+Social Interface'!$I$38,'Look-ups'!$A$15:$C$43,2,0)*155 -> 165.85 | AE28: =VLOOKUP('Green+Social Interface'!$I$38,'Look-ups'!$A$15:$C$43,2,0)*186 -> 199.02 | AF28: =VLOOKUP('Green+Social Interface'!$I$38,'Look-ups'!$A$15:$C$43,2,0)*227 -> 242.89 | AG28: =VLOOKUP('Green+Social Interface'!$I$38,'Look-ups'!$A$15:$C$43,2,0)*216 -> 231.12
A29: 2036 | B29: =B28+0.025 -> 1.412 | C29: =C28+0.025 -> 1.445 | D29: 7.5 | O29: =CONCATENATE(P29,"-",Q29,"-",R29) -> Vic-Regional City-House | P29: Vic | Q29: Regional City | R29: House | S29: =ROUND(VLOOKUP('Green+Social Interface'!$I$38,'Look-ups'!$A$15:$C$43,3,0)*T29,0) -> 312 | T29: 290 | U29: Ballarat | Y29: =CONCATENATE(Z29,"-",AA29,"-",AB29) -> VIC-Capital City-Couple Only | Z29: VIC | AA29: Capital City | AB29: Couple Only | AC29: =VLOOKUP('Green+Social Interface'!$I$38,'Look-ups'!$A$15:$C$43,2,0)*175 -> 187.25 | AD29: =VLOOKUP('Green+Social Interface'!$I$38,'Look-ups'!$A$15:$C$43,2,0)*166 -> 177.62 | AE29: =VLOOKUP('Green+Social Interface'!$I$38,'Look-ups'!$A$15:$C$43,2,0)*188 -> 201.16 | AF29: =VLOOKUP('Green+Social Interface'!$I$38,'Look-ups'!$A$15:$C$43,2,0)*208 -> 222.56 | AG29: =VLOOKUP('Green+Social Interface'!$I$38,'Look-ups'!$A$15:$C$43,2,0)*261 -> 279.27
A30: 2037 | B30: =B29+0.025 -> 1.437 | C30: =C29+0.025 -> 1.47 | D30: 8 | O30: =CONCATENATE(P30,"-",Q30,"-",R30) -> Vic-Regional City-Flat | P30: Vic | Q30: Regional City | R30: Flat | S30: =ROUND(VLOOKUP('Green+Social Interface'!$I$38,'Look-ups'!$A$15:$C$43,3,0)*T30,0) -> 280 | T30: 260 | Y30: =CONCATENATE(Z30,"-",AA30,"-",AB30) -> VIC-Regional City-Lone Person | Z30: VIC | AA30: Regional City | AB30: Lone Person | AC30: =VLOOKUP('Green+Social Interface'!$I$38,'Look-ups'!$A$15:$C$43,2,0)*88 -> 94.16 | AD30: =VLOOKUP('Green+Social Interface'!$I$38,'Look-ups'!$A$15:$C$43,2,0)*126 -> 134.82 | AE30: =VLOOKUP('Green+Social Interface'!$I$38,'Look-ups'!$A$15:$C$43,2,0)*151 -> 161.57 | AF30: =VLOOKUP('Green+Social Interface'!$I$38,'Look-ups'!$A$15:$C$43,2,0)*185 -> 197.95 | AG30: =VLOOKUP('Green+Social Interface'!$I$38,'Look-ups'!$A$15:$C$43,2,0)*176 -> 188.32
A31: 2038 | B31: =B30+0.025 -> 1.462 | C31: =C30+0.025 -> 1.495 | D31: 8.5 | O31: =CONCATENATE(P31,"-",Q31,"-",R31) -> WA-Capital City-House | P31: WA | Q31: Capital City | R31: House | S31: =ROUND(VLOOKUP('Green+Social Interface'!$I$38,'Look-ups'!$A$15:$C$43,3,0)*T31,0) -> 409 | T31: 380 | U31: Perth Outer (Don't specify by specific size) | Y31: =CONCATENATE(Z31,"-",AA31,"-",AB31) -> VIC-Regional City-Couple Only | Z31: VIC | AA31: Regional City | AB31: Couple Only | AC31: =VLOOKUP('Green+Social Interface'!$I$38,'Look-ups'!$A$15:$C$43,2,0)*143 -> 153.01 | AD31: =VLOOKUP('Green+Social Interface'!$I$38,'Look-ups'!$A$15:$C$43,2,0)*135 -> 144.45 | AE31: =VLOOKUP('Green+Social Interface'!$I$38,'Look-ups'!$A$15:$C$43,2,0)*153 -> 163.71 | AF31: =VLOOKUP('Green+Social Interface'!$I$38,'Look-ups'!$A$15:$C$43,2,0)*169 -> 180.83 | AG31: =VLOOKUP('Green+Social Interface'!$I$38,'Look-ups'!$A$15:$C$43,2,0)*212 -> 226.84
A32: 2039 | B32: =B31+0.025 -> 1.487 | C32: =C31+0.025 -> 1.52 | D32: 9 | O32: =CONCATENATE(P32,"-",Q32,"-",R32) -> WA-Capital City-Flat | P32: WA | Q32: Capital City | R32: Flat | S32: =ROUND(VLOOKUP('Green+Social Interface'!$I$38,'Look-ups'!$A$15:$C$43,3,0)*T32,0) -> 323 | T32: 300 | Y32: =CONCATENATE(Z32,"-",AA32,"-",AB32) -> WA-Capital City-Lone Person | Z32: WA | AA32: Capital City | AB32: Lone Person | AC32: =VLOOKUP('Green+Social Interface'!$I$38,'Look-ups'!$A$15:$C$43,2,0)*99 -> 105.93 | AD32: =VLOOKUP('Green+Social Interface'!$I$38,'Look-ups'!$A$15:$C$43,2,0)*142 -> 151.94 | AE32: =VLOOKUP('Green+Social Interface'!$I$38,'Look-ups'!$A$15:$C$43,2,0)*170 -> 181.9 | AF32: =VLOOKUP('Green+Social Interface'!$I$38,'Look-ups'!$A$15:$C$43,2,0)*208 -> 222.56 | AG32: =VLOOKUP('Green+Social Interface'!$I$38,'Look-ups'!$A$15:$C$43,2,0)*197 -> 210.79
A33: 2040 | B33: =B32+0.025 -> 1.512 | C33: =C32+0.025 -> 1.545 | D33: 9.5 | O33: =CONCATENATE(P33,"-",Q33,"-",R33) -> WA-Regional City-House | P33: WA | Q33: Regional City | R33: House | S33: =ROUND(VLOOKUP('Green+Social Interface'!$I$38,'Look-ups'!$A$15:$C$43,3,0)*T33,0) -> 385 | T33: 357.5 | U33: Albany (Don't specify by specific size) | Y33: =CONCATENATE(Z33,"-",AA33,"-",AB33) -> WA-Capital City-Couple Only | Z33: WA | AA33: Capital City | AB33: Couple Only | AC33: =VLOOKUP('Green+Social Interface'!$I$38,'Look-ups'!$A$15:$C$43,2,0)*160 -> 171.2 | AD33: =VLOOKUP('Green+Social Interface'!$I$38,'Look-ups'!$A$15:$C$43,2,0)*152 -> 162.64 | AE33: =VLOOKUP('Green+Social Interface'!$I$38,'Look-ups'!$A$15:$C$43,2,0)*171 -> 182.97 | AF33: =VLOOKUP('Green+Social Interface'!$I$38,'Look-ups'!$A$15:$C$43,2,0)*190 -> 203.3 | AG33: =VLOOKUP('Green+Social Interface'!$I$38,'Look-ups'!$A$15:$C$43,2,0)*238 -> 254.66
A34: 2041 | B34: =B33+0.025 -> 1.537 | C34: =C33+0.025 -> 1.57 | D34: 10 | O34: =CONCATENATE(P34,"-",Q34,"-",R34) -> WA-Regional City-Flat | P34: WA | Q34: Regional City | R34: Flat | S34: =ROUND(VLOOKUP('Green+Social Interface'!$I$38,'Look-ups'!$A$15:$C$43,3,0)*T34,0) -> 345 | T34: 320 | Y34: =CONCATENATE(Z34,"-",AA34,"-",AB34) -> WA-Regional City-Lone Person | Z34: WA | AA34: Regional City | AB34: Lone Person | AC34: =VLOOKUP('Green+Social Interface'!$I$38,'Look-ups'!$A$15:$C$43,2,0)*101 -> 108.07 | AD34: =VLOOKUP('Green+Social Interface'!$I$38,'Look-ups'!$A$15:$C$43,2,0)*145 -> 155.15 | AE34: =VLOOKUP('Green+Social Interface'!$I$38,'Look-ups'!$A$15:$C$43,2,0)*174 -> 186.18 | AF34: =VLOOKUP('Green+Social Interface'!$I$38,'Look-ups'!$A$15:$C$43,2,0)*213 -> 227.91 | AG34: =VLOOKUP('Green+Social Interface'!$I$38,'Look-ups'!$A$15:$C$43,2,0)*202 -> 216.14
A35: 2042 | B35: =B34+0.025 -> 1.562 | C35: =C34+0.025 -> 1.595 | Y35: =CONCATENATE(Z35,"-",AA35,"-",AB35) -> WA-Regional City-Couple Only | Z35: WA | AA35: Regional City | AB35: Couple Only | AC35: =VLOOKUP('Green+Social Interface'!$I$38,'Look-ups'!$A$15:$C$43,2,0)*164 -> 175.48 | AD35: =VLOOKUP('Green+Social Interface'!$I$38,'Look-ups'!$A$15:$C$43,2,0)*155 -> 165.85 | AE35: =VLOOKUP('Green+Social Interface'!$I$38,'Look-ups'!$A$15:$C$43,2,0)*175 -> 187.25 | AF35: =VLOOKUP('Green+Social Interface'!$I$38,'Look-ups'!$A$15:$C$43,2,0)*194 -> 207.58 | AG35: =VLOOKUP('Green+Social Interface'!$I$38,'Look-ups'!$A$15:$C$43,2,0)*244 -> 261.08
A36: 2043 | B36: =B35+0.025 -> 1.587 | C36: =C35+0.025 -> 1.62 | O36: Note: Bottom Quantile rents were based on 2-bedroom houses and flats as found within the March 2022 quarter REIA Real Estate Market Facts
A37: 2044 | B37: =B36+0.025 -> 1.612 | C37: =C36+0.025 -> 1.645
A38: 2045 | B38: =B37+0.025 -> 1.637 | C38: =C37+0.025 -> 1.67
A39: 2046 | B39: =B38+0.025 -> 1.662 | C39: =C38+0.025 -> 1.695
A40: 2047 | B40: =B39+0.025 -> 1.687 | C40: =C39+0.025 -> 1.72
A41: 2048 | B41: =B40+0.025 -> 1.712 | C41: =C40+0.025 -> 1.745
A42: 2049 | B42: =B41+0.025 -> 1.737 | C42: =C41+0.025 -> 1.77
A43: 2050 | B43: =B42+0.025 -> 1.762 | C43: =C42+0.025 -> 1.795
B44: Based on CPI: https://www.abs.gov.au/statistics/economy/price-indexes-and-inflation/consumer-price-index-australia/jun-quarter-2023 | C44: Based on rent component of CPI: https://www.abs.gov.au/statistics/economy/price-indexes-and-inflation/consumer-price-index-australia/jun-quarter-2023
A46: ENVIRONMENTAL MODULE | I46: ENVIRONMENTAL MODULE | O46: ENVIRONMENTAL MODULE | V46: ENVIRONMENTAL MODULE
C47: Energy Rating (stars) - NatHERS Star Band Criteria (Energy Loads [thermal] in MJ/m2.annum)
B48: 0.5 | D48: 1 | F48: 1.5 | H48: 2 | J48: 2.5 | L48: 3 | N48: 3.5 | P48: 4 | R48: 4.5 | T48: 5 | V48: 5.5 | X48: 6 | Z48: 6.5 | AB48: 7 | AD48: 7.5 | AF48: 8 | AH48: 8.5 | AJ48: 9 | AL48: 9.5 | AN48: 10
A49: CZ | B49: Heat | C49: Cool | D49: Heat | E49: Cool | F49: Heat | G49: Cool | H49: Heat | I49: Cool | J49: Heat | K49: Cool | L49: Heat | M49: Cool | N49: Heat | O49: Cool | P49: Heat | Q49: Cool | R49: Heat | S49: Cool | T49: Heat | U49: Cool | V49: Heat | W49: Cool | X49: Heat | Y49: Cool | Z49: Heat | AA49: Cool | AB49: Heat | AC49: Cool | AD49: Heat | AE49: Cool | AF49: Heat | AG49: Cool | AH49: Heat | AI49: Cool | AJ49: Heat | AK49: Cool | AL49: Heat | AM49: Cool | AN49: Heat | AO49: Cool
A50: 1 | D50: 0 | E50: 741 | F50: 0 | G50: 683.5 | H50: 0 | I50: 626 | J50: 0 | K50: 580.5 | L50: 0 | M50: 535 | N50: 0 | O50: 482.5 | P50: 0 | Q50: 430 | R50: 0 | S50: 414.5 | T50: 0 | U50: 399 | V50: 0 | W50: 369.5 | X50: 0 | Y50: 340 | Z50: 0 | AA50: 319 | AB50: 0 | AC50: 298 | AD50: 0 | AE50: 277.5 | AF50: 0 | AG50: 257 | AH50: 0 | AI50: 238 | AJ50: 0 | AK50: 219 | AL50: 0 | AM50: 204.5 | AN50: 0 | AO50: 190
A51: 2 | D51: 0.71692796 | E51: 578.28307 | F51: 0.65811262 | G51: 530.84189 | H51: 0.59929729 | I51: 483.4007 | J51: 0.5503877 | K51: 443.94961 | L51: 0.5014781 | M51: 404.49852 | N51: 0.44204366 | O51: 356.55796 | P51: 0.38260922 | Q51: 308.61739 | R51: 0.36527417 | S51: 294.63473 | T51: 0.34793913 | U51: 280.65206 | V51: 0.31822191 | W51: 256.68178 | X51: 0.28850469 | Y51: 232.7115 | Z51: 0.26621677 | AA51: 214.73378 | AB51: 0.24392886 | AC51: 196.75607 | AD51: 0.22287916 | AE51: 179.77712 | AF51: 0.20182946 | AG51: 162.79817 | AH51: 0.18201798 | AI51: 146.81798 | AJ51: 0.1622065 | AK51: 130.83779 | AL51: 0.14610967 | AM51: 117.85389 | AN51: 0.13001284 | AO51: 104.86999
A52: 3 | D52: 28.898599 | E52: 440.1014 | F52: 25.478829 | G52: 388.02117 | H52: 22.059059 | I52: 335.94094 | J52: 19.193846 | K52: 292.30615 | L52: 16.328633 | M52: 248.67137 | N52: 13.432611 | O52: 204.56739 | P52: 10.536589 | Q52: 160.46341 | R52: 9.8587971 | S52: 150.1412 | T52: 9.1810048 | U52: 139.819 | V52: 8.3491688 | W52: 127.15083 | X52: 7.5173328 | Y52: 114.48267 | Z52: 6.7163055 | AA52: 102.28369 | AB52: 5.9152783 | AC52: 90.084722 | AD52: 5.1450597 | AE52: 78.35494 | AF52: 4.3748412 | AG52: 66.625159 | AH52: 3.6662402 | AI52: 55.83376 | AJ52: 2.9576391 | AK52: 45.042361 | AL52: 2.3722731 | AM52: 36.127727 | AN52: 1.786907 | AO52: 27.213093
A53: 4 | D53: 6.4749459 | E53: 182.52505 | F53: 5.7212485 | G53: 161.27875 | H53: 4.9675511 | I53: 140.03245 | J53: 4.4194075 | K53: 124.58059 | L53: 3.871264 | M53: 109.12874 | N53: 3.2888614 | O53: 92.711139 | P53: 2.7064589 | Q53: 76.293541 | R53: 2.5522935 | S53: 71.947707 | T53: 2.3981281 | U53: 67.601872 | V53: 2.1411858 | W53: 60.358814 | X53: 1.8842435 | Y53: 53.115756 | Z53: 1.7129487 | AA53: 48.287051 | AB53: 1.5416538 | AC53: 43.458346 | AD53: 1.3874884 | AE53: 39.112512 | AF53: 1.233323 | AG53: 34.766677 | AH53: 1.1134166 | AI53: 31.386583 | AJ53: 0.99351022 | AK53: 28.00649 | AL53: 0.87360381 | AM53: 24.626396 | AN53: 0.75369741 | AO53: 21.246303
